Workbook

Sheet MASTER
A1: # | B1: Labels
A2: Intro | B2: Thank you for participating in this survey. It will take approximately 15 minutes to complete. There are no right or wrong answers; please tell us your open and honest opinion. Your confidentiality is assured and all responses will be analysed in aggregate and not individually. By continuing, you confirm that you have read the above and agree to participate in this research survey. Your responses will be processed anonymously and together with those of other participants for research purposes, in line with GDPR. You can reach contact@bellegarde.co to access or erase your data. When you are ready to move on to the next page, click the “Continue” button located at the bottom of the page.
A3: Q1 | B3: How old are you?
B4: [Number]
A5: Q2 | B5: Including yourself, how many people live in your household?
B6: [Number]
B7: [IF Q1>1]
A8: Q2a | B8: How many of them are under 18 years old?
B9: [Number]
A10: Q3 | B10: How many of the following items did you personally buy, over the last 12 months? Take your time. These items are easy to forget: a cable in a drawer, a small gadget on a desk, a quick buy at a checkout, a gift you received or gave, something bought online… Think about the places where you could keep them: drawers, bags, a car, a kitchen, a desk, a bathroom… [grid question]
A11: Q3a | B11: Charging and lighting devices under €10: chargers, adapters, charging cables (USB-A, USB-C, lightning, micro-USB…), LED strips and light bulbs, clip-on and small desk lamps, decorative and garden lights…
A12: Q3b | B12: “High-tech” under €20: Bluetooth or wired audio devices (earphones/headphones, speakers…), power banks, wearables and fitness trackers (like smart bands and smartwatches), PC accessories (USB drives or hubs, mice, keyboards, webcams…), game controllers…
A13: Q3c | B13: Gadgets and lifestyle items under €20: mini fans and diffusers, desktop gadgets, electronic toys (handheld consoles, fidget toys, RC cars…), cooking appliances (milk frother, mini blender, cookers…), body and skin devices (mini massager, travel razor or electric toothbrush…), home devices (alarms, cameras, smart sensors, bug zapper), pet gadgets (laser toys, auto feeder or water fountain…)
B14: · None · 1 · 2 to 5 · 6 to 9 · 10 to 19 · 20 or more
A15: Q4 | B15: How many of the following items are currently in your household (regardless of who bought them or when)? Think room by room: your kitchen (cookware, small appliances), your bedroom (chargers, sleep gadgets), your bathroom (grooming devices), your desk and bag (cables, accessories, headphones), your living room (remotes, lights), your car, your entryway. Don't forget items in drawers, boxes or that you haven't used in a while… [grid question]
A16: Q4a | B16: Charging and lighting devices under €10 (ex: chargers, adapters, charging cables, LED strips and light bulbs, decorative and garden lights…)
A17: Q4b | B17: “High-tech” under €20 (ex: Bluetooth or wired audio devices, power banks, wearables and fitness trackers, PC accessories, game controllers…)
A18: Q4c | B18: Gadgets and lifestyle items under €20 (ex: mini fans and diffusers, desktop gadgets, electronic toys, cooking appliances, body and skin devices, home or pet gadgets…)
A19: Q4d | B19: Disposable single-use e-vapes
B20: · None · 1 · 2 to 5 · 6 to 9 · 10 to 19 · 20 or more"
B21: [IF Q3a, Q3b or Q3c is not “NONE”, jump to Q7]
A22: Q5 | B22: Have you ever bought small and inexpensive electronic devices?
B23: · Yes, quite often [jump to Q7] · Yes, occasionally [jump to Q7] · Yes, once [jump to Q7] · No, never [go to Q6]
B24: [IF Q5 = “Yes,…”, jump to Q7]
A25: Q6 | B25: Which of these describe why you have never bought any small and inexpensive electronic device? (Select all that apply)
B26: · I don’t know where to buy them · I don’t need them or I already own similar items · I prefer higher-quality, longer-lasting alternatives · Because of their impact on the environment · Because of their social impact (e.g., working conditions of the workers) · Someone else buys electronic devices at home · I don’t know · Other: ____
A27: Q7 | B27: How often do you come across small and inexpensive electronic devices? (At work, at friends’, in shops, on the web or social media…)
B28: · Everyday · At least once a week · At least once a month · Few times a year · Less or never
B29: [IF Q3a, Q3b OR Q3c is not “NONE”, go to Q8, IF Q3a, Q3b AND Q3c are “NONE” AND Q5 = “YES…”, jump to Q10, IF Q3a, Q3b AND Q3c are “NONE” AND Q5 = “No, never”, jump to Q22]
B30: [CREATE Items categories A and B: for each Q3a, Q3b, Q3c > 0 ; pick max 2, random]
A31: Instruction | B31: Now, we are going to talk about the small and inexpensive electronic devices you’ve used or still use. If you have multiple devices from the same category, consider the one you bought most recently.
A32: Q8 | B32: Let’s talk about the most recent [Category A] you bought.
B33: [Shortlist = categories A and B]
A34: Q8a | B34: Did you intend to buy it?
B35: · I intended to buy it · It was not planned
A36: Q8b | B36: Why did you buy it? (Select all that apply)
B37: · For work, study or everyday use · As a temporary replacement (for one I forgot or that broke) · I wanted a newer version · As a spare device · I bought it even though I didn't really need it (ex: for fun, to try it…) · It was a gift for someone else · There was no other product / no other choice · Other: ____
A38: Q9 | B38: Now, about the most recent [Category B] you bought.
B39: [Shortlist = categories A and B]
A40: Q9a | B40: Did you intend to buy it?
B41: · I intended to buy it · It was not planned
A42: Q9b | B42: Why did you buy it? (Select all that apply)
B43: · For work, study or everyday use · As a temporary replacement (for one I forgot or that broke) · I wanted a newer version · As a spare device · I bought it even though I didn't really need it (ex: for fun, to try it…) · It was a gift for someone else · There was no other product / no other choice · Other: ____
B44: [General question not specific to the randomly selected categories A and B]
A45: Q10 | B45: Generally speaking, what makes you buy small and inexpensive electronic devices rather than more expensive alternatives? (Select all that apply).
B46: · They are more affordable · They are the only available option · They are easily available or showcased · I read positive reviews about them · Promotions or special deals · People I trust recommend them · I see them in ads or on social media · Curiosity, for fun, or trying something new · I don’t know · Other: ____
A47: Q11 | B47: Where do you usually get your small and inexpensive electronic devices (no matter the category)? (Select all that apply)
B48: · On the brand’s website · Online stores, marketplaces, social media · Tobacconist, convenience store · Physical stores, outdoor stall, market store · At the airport or a train station · As gifts, professional giveaways or merch · Second hand platform · I don’t remember · Other: ____
B49: [IF Q3a, Q3b AND Q3c are “NONE” AND Q5 = “Yes…”, jump to Q13]
A50: Q12 | B50: Among all the small and inexpensive electronic devices you’ve bought during the last 12 months, how many do you still personally use today?
B51: · None · 1 · 2 to 5 · 6 to 9 · 10 to 19 · 20 or more
A52: Q13 | B52: Think about the small and inexpensive electronic devices you’ve ever had (excluding disposable e-cigarettes). What is the shortest period of time you have used one of them before discarding it?
B53: · I got rid of it without ever using it · Single-use · Less than a week · Less than a month · 1 to 6 months · 6 to 12 months · 12 months or more · I don’t know / don’t remember
A54: Q14 | B54: Over the last 12 months, how many of the following items have you personally disposed of? Take your time. Disposal happens in many ways and is easily overlooked: a broken cable tossed in the bin, a device that stopped working and was thrown out, an item given to a friend or family member, something sold or donated, items left behind during a move or a deep clean. Also think about replacements: when you got a new device, what happened to the old one? [Grid question]
A55: Q14a | B55: Charging and lighting devices under €10 (ex: chargers, adapters, charging cables, LED strips and light bulbs, decorative and garden lights…)
A56: Q14b | B56: “High-tech” under €20? (ex: Bluetooth or wired audio devices, power banks, wearables and fitness trackers, PC accessories, game controllers…)
A57: Q14c | B57: Gadget and lifestyle items under €20? (ex: mini fans and diffusers, desktop gadgets, electronic toys, cooking appliances, body and skin devices, home or pet gadgets…)
A58: Q14d | B58: Disposable single-use e-vapes?
B59: · None · 1 · 2 to 5 · 6 to 9 · 10 to 19 · 20 or more
B60: [IF Q5 = “Yes,…”, AND Q14a, Q14b AND Q14c = “NONE”, jump to Q16]
A61: Q15 | B61: What are the main reasons why you stopped using your small and inexpensive electronic devices? (Up to 2 answers)
B62: · They’re intended for single use · They broke or became defective · They stopped working, although physically okay · They became dangerous · They were outdated, out of fashion or obsolete · I didn’t need them any more (replaced or no use of it) · I lost them · Other: ____
A63: Q16 | B63: Thinking about all the devices you have stopped using, what have you done with them?
B64: · I kept them (at home, attic, basement, secondary home…) · I threw them in general household waste · I threw them in the plastic waste bin · I threw them in a street bin · I brought them to a recycling centre / municipal waste facility · I brought them to a recycling point in a store · I gave them away or donated · I sold them · I don’t remember · Other: ____
A65: Q17 | B65: Why did you choose this or these solutions? (Select all that apply)
B66: · It’s the easiest solution · It’s closest to home · It’s what I usually do with this kind of waste · I did it to protect the environment · It’s what my family and friends do with that kind of waste · I didn’t really think about it · I didn’t know where else to put it · Other: ____
A67: Q18 | B67: Overall, thinking back on the small and inexpensive devices you used, you would say you are:
B68: · Very dissatisfied · Dissatisfied · Neither satisfied nor dissatisfied · Satisfied · Very satisfied
A69: Q19 | B69: When you bought those small and inexpensive devices, would you have been willing to pay more for similar items that you could use over a longer time period?
B70: · No · Yes, for some of them · Yes, for most of them · Yes, for all of them
A71: Q20 | B71: If you had to replace a small and inexpensive electronic device that broke, you would…
B72: · Buy the exact same small and inexpensive model · Buy another small and inexpensive device · Buy a more expensive one · Choose not to replace it · Other: ____
A73: Q21 | B73: Globally, would you say that your small and inexpensive electronic devices:
A74: Q21a | B74: · Have a shorter lifespan than you expected · Have the lifespan you expected · Have a longer lifespan than you expected
A75: Q21b | B75: · Are of lower quality than you expected · Are of the quality you expected · Are of higher quality than you expected
A76: Q22 | B76: Compared to more expensive alternatives, you would say that small and inexpensive electronic devices tend to:
A77: Q22a | B77: · Be less harmful to the environment · Be equally harmful to the environment · Be more harmful to the environment
A78: Q22b | B78: · Have a shorter lifespan · Have a similar lifespan · Have a greater lifespan
A79: Q23 | B79: Regarding buying small and inexpensive electronic devices…
A80: Q23a | B80: You are…
B81: · Completely unfavourable · Rather unfavourable · Neither favourable nor unfavourable · Rather favourable · Completely favourable
A82: Q23b | B82: People important to you would…
B83: · Completely disapprove · Rather disapprove · Neither approve nor disapprove · Rather approve · Completely approve
A84: Q24 | B84: Do you think that more or fewer people buy small and inexpensive electronic devices over time?
B85: · Far fewer people · Fewer people · The same number · More people · Far more people
A86: Q25 | B86: Over the next 12 months, do you intend to buy more, fewer or the same number of small and inexpensive electronic devices?
B87: · Much more · More · The same · Less · Much less · I intend to stop
A88: Q26 | B88: What do you think about the following statements? [grid question]
A89: Q26a | B89: Consumers should buy fewer small and inexpensive electronic devices.
A90: Q26b | B90: Governments should more strictly regulate the sale of small and inexpensive electronic devices.
B91: · I completely disagree · I disagree · I neither agree nor disagree · I agree · I completely agree
A92: Q27 | B92: Did you know that online platforms selling electronic devices are legally required to contribute financially to the collection and recycling of electronic waste?
B93: · Yes, I knew this · No, I didn't know this · I heard of it but didn't know the details
A94: Q28 | B94: Before taking this questionnaire, were you aware that these small and inexpensive electronic devices contain electronic parts?
B95: · Yes · No
A96: Q29 | B96: How would you define yourself?
B97: · Male · Female · Non binary · Other · Prefer not to say
A98: Q30 | B98: What is your highest diploma?
B99: · No formal education / Primary school · Secondary school / High school · College Undergraduate · Bachelor or equivalent · Master or equivalent / Doctorate, Ph.D. or equivalent · Prefer not to say
A100: Q31 | B100: What’s your employment status?
...

Sheet Translation-all
A1: Resource | B1: Primary Language - Collapsed | C1: 260595_french_belgium | D1: 260595_dutch_belgium | E1: 260595_dutch | F1: 260595_french_belgium.xls | G1: 260595_french_ch.xls | H1: 260595_french.xls | I1: 260595_german_ch.xls | J1: 260595_greek.xls | K1: 260595_norwegian.xls | L1: 260595_polish.xls | M1: 260595_portuguese.xls | N1: 260595_romanian.xls | O1: 260595_spanish.xls
A2: general,name | B2: Survey | C2: Enquête | D2: Enquête | E2: Enquête | F2: Enquête | G2: Enquête | H2: Enquête | I2: Umfrage | J2: Έρευνα | K2: Undersøkelse | L2: Ankieta | M2: Inquérito | N2: Sondaj | O2: Encuesta
A3: defresErrOeOrder,cdata | B3: Please make sure you enter your responses in consecutive order | C3: Veuillez vous assurer de saisir vos réponses dans l’ordre | D3: Zorg ervoor dat u uw antwoorden in de juiste volgorde invoert | E3: Zorg ervoor dat u uw antwoorden in de juiste volgorde invoert | F3: Veuillez vous assurer de saisir vos réponses dans l’ordre | G3: Veuillez vous assurer de saisir vos réponses dans l’ordre | H3: Veuillez vous assurer de saisir vos réponses dans l’ordre | I3: Bitte stellen Sie sicher, dass Sie Ihre Antworten in der richtigen Reihenfolge eingeben | J3: Βεβαιωθείτε ότι καταχωρείτε τις απαντήσεις σας με τη σειρά | K3: Sørg for at du legger inn svarene dine i riktig rekkefølge | L3: Upewnij się, że wprowadzasz odpowiedzi w kolejności | M3: Certifique-se de que introduz as suas respostas pela ordem correta | N3: Asigurați-vă că introduceți răspunsurile în ordine | O3: Asegúrese de introducir sus respuestas en orden
A4: defresSC,cdata | B4: Select one | C4: Sélectionnez une option | D4: Selecteer er één | E4: Selecteer er één | F4: Sélectionnez une option | G4: Sélectionnez une option | H4: Sélectionnez une option | I4: Wählen Sie eine Option | J4: Επιλέξτε ένα | K4: Velg ett | L4: Wybierz jedną opcję | M4: Selecione uma opção | N4: Selectați o opțiune | O4: Seleccione una opción
A5: defresMC,cdata | B5: Select all that apply | C5: Plusieurs réponses possibles | D5: Meerdere antwoorden mogelijk | E5: Meerdere antwoorden mogelijk | F5: Plusieurs réponses possibles | G5: Plusieurs réponses possibles | H5: Plusieurs réponses possibles | I5: Mehrere Antworten möglich | J5: Επιλέξτε όσα ισχύουν | K5: Velg alle som passer | L5: Wybierz wszystkie pasujące | M5: Selecione todas as opções aplicáveis | N5: Selectați toate opțiunile aplicabile | O5: Seleccione todas las que correspondan
A6: defresSCgridRow,cdata | B6: Select one in each row | C6: Sélectionnez une réponse par ligne | D6: Selecteer één antwoord per rij | E6: Selecteer één antwoord per rij | F6: Sélectionnez une réponse par ligne | G6: Sélectionnez une réponse par ligne | H6: Sélectionnez une réponse par ligne | I6: Wählen Sie eine Antwort pro Zeile | J6: Επιλέξτε μία απάντηση σε κάθε γραμμή | K6: Velg ett svar i hver rad | L6: Wybierz jedną odpowiedź w każdym wierszu | M6: Selecione uma resposta em cada linha | N6: Selectați un răspuns pe fiecare rând | O6: Seleccione una respuesta en cada fila
A7: defresSCgridCol,cdata | B7: Select one per column | C7: Veuillez sélectionner une réponse par colonne | D7: Selecteer één antwoord per kolom | E7: Selecteer één antwoord per kolom | F7: Veuillez sélectionner une réponse par colonne | G7: Veuillez sélectionner une réponse par colonne | H7: Veuillez sélectionner une réponse par colonne | I7: Wählen Sie eine Antwort pro Spalte | J7: Επιλέξτε μία απάντηση ανά στήλη | K7: Velg ett svar per kolonne | L7: Wybierz jedną odpowiedź w każdej kolumnie | M7: Selecione uma resposta por coluna | N7: Selectați un răspuns pe fiecare coloană | O7: Seleccione una respuesta por columna
A8: defresMCgridRow,cdata | B8: Select all that apply per row | C8: Vous pouvez sélectionner plusieurs réponses par ligne | D8: Meerdere antwoorden mogelijk per rij | E8: Meerdere antwoorden mogelijk per rij | F8: Vous pouvez sélectionner plusieurs réponses par ligne | G8: Vous pouvez sélectionner plusieurs réponses par ligne | H8: Vous pouvez sélectionner plusieurs réponses par ligne | I8: Mehrere Antworten pro Zeile möglich | J8: Επιλέξτε όσα ισχύουν σε κάθε γραμμή | K8: Velg alle som passer i hver rad | L8: Wybierz wszystkie pasujące w każdym wierszu | M8: Selecione todas as opções aplicáveis em cada linha | N8: Selectați toate opțiunile aplicabile pe fiecare rând | O8: Seleccione todas las que correspondan en cada fila
A9: defresMCgridCol,cdata | B9: Select all that apply per column | C9: Choisissez toutes les réponses possibles pour chaque colonne | D9: Meerdere antwoorden mogelijk per kolom | E9: Meerdere antwoorden mogelijk per kolom | F9: Choisissez toutes les réponses possibles pour chaque colonne | G9: Choisissez toutes les réponses possibles pour chaque colonne | H9: Choisissez toutes les réponses possibles pour chaque colonne | I9: Mehrere Antworten pro Spalte möglich | J9: Επιλέξτε όσα ισχύουν ανά στήλη | K9: Velg alle som passer per kolonne | L9: Wybierz wszystkie pasujące w każdej kolumnie | M9: Selecione todas as opções aplicáveis por coluna | N9: Selectați toate opțiunile aplicabile pe fiecare coloană | O9: Seleccione todas las que correspondan por columna
A10: defresMCgridTool,cdata | B10: You may select multiple answers. You can use the arrow(s) appearing on each side to navigate the list items. | C10: Vous pouvez sélectionner plusieurs réponses. Vous pouvez utiliser la ou les flèches qui apparaissent de chaque côté pour naviguer entre les éléments de la liste. | D10: U kunt meerdere antwoorden selecteren. U kunt de pijl(en) aan weerszijden gebruiken om door de lijstitems te navigeren. | E10: U kunt meerdere antwoorden selecteren. U kunt de pijl(en) aan weerszijden gebruiken om door de lijstitems te navigeren. | F10: Vous pouvez sélectionner plusieurs réponses. Vous pouvez utiliser la ou les flèches qui apparaissent de chaque côté pour naviguer entre les éléments de la liste. | G10: Vous pouvez sélectionner plusieurs réponses. Vous pouvez utiliser la ou les flèches qui apparaissent de chaque côté pour naviguer entre les éléments de la liste. | H10: Vous pouvez sélectionner plusieurs réponses. Vous pouvez utiliser la ou les flèches qui apparaissent de chaque côté pour naviguer entre les éléments de la liste. | I10: Sie können mehrere Antworten auswählen. Mit den Pfeilen an beiden Seiten können Sie durch die Listenelemente navigieren. | J10: Μπορείτε να επιλέξετε πολλές απαντήσεις. Μπορείτε να χρησιμοποιήσετε το(α) βέλος(η) που εμφανίζονται σε κάθε πλευρά για να περιηγηθείτε στα στοιχεία της λίστας. | K10: Du kan velge flere svar. Du kan bruke pilen(e) på hver side for å navigere i listeelementene. | L10: Możesz wybrać wiele odpowiedzi. Za pomocą strzałek pojawiających się po obu stronach możesz przewijać elementy listy. | M10: Pode selecionar várias respostas. Pode utilizar a(s) seta(s) que aparecem de cada lado para navegar pelos itens da lista. | N10: Puteți selecta mai multe răspunsuri. Puteți folosi săgeata/săgețile care apar pe fiecare parte pentru a naviga prin elementele listei. | O10: Puede seleccionar varias respuestas. Puede utilizar la(s) flecha(s) que aparecen a cada lado para navegar por los elementos de la lista.
A11: defresCommentText,cdata | B11: Please be as specific as possible | C11: Veuillez être aussi précis(e) que possible | D11: Wees zo specifiek mogelijk | E11: Wees zo specifiek mogelijk | F11: Veuillez être aussi précis(e) que possible | G11: Veuillez être aussi précis(e) que possible | H11: Veuillez être aussi précis(e) que possible | I11: Bitte seien Sie so genau wie möglich | J11: Παρακαλούμε να είστε όσο πιο συγκεκριμένοι γίνεται | K11: Vær så spesifikk som mulig | L11: Prosimy o jak najbardziej szczegółową odpowiedź | M11: Seja o mais específico possível | N11: Vă rugăm să fiți cât mai precis posibil | O11: Sea lo más específico posible
A12: defresCommentNum,cdata | B12: Please enter a whole number | C12: Veuillez saisir un nombre entier | D12: Voer een geheel getal in | E12: Voer een geheel getal in | F12: Veuillez saisir un nombre entier | G12: Veuillez saisir un nombre entier | H12: Veuillez saisir un nombre entier | I12: Bitte geben Sie eine ganze Zahl ein | J12: Παρακαλούμε εισαγάγετε έναν ακέραιο αριθμό | K12: Vennligst skriv inn et helt tall | L12: Wprowadź liczbę całkowitą | M12: Introduza um número inteiro | N12: Vă rugăm să introduceți un număr întreg | O12: Introduzca un número entero
... A142: Q16,r2,cdata | B142: I threw them in general household waste | C142: Je les ai jetés dans les ordures ménagères | D142: Ik heb ze bij het huishoudelijk afval gegooid | E142: Ik heb ze bij het huishoudelijk afval gegooid | F142: Je les ai jetés dans les ordures ménagères | G142: Je les ai jetés dans les ordures ménagères | H142: Je les ai jetés dans les ordures ménagères | I142: Ich habe sie in den allgemeinen Hausmüll geworfen | J142: Τις έριξα στα οικιακά απορρίμματα | K142: Kastet dem i husholdningsavfallet | L142: Wyrzuciłem(am) je do zwykłych odpadów domowych | M142: Coloquei-os no lixo doméstico comum | N142: L-am aruncat în împreunǎ cu gunoiul menajer | O142: Los tiré a la basura doméstica general
A143: Q16,r3,cdata | B143: I threw them in the plastic waste bin | C143: Je les ai jetés dans le bac de tri pour le plastique | D143: Ik heb ze bij het plasticafval gegooid | E143: Ik heb ze bij het plasticafval gegooid | F143: Je les ai jetés dans le bac de tri pour le plastique | H143: Je les ai jetés dans le bac de tri pour le plastique | J143: Τις έριξα στον κάδο ανακύκλωσης πλαστικού | K143: Kastet dem i plastgjenvinningsbeholderen | L143: Wyrzuciłem(am) je do pojemnika do recyklingu plastiku | M143: Coloquei-os no contentor do plástico | N143: L-am pus în recipientul de colectare a plasticului | O143: Los tiré al contenedor de plástico
A144: Q16,r4,cdata | B144: I threw them in a street bin | C144: Je les ai jetés dans une poubelle de rue | D144: Ik heb ze in een vuilnisbak op straat gegooid | E144: Ik heb ze in een vuilnisbak op straat gegooid | F144: Je les ai jetés dans une poubelle de rue | G144: Je les ai jetés dans une poubelle de rue | H144: Je les ai jetés dans une poubelle de rue | I144: Ich habe sie in einen öffentlichen Mülleimer geworfen | J144: Τις έριξα σε κάδο απορριμμάτων στον δρόμο | K144: Kastet dem i en søppelkasse på gaten | L144: Wyrzuciłem(am) je do kosza ulicznego | M144: Coloquei-os num caixote do lixo da rua | N144: L-am aruncat într-un coș de gunoi stradal | O144: Los tiré a una papelera de la calle
A145: Q16,r5,cdata | B145: I brought them to a recycling centre / municipal waste facility | C145: Je les ai apportés en déchèterie ou à un centre de collecte municipal | D145: Ik heb ze naar een recyclagepark / milieustraat gebracht | E145: Ik heb ze naar een recyclagepark / milieustraat gebracht | F145: Je les ai apportés en déchèterie ou à un centre de collecte municipal | G145: Je les ai apportés en déchèterie ou à un centre de collecte municipal | H145: Je les ai apportés en déchèterie ou à un centre de collecte municipal | I145: Ich habe sie zu einem Recyclinghof / einer kommunalen Sammelstelle gebracht | J145: Τις πήγα σε κέντρο ανακύκλωσης / δημοτικό πράσινο σημείο | K145: Tok dem til en gjenvinningsstasjon / kommunalt mottak | L145: Zawiozłem(am) je do punktu recyklingu / PSZOK | M145: Levei-os a um ecocentro / instalação municipal de resíduos | N145: L-am dus la un centru de reciclare / punct de colectare municipal | O145: Los llevé a un centro de reciclaje / punto limpio municipal
A146: Q16,r6,cdata | B146: I brought them to a recycling point in a store | C146: Je les ai apportés à un point de collecte en magasin | D146: Ik heb ze naar een inzamelpunt in een winkel gebracht | E146: Ik heb ze naar een inzamelpunt in een winkel gebracht | F146: Je les ai apportés à un point de collecte en magasin | G146: Je les ai apportés à un point de collecte en magasin | H146: Je les ai apportés à un point de collecte en magasin | I146: Ich habe sie zu einer Sammelstelle in einem Geschäft gebracht | J146: Τις πήγα σε σημείο ανακύκλωσης σε κατάστημα | K146: Tok dem til et innsamlingspunkt i en butikk | L146: Zaniosłem(am) je do punktu zbiórki w sklepie | M146: Levei-os a um ponto de recolha numa loja | N146: L-am dus la un punct de reciclare dintr-un magazin | O146: Los llevé a un punto de reciclaje en una tienda
A147: Q16,r7,cdata | B147: I gave them away or donated | C147: Je les ai donnés | D147: Ik heb ze weggegeven of gedoneerd | E147: Ik heb ze weggegeven of gedoneerd | F147: Je les ai donnés | G147: Je les ai donnés | H147: Je les ai donnés | I147: Ich habe sie verschenkt oder gespendet | J147: Τις χάρισα ή τις δώρισα | K147: Ga dem bort eller donerte dem | L147: Oddałem(am) je | M147: Ofereci-os ou doei-os | N147: L-am dăruit sau l-am donat | O147: Los regalé o doné
A148: Q16,r8,cdata | B148: I sold them | C148: Je les ai vendus | D148: Ik heb ze verkocht | E148: Ik heb ze verkocht | F148: Je les ai vendus | G148: Je les ai vendus | H148: Je les ai vendus | I148: Ich habe sie verkauft | J148: Τις πούλησα | K148: Solgte dem | L148: Sprzedałem(am) je | M148: Vendi-os | N148: L-am vândut | O148: Los vendí
A149: Q17,title | B149: Why did you choose this or these solutions? | C149: Pourquoi avez-vous choisi cette ou ces solutions ? | D149: Waarom koos u voor deze oplossing(en)? (Vink alles aan wat van toepassing is) | E149: Waarom koos u voor deze oplossing(en)? (Vink alles aan wat van toepassing is) | F149: Pourquoi avez-vous choisi cette ou ces solutions ? | G149: Pourquoi avez-vous choisi cette ou ces solutions ? (Plusieurs réponses possibles) | H149: Pourquoi avez-vous choisi cette ou ces solutions ? (Plusieurs réponses possibles) | I149: Warum haben Sie diese Lösung(en) gewählt? (Mehrere Antworten möglich) | J149: Γιατί επιλέξατε αυτή ή αυτές τις λύσεις; (Επιλέξτε όσα ισχύουν) | K149: Hvorfor valgte du denne eller disse løsningene? (Velg alt som passer) | L149: Dlaczego wybrał(a) Pan/Pani to/te rozwiązanie/-a? (Proszę zaznaczyć wszystkie pasujące odpowiedzi) | M149: Por que escolheu esta ou estas soluções? (Selecione todas as opções aplicáveis) | N149: De ce ați ales această soluție sau aceste soluții? (Selectați toate variantele aplicabile) | O149: ¿Por qué eligió esta o estas soluciones? (Seleccione todas las opciones que correspondan)
A150: Q17,r1,cdata | B150: It’s the easiest solution | C150: C'est la solution la plus simple | D150: Het is de makkelijkste oplossing | E150: Het is de makkelijkste oplossing | F150: C'est la solution la plus simple | G150: C'est la solution la plus simple | H150: C'est la solution la plus simple | I150: Es ist die einfachste Lösung | J150: Είναι η πιο εύκολη λύση | K150: Det er den enkleste løsningen | L150: To najprostsze rozwiązanie | M150: É a solução mais fácil | N150: Este soluția cea mai ușoară | O150: Es la solución más fácil
A151: Q17,r2,cdata | B151: It’s closest to home | C151: C'est l'option la plus proche de chez moi | D151: Het is het dichtst bij mijn huis | E151: Het is het dichtst bij mijn huis | F151: C'est l'option la plus proche de chez moi | G151: C'est l'option la plus proche de chez moi | H151: C'est l'option la plus proche de chez moi | I151: Es ist die nächstgelegene Option zu meinem Zuhause | J151: Είναι η πιο κοντινή στο σπίτι μου | K151: Det er den nærmeste hjemmet mitt | L151: To najbliższe mojego domu | M151: É a mais próxima de casa | N151: Este cea mai apropiată de casa mea | O151: Es la más cercana a casa
A152: Q17,r3,cdata | B152: It’s what I usually do with this kind of waste | C152: C'est ce que je fais habituellement pour ce type de déchets | D152: Dat doe ik meestal met dit soort afval | E152: Dat doe ik meestal met dit soort afval | F152: C'est ce que je fais habituellement pour ce type de déchets | G152: C'est ce que je fais habituellement pour ce type de déchets | H152: C'est ce que je fais habituellement pour ce type de déchets | I152: Das mache ich normalerweise mit dieser Art von Abfall | J152: Είναι αυτό που συνήθως κάνω με αυτόν τον τύπο απορριμμάτων | K152: Det er det jeg vanligvis gjør med denne typen avfall | L152: To zwykle robię z tego rodzaju odpadami | M152: É o que costumo fazer com este tipo de resíduo | N152: Așa fac de obicei cu acest tip de deșeuri | O152: Es lo que suelo hacer con este tipo de residuo
A153: Q17,r4,cdata | B153: I did it to protect the environment | C153: Je l'ai fait pour protéger l'environnement | D153: Ik deed het om het milieu te beschermen | E153: Ik deed het om het milieu te beschermen | F153: Je l'ai fait pour protéger l'environnement | G153: Je l'ai fait pour protéger l'environnement | H153: Je l'ai fait pour protéger l'environnement | I153: Ich habe es zum Schutz der Umwelt getan | J153: Το έκανα για να προστατεύσω το περιβάλλον | K153: Jeg gjorde det for å beskytte miljøet | L153: Zrobiłem(am) to, aby chronić środowisko | M153: Fi-lo para proteger o ambiente | N153: Am făcut-o pentru a proteja mediul | O153: Lo hice para proteger el medio ambiente
A154: Q17,r5,cdata | B154: It’s what my family and friends do with that kind of waste | C154: C'est ce que font ma famille et mes amis pour ce type de déchets | D154: Dat doen mijn familie en vrienden met dit soort afval | E154: Dat doen mijn familie en vrienden met dit soort afval | F154: C'est ce que font ma famille et mes amis pour ce type de déchets | G154: C'est ce que font ma famille et mes amis pour ce type de déchets | H154: C'est ce que font ma famille et mes amis pour ce type de déchets | I154: Das machen meine Familie und Freunde mit dieser Art von Abfall | J154: Είναι αυτό που κάνει η οικογένειά μου και οι φίλοι μου με αυτόν τον τύπο απορριμμάτων | K154: Det er det familien og vennene mine gjør med denne typen avfall | L154: To robi moja rodzina i znajomi z tego rodzaju odpadami | M154: É o que a minha família e amigos fazem com este tipo de resíduo | N154: Așa fac familia și prietenii mei cu acest tip de deșeuri | O154: Es lo que hace mi familia y mis amigos con este tipo de residuo
A155: Q17,r97,cdata | B155: I didn’t really think about it | C155: Je n'y ai pas vraiment réfléchi | D155: Ik dacht er niet echt over na | E155: Ik dacht er niet echt over na | F155: Je n'y ai pas vraiment réfléchi | G155: Je n'y ai pas vraiment réfléchi | H155: Je n'y ai pas vraiment réfléchi | I155: Ich habe nicht wirklich darüber nachgedacht | J155: Δεν το σκέφτηκα ιδιαίτερα | K155: Jeg tenkte ikke så mye over det | L155: Specjalnie nad tym nie myślałem(am) | M155: Não pensei muito sobre isso | N155: Nu m-am gândit prea mult la asta | O155: No lo pensé demasiado
... A346: endInfo,cdata | B346: Thank you for completing this survey. All devices, large or small, with a cable, a plug or a battery can be reused or recycled. Please, never throw them in the bin; take them to your nearest collection point so they can be recycled.<br /> More information on [pipe: PROWEBSITE_PIPE]<br /><br />Please click the <b>Continue</b> button below to register your responses and complete your participation. | C346: Merci d'avoir répondu à ce questionnaire. Tous les appareils, petits ou grands, équipés d'un câble, d'une prise ou d'une batterie, peuvent être réutilisés ou recyclés. Ne les jetez jamais à la poubelle ; apportez-les à votre point de collecte le plus proche afin qu'ils puissent être recyclés.<br /> Plus d'informations sur [pipe: PROWEBSITE_PIPE]<br /><br />Veuillez cliquer sur le bouton <b>Continuer</b> ci-dessous pour enregistrer vos réponses et finaliser votre participation. | D346: Bedankt voor het invullen van deze enquête. Alle apparaten, groot of klein, met een kabel, een stekker of een batterij, kunnen worden hergebruikt of gerecycleerd. Gooi ze nooit in de vuilnisbak; breng ze naar uw dichtstbijzijnde inzamelpunt zodat ze kunnen worden gerecycleerd.<br /> Meer informatie op [pipe: PROWEBSITE_PIPE]<br /><br />Klik op de knop <b>Doorgaan</b> hieronder om uw antwoorden te registreren en uw deelname te voltooien. | E346: Bedankt voor het invullen van deze enquête. Alle apparaten, groot of klein, met een kabel, een stekker of een batterij, kunnen worden hergebruikt of gerecycleerd. Gooi ze nooit in de vuilnisbak; breng ze naar uw dichtstbijzijnde inzamelpunt zodat ze kunnen worden gerecycleerd.<br /> Meer informatie op [pipe: PROWEBSITE_PIPE]<br /><br />Klik op de knop <b>Doorgaan</b> hieronder om uw antwoorden te registreren en uw deelname te voltooien. | F346: Merci d'avoir répondu à ce questionnaire. Tous les appareils, petits ou grands, équipés d'un câble, d'une prise ou d'une batterie, peuvent être réutilisés ou recyclés. Ne les jetez jamais à la poubelle ; apportez-les à votre point de collecte le plus proche afin qu'ils puissent être recyclés.<br /> Plus d'informations sur [pipe: PROWEBSITE_PIPE]<br /><br />Veuillez cliquer sur le bouton <b>Continuer</b> ci-dessous pour enregistrer vos réponses et finaliser votre participation. | G346: Merci d'avoir répondu à ce questionnaire. Tous les appareils, petits ou grands, équipés d'un câble, d'une prise ou d'une batterie, peuvent être réutilisés ou recyclés. Ne les jetez jamais à la poubelle ; apportez-les à votre point de collecte le plus proche afin qu'ils puissent être recyclés.<br /> Plus d'informations sur [pipe: PROWEBSITE_PIPE]<br /><br />Veuillez cliquer sur le bouton <b>Continuer</b> ci-dessous pour enregistrer vos réponses et finaliser votre participation. | H346: Merci d'avoir répondu à ce questionnaire. Tous les appareils, petits ou grands, équipés d'un câble, d'une prise ou d'une batterie, peuvent être réutilisés ou recyclés. Ne les jetez jamais à la poubelle ; apportez-les à votre point de collecte le plus proche afin qu'ils puissent être recyclés.<br /> Plus d'informations sur [pipe: PROWEBSITE_PIPE]<br /><br />Veuillez cliquer sur le bouton <b>Continuer</b> ci-dessous pour enregistrer vos réponses et finaliser votre participation. | I346: Vielen Dank für das Ausfüllen dieser Umfrage. Alle Geräte, ob groß oder klein, mit einem Kabel, einem Stecker oder einer Batterie, können wiederverwendet oder recycelt werden. Werfen Sie sie bitte niemals in den Müll; bringen Sie sie zu Ihrer nächstgelegenen Sammelstelle, damit sie recycelt werden können.<br /> Weitere Informationen unter [pipe: PROWEBSITE_PIPE]<br /><br />Bitte klicken Sie unten auf die Schaltfläche <b>Weiter</b>, um Ihre Antworten zu speichern und Ihre Teilnahme abzuschließen. | J346: Σας ευχαριστούμε που συμπληρώσατε αυτή την έρευνα. Όλες οι συσκευές, μεγάλες ή μικρές, με καλώδιο, βύσμα ή μπαταρία, μπορούν να επαναχρησιμοποιηθούν ή να ανακυκλωθούν. Παρακαλούμε, μην τις πετάτε ποτέ στον κάδο· πηγαίνετέ τις στο πλησιέστερο σημείο συλλογής ώστε να ανακυκλωθούν.<br /> Περισσότερες πληροφορίες στο [pipe: PROWEBSITE_PIPE]<br /><br />Κάντε κλικ στο κουμπί <b>Συνέχεια</b> παρακάτω για να καταχωρίσετε τις απαντήσεις σας και να ολοκληρώσετε τη συμμετοχή σας. | K346: Takk for at du fullførte denne undersøkelsen. Alle enheter, store eller små, med en kabel, en kontakt eller et batteri, kan gjenbrukes eller resirkuleres. Kast dem aldri i søpla; lever dem til ditt nærmeste innsamlingspunkt slik at de kan resirkuleres.<br /> Mer informasjon på [pipe: PROWEBSITE_PIPE]<br /><br />Klikk på <b>Fortsett</b>-knappen nedenfor for å registrere svarene dine og fullføre deltakelsen din. | L346: Dziękujemy za wypełnienie tej ankiety. Wszystkie urządzenia, duże lub małe, z kablem, wtyczką lub baterią, można ponownie wykorzystać lub poddać recyklingowi. Nigdy nie wyrzucaj ich do kosza; zanieś je do najbliższego punktu zbiórki, aby mogły zostać poddane recyklingowi.<br /> Więcej informacji na [pipe: PROWEBSITE_PIPE]<br /><br />Kliknij przycisk <b>Dalej</b> poniżej, aby zarejestrować swoje odpowiedzi i zakończyć udział. | M346: Obrigado por preencher este inquérito. Todos os dispositivos, grandes ou pequenos, com um cabo, uma ficha ou uma bateria, podem ser reutilizados ou reciclados. Por favor, nunca os deite no lixo; leve-os ao ponto de recolha mais próximo para que possam ser reciclados.<br /> Mais informações em [pipe: PROWEBSITE_PIPE]<br /><br />Clique no botão <b>Continuar</b> abaixo para registar as suas respostas e concluir a sua participação. | N346: Vă mulțumim că ați completat acest sondaj. Toate dispozitivele, mari sau mici, cu un cablu, un ștecher sau o baterie, pot fi reutilizate sau reciclate. Vă rugăm să nu le aruncați niciodată la coș; duceți-le la cel mai apropiat punct de colectare pentru a putea fi reciclate.<br /> Mai multe informații pe [pipe: PROWEBSITE_PIPE]<br /><br />Faceți clic pe butonul <b>Continuă</b> de mai jos pentru a vă înregistra răspunsurile și a vă finaliza participarea. | O346: Gracias por completar esta encuesta. Todos los dispositivos, grandes o pequeños, con un cable, un enchufe o una batería, pueden reutilizarse o reciclarse. Por favor, nunca los tire a la basura; llévelos a su punto de recogida más cercano para que puedan reciclarse.<br /> Más información en [pipe: PROWEBSITE_PIPE]<br /><br />Haga clic en el botón <b>Continuar</b> de abajo para registrar sus respuestas y completar su participación.

Sheet Belgium
A1: =IF(MASTER!A1="","",MASTER!A1) -> # | B1: =IF(MASTER!B1="","",MASTER!B1) -> Labels | C1: Dutch | D1: ← Comments | E1: French | F1: ← Comments
A2: =IF(MASTER!A2="","",MASTER!A2) -> Intro | B2: =IF(MASTER!B2="","",MASTER!B2) -> Thank you for participating in this survey. It will take approximately 15 minutes to complete. There are no right or wrong answers; please tell us your open and honest opinion. Your confidentiality is assured and all responses will be analysed in aggregate and not individually. By continuing, you confirm that you have read the above and agree to participate in this research survey. Your responses will be processed anonymously and together with those of other participants for research purposes, in line with GDPR. You can reach contact@bellegarde.co to access or erase your data. When you are ready to move on to the next page, click the “Continue” button located at the bottom of the page. | C2: "Bedankt voor uw deelname aan deze enquête. Het invullen duurt ongeveer 15 minuten. Er zijn geen goede of foute antwoorden; geef ons gerust uw open en eerlijke mening. Uw antwoorden worden vertrouwelijk behandeld. We bekijken de resultaten alleen als groep en niet per persoon. Door verder te gaan bevestigt u dat u het bovenstaande hebt gelezen en ermee instemt om deel te nemen aan deze onderzoeksenquête. Uw antwoorden worden anoniem en samen met die van de andere deelnemers verwerkt voor onderzoeksdoeleinden, in overeenstemming met de Europese privacywetgeving. U kunt contact opnemen met contact@bellegarde.co om toegang te krijgen tot uw gegevens of om verwijdering ervan aan te vragen. Wanneer u klaar bent om naar de volgende pagina te gaan, klikt u op de knop “Doorgaan” onderaan de pagina." | E2: Merci de participer à cette enquête. Il vous faudra environ 15 minutes pour y répondre. Il n'y a pas de bonne ou de mauvaise réponse ; donnez-nous votre opinion sincère. En continuant, vous confirmez avoir pris connaissance de ce qui précède et acceptez de participer à cette enquête de recherche. La confidentialité de vos données est garantie, vos réponses seront traitées de manière anonyme et avec celles des autres participants à des fins de recherche, conformément au RGPD. Vous pouvez contacter contact@bellegarde.co pour accéder à vos données ou les supprimer. Lorsque vous êtes prêt·e à passer à la page suivante, cliquez sur le bouton « Continuer » situé en bas de la page.
A3: =IF(MASTER!A3="","",MASTER!A3) -> Q1 | B3: =IF(MASTER!B3="","",MASTER!B3) -> How old are you? | C3: Hoe oud bent u? | E3: Quel âge avez-vous ?
A4: =IF(MASTER!A4="","",MASTER!A4) | B4: =IF(MASTER!B4="","",MASTER!B4) -> [Number]
A5: =IF(MASTER!A5="","",MASTER!A5) -> Q2 | B5: =IF(MASTER!B5="","",MASTER!B5) -> Including yourself, how many people live in your household? | C5: Hoeveel personen wonen er in uw huishouden, uzelf meegerekend? | E5: En vous incluant, combien de personnes vivent dans votre foyer ?
A6: =IF(MASTER!A6="","",MASTER!A6) | B6: =IF(MASTER!B6="","",MASTER!B6) -> [Number]
A7: =IF(MASTER!A7="","",MASTER!A7) | B7: =IF(MASTER!B7="","",MASTER!B7) -> [IF Q1>1]
A8: =IF(MASTER!A8="","",MASTER!A8) -> Q2a | B8: =IF(MASTER!B8="","",MASTER!B8) -> How many of them are under 18 years old? | C8: Hoeveel daarvan zijn jonger dan 18 jaar? | E8: Combien d'entre elles ont moins de 18 ans ?
A9: =IF(MASTER!A9="","",MASTER!A9) | B9: =IF(MASTER!B9="","",MASTER!B9) -> [Number]
A10: =IF(MASTER!A10="","",MASTER!A10) -> Q3 | B10: =IF(MASTER!B10="","",MASTER!B10) -> How many of the following items did you personally buy, over the last 12 months? Take your time. These items are easy to forget: a cable in a drawer, a small gadget on a desk, a quick buy at a checkout, a gift you received or gave, something bought online… Think about the places where you could keep them: drawers, bags, a car, a kitchen, a desk, a bathroom… [grid question] | C10: Hoeveel van de volgende artikelen hebt u de afgelopen 12 maanden persoonlijk gekocht? Neem rustig de tijd. Deze artikelen worden gemakkelijk vergeten: een kabel in een lade, een klein gadget op een bureau, een snelle aankoop aan de kassa, een cadeau dat u hebt gekregen of gegeven, iets dat online is gekocht… Denk aan de plekken waar u ze zou kunnen bewaren: lades, tassen, een auto, een keuken, een bureau, een badkamer… | E10: Combien de ces articles avez-vous personnellement achetés au cours des 12 derniers mois ? Prenez votre temps. On oublie facilement ces articles : un câble dans un tiroir, un petit gadget sur un bureau, un achat impulsif à la caisse, un cadeau que vous avez reçu ou offert, un article acheté en ligne… Pensez aux endroits où vous pourriez les ranger : tiroirs, sacs, voiture, cuisine, bureau, salle de bains…
A11: =IF(MASTER!A11="","",MASTER!A11) -> Q3a | B11: =IF(MASTER!B11="","",MASTER!B11) -> Charging and lighting devices under €10: chargers, adapters, charging cables (USB-A, USB-C, lightning, micro-USB…), LED strips and light bulbs, clip-on and small desk lamps, decorative and garden lights… | C11: Oplaad- en verlichtingsapparaten onder € 10: opladers, adapters, oplaadkabels (USB-A, USB-C, lightning, micro-USB…), ledstrips en lampen, klemlampen en kleine bureaulampen, decoratie- en tuinverlichting… | E11: Accessoires de recharge ou d'éclairage à moins de 10 € : chargeurs, adaptateurs, câbles de recharge (USB-A, USB-C, lightning, micro-USB…), rubans LED et ampoules, lampes clipsables et petites lampes de bureau, éclairage décoratif et d'extérieur…
A12: =IF(MASTER!A12="","",MASTER!A12) -> Q3b | B12: =IF(MASTER!B12="","",MASTER!B12) -> “High-tech” under €20: Bluetooth or wired audio devices (earphones/headphones, speakers…), power banks, wearables and fitness trackers (like smart bands and smartwatches), PC accessories (USB drives or hubs, mice, keyboards, webcams…), game controllers… | C12: “High-tech” onder € 20: audioapparaten met Bluetooth of kabel (oortjes/koptelefoons, speakers…), powerbanks, wearables en fitnesstrackers (zoals smartbands en smartwatches), pc-accessoires (USB-sticks of -hubs, muizen, toetsenborden, webcams…), gamecontrollers… | E12: Produits « high-tech » à moins de 20 € : appareils audio Bluetooth ou filaires (écouteurs/casques, enceintes…), batteries externes, objets connectés et trackers d'activité (bracelets connectés et montres connectées), accessoires PC (clés ou hubs USB, souris, claviers, webcams…), manettes de jeu, etc.
A13: =IF(MASTER!A13="","",MASTER!A13) -> Q3c | B13: =IF(MASTER!B13="","",MASTER!B13) -> Gadgets and lifestyle items under €20: mini fans and diffusers, desktop gadgets, electronic toys (handheld consoles, fidget toys, RC cars…), cooking appliances (milk frother, mini blender, cookers…), body and skin devices (mini massager, travel razor or electric toothbrush…), home devices (alarms, cameras, smart sensors, bug zapper), pet gadgets (laser toys, auto feeder or water fountain…) | C13: Gadgets en lifestyleartikelen onder € 20: miniventilatoren en diffusers, bureaugadgets, elektronisch speelgoed (handheldconsoles, fidgetspeelgoed, RC-auto's…), keukenapparaten (melkopschuimer, miniblender, kookapparaten…), apparaten voor lichaam en huid (minimassageapparaat, reisscheerapparaat of elektrische tandenborstel…), apparaten voor thuis (alarmen, camera's, slimme sensoren, insectenverdelger), gadgets voor huisdieren (laserspeelgoed, automatische voederbak of waterfontein…) | E13: Gadgets et articles lifestyle à moins de 20 € : mini-ventilateurs et diffuseurs, gadgets de bureau, jouets électroniques (consoles portables, voitures télécommandées…), appareils de cuisine (mousseur à lait, mini-blender, cuiseurs…), appareils pour soin du corps et de la peau (mini-masseur, rasoir de voyage ou brosse à dents électrique…), appareils pour la maison (alarmes, caméras, capteurs connectés, tue-mouches électrique), gadgets pour animaux (jouets laser, distributeur automatique ou fontaine à eau…)
A14: =IF(MASTER!A14="","",MASTER!A14) | B14: =IF(MASTER!B14="","",MASTER!B14) -> · None · 1 · 2 to 5 · 6 to 9 · 10 to 19 · 20 or more | C14: Geen 1 2 tot 5 6 tot 9 10 tot 19 20 of meer | E14: Aucun 1 2 à 5 6 à 9 10 à 19 20 ou plus
A15: =IF(MASTER!A15="","",MASTER!A15) -> Q4 | B15: =IF(MASTER!B15="","",MASTER!B15) -> How many of the following items are currently in your household (regardless of who bought them or when)? Think room by room: your kitchen (cookware, small appliances), your bedroom (chargers, sleep gadgets), your bathroom (grooming devices), your desk and bag (cables, accessories, headphones), your living room (remotes, lights), your car, your entryway. Don't forget items in drawers, boxes or that you haven't used in a while… [grid question] | C15: Hoeveel van de volgende artikelen bevinden zich momenteel in uw huishouden (ongeacht wie ze heeft gekocht of wanneer)? Denk kamer per kamer: uw keuken (kookgerei, kleine apparaten), uw slaapkamer (opladers, slaapgadgets), uw badkamer (verzorgingsapparaten), uw bureau en tas (kabels, accessoires, koptelefoons), uw woonkamer (afstandsbedieningen, verlichting), uw auto, uw inkomhal. Vergeet de artikelen niet die in lades of dozen liggen of die u al een tijdje niet meer hebt gebruikt… | E15: Combien des articles suivants se trouvent actuellement dans votre foyer (peu importe qui les a achetés ou quand) ? Pensez pièce par pièce : votre cuisine (ustensiles, petits appareils), votre chambre (chargeurs, gadgets de sommeil), votre salle de bains (appareils de soin), votre bureau et votre sac (câbles, accessoires, écouteurs), votre salon (télécommandes, luminaires), votre voiture, votre entrée. N'oubliez pas les articles rangés dans des tiroirs, des boîtes ou que vous n'avez pas utilisés depuis un moment…
A16: =IF(MASTER!A16="","",MASTER!A16) -> Q4a | B16: =IF(MASTER!B16="","",MASTER!B16) -> Charging and lighting devices under €10 (ex: chargers, adapters, charging cables, LED strips and light bulbs, decorative and garden lights…) | C16: Oplaad- en verlichtingsapparaten onder € 10 (bv.: opladers, adapters, oplaadkabels, ledstrips en lampen, decoratie- en tuinverlichting…) | E16: Accessoires de recharge et d'éclairage à moins de 10 € (ex : chargeurs, adaptateurs, câbles de recharge, rubans LED et ampoules, éclairage décoratif et d'extérieur…)
A17: =IF(MASTER!A17="","",MASTER!A17) -> Q4b | B17: =IF(MASTER!B17="","",MASTER!B17) -> “High-tech” under €20 (ex: Bluetooth or wired audio devices, power banks, wearables and fitness trackers, PC accessories, game controllers…) | C17: “High-tech” onder € 20 (bv.: audioapparaten met Bluetooth of kabel, powerbanks, wearables en fitnesstrackers, pc-accessoires, gamecontrollers…) | E17: Produits « high-tech » à moins de 20 € (ex : appareils audio Bluetooth ou filaires, batteries externes, objets connectés et trackers d'activité, accessoires PC, manettes de jeu, etc.)
A18: =IF(MASTER!A18="","",MASTER!A18) -> Q4c | B18: =IF(MASTER!B18="","",MASTER!B18) -> Gadgets and lifestyle items under €20 (ex: mini fans and diffusers, desktop gadgets, electronic toys, cooking appliances, body and skin devices, home or pet gadgets…) | C18: Gadgets en lifestyleartikelen onder € 20 (bv.: miniventilatoren en diffusers, bureaugadgets, elektronisch speelgoed, keukenapparaten, apparaten voor lichaam en huid, gadgets voor thuis of huisdieren…) | E18: Gadgets et articles lifestyle à moins de 20 € (ex : mini-ventilateurs et diffuseurs, gadgets de bureau, jouets électroniques, appareils de cuisine, appareils pour soin du corps et de la peau, gadgets pour la maison ou les animaux…)
A19: =IF(MASTER!A19="","",MASTER!A19) -> Q4d | B19: =IF(MASTER!B19="","",MASTER!B19) -> Disposable single-use e-vapes | C19: Wegwerp-e-sigaretten voor eenmalig gebruik | E19: Cigarettes électroniques jetables à usage unique
A20: =IF(MASTER!A20="","",MASTER!A20) | B20: =IF(MASTER!B20="","",MASTER!B20) -> · None · 1 · 2 to 5 · 6 to 9 · 10 to 19 · 20 or more" | C20: Geen 1 2 tot 5 6 tot 9 10 tot 19 20 of meer | E20: Aucune 1 2 à 5 6 à 9 10 à 19 20 ou plus
A21: =IF(MASTER!A21="","",MASTER!A21) | B21: =IF(MASTER!B21="","",MASTER!B21) -> [IF Q3a, Q3b or Q3c is not “NONE”, jump to Q7]
A22: =IF(MASTER!A22="","",MASTER!A22) -> Q5 | B22: =IF(MASTER!B22="","",MASTER!B22) -> Have you ever bought small and inexpensive electronic devices? | C22: Hebt u ooit kleine, goedkope elektronische apparaten gekocht? | E22: Avez-vous déjà acheté de petits appareils électroniques peu coûteux ?
A23: =IF(MASTER!A23="","",MASTER!A23) | B23: =IF(MASTER!B23="","",MASTER!B23) -> · Yes, quite often [jump to Q7] · Yes, occasionally [jump to Q7] · Yes, once [jump to Q7] · No, never [go to Q6] | C23: · Ja, vrij vaak [ga naar Q7] · Ja, af en toe [ga naar Q7] · Ja, één keer [ga naar Q7] · Nee, nooit [ga naar Q6] | E23: · Oui, assez souvent [aller à Q7] · Oui, occasionnellement [aller à Q7] · Oui, une fois [aller à Q7] · Non, jamais [aller à Q6]
A24: =IF(MASTER!A24="","",MASTER!A24) | B24: =IF(MASTER!B24="","",MASTER!B24) -> [IF Q5 = “Yes,…”, jump to Q7]
A25: =IF(MASTER!A25="","",MASTER!A25) -> Q6 | B25: =IF(MASTER!B25="","",MASTER!B25) -> Which of these describe why you have never bought any small and inexpensive electronic device? (Select all that apply) | C25: Welke van de volgende redenen beschrijft waarom u nog nooit een klein, goedkoop elektronisch apparaat hebt gekocht? (Selecteer alle van toepassing zijnde opties) | E25: Parmi les propositions suivantes, quelles sont les raisons pour lesquelles vous n'avez jamais acheté de petit appareil électronique peu coûteux ? (Plusieurs réponses possibles)
A26: =IF(MASTER!A26="","",MASTER!A26) | B26: =IF(MASTER!B26="","",MASTER!B26) -> · I don’t know where to buy them · I don’t need them or I already own similar items · I prefer higher-quality, longer-lasting alternatives · Because of their impact on the environment · Because of their social impact (e.g., working conditions of the workers) · Someone else buys electronic devices at home · I don’t know · Other: ____ | C26: Ik weet niet waar ik die moet kopen Ik heb ze niet nodig of ik heb al vergelijkbare artikelen Ik geef de voorkeur aan duurzamere alternatieven van hogere kwaliteit Vanwege hun impact op het milieu Vanwege hun sociale impact (bijv. de arbeidsomstandigheden van werknemers) Iemand anders in huis koopt de elektronische apparaten Ik weet het niet Anders: ____ | E26: Je ne sais pas où en acheter Je n'en ai pas besoin ou j'ai déjà des petits appareils similaires Je préfère des alternatives de meilleure qualité, plus durables En raison de leur impact sur l'environnement En raison de leur impact social (ex: les conditions de travail des ouvriers) Une autre personne du foyer achète les appareils électroniques Je ne sais pas Autre : ____
A27: =IF(MASTER!A27="","",MASTER!A27) -> Q7 | B27: =IF(MASTER!B27="","",MASTER!B27) -> How often do you come across small and inexpensive electronic devices? (At work, at friends’, in shops, on the web or social media…) | C27: Hoe vaak komt u in uw dagelijks leven kleine, goedkope elektronische apparaten tegen? (op het werk, bij vrienden thuis, in winkels, op het internet of op sociale media…) | E27: À quelle fréquence voyez-vous de petits appareils électroniques peu coûteux? (Au travail, chez des amis, en magasin, sur Internet ou les réseaux sociaux…)
A28: =IF(MASTER!A28="","",MASTER!A28) | B28: =IF(MASTER!B28="","",MASTER!B28) -> · Everyday · At least once a week · At least once a month · Few times a year · Less or never | C28: Elke dag Minstens één keer per week Minstens één keer per maand Enkele keren per jaar Minder vaak of nooit | E28: Tous les jours Au moins une fois par semaine Au moins une fois par mois Quelques fois par an Moins souvent ou jamais
A29: =IF(MASTER!A29="","",MASTER!A29) | B29: =IF(MASTER!B29="","",MASTER!B29) -> [IF Q3a, Q3b OR Q3c is not “NONE”, go to Q8, IF Q3a, Q3b AND Q3c are “NONE” AND Q5 = “YES…”, jump to Q10, IF Q3a, Q3b AND Q3c are “NONE” AND Q5 = “No, never”, jump to Q22]
A30: =IF(MASTER!A30="","",MASTER!A30) | B30: =IF(MASTER!B30="","",MASTER!B30) -> [CREATE Items categories A and B: for each Q3a, Q3b, Q3c > 0 ; pick max 2, random]
A31: =IF(MASTER!A31="","",MASTER!A31) -> Instruction | B31: =IF(MASTER!B31="","",MASTER!B31) -> Now, we are going to talk about the small and inexpensive electronic devices you’ve used or still use. If you have multiple devices from the same category, consider the one you bought most recently. | C31: Laten we het hebben over de kleine, goedkope elektronische apparaten die u hebt gebruikt of nog steeds gebruikt. Als u meerdere apparaten in dezelfde categorie hebt, denk dan aan het apparaat dat u het meest recent hebt gekocht. | E31: Nous allons maintenant parler des petits appareils électroniques peu coûteux que vous avez utilisés ou utilisez encore. Si vous possédez plusieurs appareils d'une même catégorie, pensez à celui que vous avez acheté le plus récemment.
A32: =IF(MASTER!A32="","",MASTER!A32) -> Q8 | B32: =IF(MASTER!B32="","",MASTER!B32) -> Let’s talk about the most recent [Category A] you bought. | C32: Laten we het hebben over de meest recente [Categorie A] die u hebt gekocht. | E32: À propos du dernier appareil de la catégorie [Catégorie A] que vous avez acheté.
A33: =IF(MASTER!A33="","",MASTER!A33) | B33: =IF(MASTER!B33="","",MASTER!B33) -> [Shortlist = categories A and B]
A34: =IF(MASTER!A34="","",MASTER!A34) -> Q8a | B34: =IF(MASTER!B34="","",MASTER!B34) -> Did you intend to buy it? | C34: Was u van plan deze te kopen? | E34: Aviez-vous l'intention de l'acheter ?
A35: =IF(MASTER!A35="","",MASTER!A35) | B35: =IF(MASTER!B35="","",MASTER!B35) -> · I intended to buy it · It was not planned | C35: Ik was van plan deze te kopen Het was niet gepland | E35: J'avais l'intention de l'acheter Ce n'était pas prévu
A36: =IF(MASTER!A36="","",MASTER!A36) -> Q8b | B36: =IF(MASTER!B36="","",MASTER!B36) -> Why did you buy it? (Select all that apply) | C36: Waarom hebt u die gekocht? (Selecteer alle van toepassing zijnde opties) | E36: Pourquoi l'avez-vous acheté ? (Plusieurs réponses possibles)
A37: =IF(MASTER!A37="","",MASTER!A37) | B37: =IF(MASTER!B37="","",MASTER!B37) -> · For work, study or everyday use · As a temporary replacement (for one I forgot or that broke) · I wanted a newer version · As a spare device · I bought it even though I didn't really need it (ex: for fun, to try it…) · It was a gift for someone else · There was no other product / no other choice · Other: ____ | C37: · Voor werk, studie of dagelijks gebruik · Als tijdelijke vervanging (voor een vergeten of kapot apparaat) · Ik wilde een nieuwere versie · Als reserveapparaat · Ik kocht het terwijl ik het niet echt nodig had (bv.: voor de lol, om het uit te proberen…) · Het was een cadeau voor iemand anders · Er was geen ander product / geen andere keuze · Anders: ____ | E37: · Pour le travail, les études ou l'usage quotidien · Comme remplacement temporaire (d'un appareil oublié ou cassé) · Je voulais une version plus récente · Comme appareil de secours · Je l'ai acheté sans en avoir vraiment besoin (ex : pour le plaisir, pour essayer…) · C'était un cadeau pour quelqu'un d'autre · Il n'y avait pas d'autre produit / pas d'autre choix · Autre : ____
A38: =IF(MASTER!A38="","",MASTER!A38) -> Q9 | B38: =IF(MASTER!B38="","",MASTER!B38) -> Now, about the most recent [Category B] you bought. | C38: Nu, over de meest recente [Categorie B] die u hebt gekocht. | E38: Maintenant, à propos du dernier [Catégorie B] que vous avez acheté.
A39: =IF(MASTER!A39="","",MASTER!A39) | B39: =IF(MASTER!B39="","",MASTER!B39) -> [Shortlist = categories A and B]
A40: =IF(MASTER!A40="","",MASTER!A40) -> Q9a | B40: =IF(MASTER!B40="","",MASTER!B40) -> Did you intend to buy it? | C40: Was u van plan deze te kopen? | E40: Aviez-vous l'intention de l'acheter ?
A41: =IF(MASTER!A41="","",MASTER!A41) | B41: =IF(MASTER!B41="","",MASTER!B41) -> · I intended to buy it · It was not planned | C41: Ik was van plan deze te kopen Het was niet gepland | E41: J'avais l'intention de l'acheter Ce n'était pas prévu
A42: =IF(MASTER!A42="","",MASTER!A42) -> Q9b | B42: =IF(MASTER!B42="","",MASTER!B42) -> Why did you buy it? (Select all that apply) | C42: Waarom hebt u die gekocht? (Selecteer alle van toepassing zijnde opties) | E42: Pourquoi l'avez-vous acheté ? (Plusieurs réponses possibles)
A43: =IF(MASTER!A43="","",MASTER!A43) | B43: =IF(MASTER!B43="","",MASTER!B43) -> · For work, study or everyday use · As a temporary replacement (for one I forgot or that broke) · I wanted a newer version · As a spare device · I bought it even though I didn't really need it (ex: for fun, to try it…) · It was a gift for someone else · There was no other product / no other choice · Other: ____ | C43: · Voor werk, studie of dagelijks gebruik · Als tijdelijke vervanging (voor een vergeten of kapot apparaat) · Ik wilde een nieuwere versie · Als reserveapparaat · Ik kocht het terwijl ik het niet echt nodig had (bv.: voor de lol, om het uit te proberen…) · Het was een cadeau voor iemand anders · Er was geen ander product / geen andere keuze · Anders: ____ | E43: · Pour le travail, les études ou l'usage quotidien · Comme remplacement temporaire (d'un appareil oublié ou cassé) · Je voulais une version plus récente · Comme appareil de secours · Je l'ai acheté sans en avoir vraiment besoin (ex : pour le plaisir, pour essayer…) · C'était un cadeau pour quelqu'un d'autre · Il n'y avait pas d'autre produit / pas d'autre choix · Autre : ____
A44: =IF(MASTER!A44="","",MASTER!A44) | B44: =IF(MASTER!B44="","",MASTER!B44) -> [General question not specific to the randomly selected categories A and B]
A45: =IF(MASTER!A45="","",MASTER!A45) -> Q10 | B45: =IF(MASTER!B45="","",MASTER!B45) -> Generally speaking, what makes you buy small and inexpensive electronic devices rather than more expensive alternatives? (Select all that apply). | C45: Over het algemeen, waarom koopt u kleine en goedkope elektronische apparaten in plaats van duurdere alternatieven? (Vink alles aan wat van toepassing is). | E45: De manière générale, qu'est-ce qui vous pousse à acheter de petits appareils électroniques peu coûteux plutôt que des alternatives plus chères ? (Plusieurs réponses possibles)
A46: =IF(MASTER!A46="","",MASTER!A46) | B46: =IF(MASTER!B46="","",MASTER!B46) -> · They are more affordable · They are the only available option · They are easily available or showcased · I read positive reviews about them · Promotions or special deals · People I trust recommend them · I see them in ads or on social media · Curiosity, for fun, or trying something new · I don’t know · Other: ____ | C46: Ze zijn betaalbaarder Het is de enige beschikbare optie Ze zijn gemakkelijk beschikbaar of zichtbaar Ik heb er positieve recensies over gelezen Aanbiedingen of speciale prijzen Mensen die ik vertrouw bevelen ze aan Ik zie ze in advertenties of op sociale media Nieuwsgierigheid, voor het plezier of om iets nieuws te proberen Ik weet het niet Anders: ____ | E46: Ils sont plus abordables Ce sont les seuls disponibles Ils sont facilement disponibles ou mis en avant J'ai lu des avis positifs à leur sujet Des promotions ou des offres spéciales Des personnes en qui j'ai confiance me les recommandent Je les vois dans des publicités ou sur les réseaux sociaux Par curiosité, pour le plaisir ou pour essayer quelque chose de nouveau Je ne sais pas Autre : ____
A47: =IF(MASTER!A47="","",MASTER!A47) -> Q11 | B47: =IF(MASTER!B47="","",MASTER!B47) -> Where do you usually get your small and inexpensive electronic devices (no matter the category)? (Select all that apply) | C47: Waar koopt u meestal uw kleine en goedkope elektronische apparaten (ongeacht de categorie)? (Vink alles aan wat van toepassing is) | E47: Où vous procurez-vous habituellement vos petits appareils électroniques peu coûteux (toutes catégories confondues) ? (Plusieurs réponses possibles)
A48: =IF(MASTER!A48="","",MASTER!A48) | B48: =IF(MASTER!B48="","",MASTER!B48) -> · On the brand’s website · Online stores, marketplaces, social media · Tobacconist, convenience store · Physical stores, outdoor stall, market store · At the airport or a train station · As gifts, professional giveaways or merch · Second hand platform · I don’t remember · Other: ____ | C48: Op de website van het merk Online winkels, marktplaatsen, sociale media Buurtwinkel / minimarkt Fysieke winkels, kraampjes in de openbare ruimte, weekmarkt, Op de luchthaven of het treinstation, Als cadeau, zakelijke geschenken of merchandise Tweedehandsplatform Ik weet het niet meer Anders: ____ | E48: Sur le site web de la marque Sur des boutiques en ligne, marketplaces, réseaux sociaux Dans un bureau de tabac / une supérette Dans des magasins physiques, sur des stands en extérieur ou des marchés, À l'aéroport ou dans une gare, En cadeau, d'une entreprise ou des produits dérivés Sur une plateforme de seconde main Je ne m'en souviens pas Autre : ____
A49: =IF(MASTER!A49="","",MASTER!A49) | B49: =IF(MASTER!B49="","",MASTER!B49) -> [IF Q3a, Q3b AND Q3c are “NONE” AND Q5 = “Yes…”, jump to Q13]
A50: =IF(MASTER!A50="","",MASTER!A50) -> Q12 | B50: =IF(MASTER!B50="","",MASTER!B50) -> Among all the small and inexpensive electronic devices you’ve bought during the last 12 months, how many do you still personally use today? | C50: Van alle kleine en goedkope elektronische apparaten die u de afgelopen 12 maanden heeft gekocht, hoeveel gebruikt u er persoonlijk nog steeds? | E50: Parmi tous les petits appareils électroniques peu coûteux que vous avez achetés au cours des 12 derniers mois, combien en utilisez-vous encore personnellement aujourd'hui ?
A51: =IF(MASTER!A51="","",MASTER!A51) | B51: =IF(MASTER!B51="","",MASTER!B51) -> · None · 1 · 2 to 5 · 6 to 9 · 10 to 19 · 20 or more | C51: Geen 1 2 tot 5 6 tot 9 10 tot 19 20 of meer | E51: Aucun 1 2 à 5 6 à 9 10 à 19 20 ou plus
A52: =IF(MASTER!A52="","",MASTER!A52) -> Q13 | B52: =IF(MASTER!B52="","",MASTER!B52) -> Think about the small and inexpensive electronic devices you’ve ever had (excluding disposable e-cigarettes). What is the shortest period of time you have used one of them before discarding it? | C52: Denk aan de kleine en goedkope elektronische apparaten die u ooit heeft gehad (uitgezonderd wegwerp-e-sigaretten voor eenmalig gebruik). Wat is de kortste tijd dat u er een heeft gebruikt voordat u hem weggooide? | E52: Pensez aux petits appareils électroniques peu coûteux que vous avez déjà possédés (à l'exception des cigarettes électroniques jetables). Quelle est la durée la plus courte pendant laquelle vous avez utilisé l'un d'entre eux avant de vous en débarrasser ?
A53: =IF(MASTER!A53="","",MASTER!A53) | B53: =IF(MASTER!B53="","",MASTER!B53) -> · I got rid of it without ever using it · Single-use · Less than a week · Less than a month · 1 to 6 months · 6 to 12 months · 12 months or more · I don’t know / don’t remember | C53: Ik heb hem weggegooid zonder hem ooit te gebruiken Één keer Minder dan een week Minder dan een maand 1 tot 6 maanden 6 tot 12 maanden 12 maanden of meer Ik weet het niet / ik weet het niet meer | E53: Je m'en suis débarrassé sans jamais l'utiliser C'était un appareil à usage unique Moins d'une semaine Moins d'un mois 1 à 6 mois 6 à 12 mois 12 mois ou plus Je ne sais pas / je ne me souviens pas
A54: =IF(MASTER!A54="","",MASTER!A54) -> Q14 | B54: =IF(MASTER!B54="","",MASTER!B54) -> Over the last 12 months, how many of the following items have you personally disposed of? Take your time. Disposal happens in many ways and is easily overlooked: a broken cable tossed in the bin, a device that stopped working and was thrown out, an item given to a friend or family member, something sold or donated, items left behind during a move or a deep clean. Also think about replacements: when you got a new device, what happened to the old one? [Grid question] | C54: Hoeveel van de volgende spullen heeft u de afgelopen 12 maanden zelf weggegooid? Neem even de tijd. Afdanken gebeurt op veel verschillende manieren en wordt gemakkelijk over het hoofd gezien: een kapot toestel dat in de vuilnisbak belandt, een toestel dat niet meer werkte en werd weggegooid, een voorwerp dat aan een vriend of familielid werd gegeven, iets dat werd verkocht of geschonken, of spullen die achterbleven tijdens een verhuis of grote opruiming. Denk ook aan vervangingen: wanneer u een nieuw toestel kocht, wat gebeurde er dan met het oude? | D54: Van hoeveel van de volgende artikelen heeft u zich de afgelopen 12 maanden persoonlijk ontdaan?<br /><br />Neem uw tijd. Iets wegdoen gebeurt op veel manieren en wordt gemakkelijk over het hoofd gezien: een kapotte kabel in de vuilnisbak gegooid, een apparaat dat niet meer werkte en werd weggegooid, een artikel gegeven aan een vriend of familielid, iets verkocht of gedoneerd, artikelen achtergelaten tijdens een verhuizing of een grote schoonmaak. Denk ook aan vervangingen: toen u een nieuw apparaat kreeg, wat is er met het oude gebeurd?<br /><br /> | E54: Au cours des 12 derniers mois, de combien des articles suivants vous êtes-vous personnellement débarrassé·e ? Prenez votre temps. On se débarrasse des objets de bien des façons, souvent sans y prêter attention : un câble jeté à la poubelle, un appareil qui ne fonctionnait plus et que l'on a jeté, un article donné à un ami ou à un membre de la famille, quelque chose vendu ou donné, des objets laissés lors d'un déménagement ou d'un grand ménage. Pensez aussi aux remplacements : quand vous avez eu un nouvel appareil, qu'est devenu l'ancien ?
A55: =IF(MASTER!A55="","",MASTER!A55) -> Q14a | B55: =IF(MASTER!B55="","",MASTER!B55) -> Charging and lighting devices under €10 (ex: chargers, adapters, charging cables, LED strips and light bulbs, decorative and garden lights…) | C55: Oplaad- en verlichtingsartikelen onder € 10 (opladers, adapters, oplaadkabels, ledstrips en ledlampen, decoratieve verlichting en tuinverlichting…) | E55: Accessoires de recharge et d'éclairage à moins de 10 € ? (ex : câbles, chargeurs, adaptateurs, rubans LED, éclairage décoratif…)
A56: =IF(MASTER!A56="","",MASTER!A56) -> Q14b | B56: =IF(MASTER!B56="","",MASTER!B56) -> “High-tech” under €20? (ex: Bluetooth or wired audio devices, power banks, wearables and fitness trackers, PC accessories, game controllers…) | C56: Goedkope «high-tech» onder de € 20? (betaalbare oortjes en koptelefoons, powerbanks, wearables en fitness-armbanden, pc-accessoires…). | E56: Produits « high-tech » à moins de 20 € (ex : appareils audio Bluetooth ou filaires, batteries externes, objets connectés et trackers d'activité, accessoires PC, manettes de jeu, etc.)
A57: =IF(MASTER!A57="","",MASTER!A57) -> Q14c | B57: =IF(MASTER!B57="","",MASTER!B57) -> Gadget and lifestyle items under €20? (ex: mini fans and diffusers, desktop gadgets, electronic toys, cooking appliances, body and skin devices, home or pet gadgets…) | C57: Gadgets en lifestyle-artikelen onder de € 20? (miniventilatoren en diffusers, bureau-gadgets, elektronisch speelgoed, kleine keukenapparaten of apparaten voor lichaam en huid, gadgets voor in huis of voor huisdieren…). | E57: Gadgets et articles lifestyle à moins de 20 € (ex : mini-ventilateurs et diffuseurs, gadgets de bureau, jouets électroniques, appareils de cuisine, appareils pour soin du corps et de la peau, gadgets pour la maison ou les animaux…)
A58: =IF(MASTER!A58="","",MASTER!A58) -> Q14d | B58: =IF(MASTER!B58="","",MASTER!B58) -> Disposable single-use e-vapes? | C58: Wegwerp-e-sigaretten voor eenmalig gebruik? | E58: Cigarettes électroniques à usage unique ?
A59: =IF(MASTER!A59="","",MASTER!A59) | B59: =IF(MASTER!B59="","",MASTER!B59) -> · None · 1 · 2 to 5 · 6 to 9 · 10 to 19 · 20 or more | C59: Geen 1 2 tot 5 6 tot 9 10 tot 19 20 of meer | E59: Aucun 1 2 à 5 6 à 9 10 à 19 20 ou plus
A60: =IF(MASTER!A60="","",MASTER!A60) | B60: =IF(MASTER!B60="","",MASTER!B60) -> [IF Q5 = “Yes,…”, AND Q14a, Q14b AND Q14c = “NONE”, jump to Q16]
A61: =IF(MASTER!A61="","",MASTER!A61) -> Q15 | B61: =IF(MASTER!B61="","",MASTER!B61) -> What are the main reasons why you stopped using your small and inexpensive electronic devices? (Up to 2 answers) | C61: Wat zijn de belangrijkste redenen waarom u bent gestopt met het gebruik van uw kleine en goedkope elektronische apparaten? (Maximaal 2 antwoorden) | E61: Quelles sont les principales raisons pour lesquelles vous avez cessé d'utiliser ce ou ces appareils ? (Jusqu'à 2 réponses)
A62: =IF(MASTER!A62="","",MASTER!A62) | B62: =IF(MASTER!B62="","",MASTER!B62) -> · They’re intended for single use · They broke or became defective · They stopped working, although physically okay · They became dangerous · They were outdated, out of fashion or obsolete · I didn’t need them any more (replaced or no use of it) · I lost them · Other: ____ | C62: · Ze zijn bedoeld voor eenmalig gebruik · Ze gingen kapot of werden defect · Ze werkten niet meer, hoewel ze er fysiek goed uitzagen · Ze werden gevaarlijk · Ze waren verouderd, uit de mode of achterhaald · Ik had ze niet meer nodig (vervangen of geen nut meer) · Ik ben ze kwijtgeraakt · Anders: ____ | E62: · Ils sont conçus pour un usage unique · Ils ont cassé ou sont devenus défectueux · Ils ont cessé de fonctionner, bien qu'en bon état physique · Ils sont devenus dangereux · Ils étaient dépassés, démodés ou obsolètes · Je n'en avais plus besoin (remplacé ou plus d'utilité) · Je les ai perdus · Autre : ____
A63: =IF(MASTER!A63="","",MASTER!A63) -> Q16 | B63: =IF(MASTER!B63="","",MASTER!B63) -> Thinking about all the devices you have stopped using, what have you done with them? | C63: Als u denkt aan alle apparaten die u niet meer gebruikt, wat hebt u ermee gedaan? | E63: En pensant à tous les appareils que vous avez cessé d'utiliser, qu'en avez-vous fait ?
A64: =IF(MASTER!A64="","",MASTER!A64) | B64: =IF(MASTER!B64="","",MASTER!B64) -> · I kept them (at home, attic, basement, secondary home…) · I threw them in general household waste · I threw them in the plastic waste bin · I threw them in a street bin · I brought them to a recycling centre / municipal waste facility · I brought them to a recycling point in a store · I gave them away or donated · I sold them · I don’t remember · Other: ____ | C64: Ik heb ze bewaard (thuis, op zolder, in de kelder, in een tweede woning…) Ik heb ze bij het huishoudelijk afval gegooid Ik heb ze bij het plasticafval gegooid Ik heb ze in een vuilnisbak op straat gegooid Ik heb ze naar een recyclagepark / milieustraat gebracht Ik heb ze naar een inzamelpunt in een winkel gebracht Ik heb ze weggegeven of gedoneerd Ik heb ze verkocht Ik weet het niet meer Anders: ____ | E64: Je les ai gardés (à la maison, au grenier, à la cave, dans une résidence secondaire…) Je les ai jetés dans les ordures ménagères Je les ai jetés dans le bac de tri pour le plastique Je les ai jetés dans une poubelle de rue Je les ai apportés en déchèterie ou à un centre de collecte municipal Je les ai apportés à un point de collecte en magasin Je les ai donnés Je les ai vendus Je ne m'en souviens pas Autre : ____
A65: =IF(MASTER!A65="","",MASTER!A65) -> Q17 | B65: =IF(MASTER!B65="","",MASTER!B65) -> Why did you choose this or these solutions? (Select all that apply) | C65: Waarom koos u voor deze oplossing(en)? (Vink alles aan wat van toepassing is) | E65: Pourquoi avez-vous choisi cette ou ces solutions ? (Plusieurs réponses possibles)
A66: =IF(MASTER!A66="","",MASTER!A66) | B66: =IF(MASTER!B66="","",MASTER!B66) -> · It’s the easiest solution · It’s closest to home · It’s what I usually do with this kind of waste · I did it to protect the environment · It’s what my family and friends do with that kind of waste · I didn’t really think about it · I didn’t know where else to put it · Other: ____ | C66: Het is de makkelijkste oplossing Het is het dichtst bij mijn huis Dat doe ik meestal met dit soort afval Ik deed het om het milieu te beschermen Dat doen mijn familie en vrienden met dit soort afval Ik dacht er niet echt over na Ik wist niet waar ik het anders moest laten Anders: ____ | E66: C'est la solution la plus simple C'est l'option la plus proche de chez moi C'est ce que je fais habituellement pour ce type de déchets Je l'ai fait pour protéger l'environnement C'est ce que font ma famille et mes amis pour ce type de déchets Je n'y ai pas vraiment réfléchi Je ne savais pas où les mettre Autre : ____
A67: =IF(MASTER!A67="","",MASTER!A67) -> Q18 | B67: =IF(MASTER!B67="","",MASTER!B67) -> Overall, thinking back on the small and inexpensive devices you used, you would say you are: | C67: Over het algemeen, denkend aan de kleine en goedkope elektronische apparaten die u heeft gebruikt, zou u zeggen dat u: | E67: Globalement, lorsque vous repensez aux petits appareils peu coûteux que vous avez utilisés, vous diriez que vous êtes :
A68: =IF(MASTER!A68="","",MASTER!A68) | B68: =IF(MASTER!B68="","",MASTER!B68) -> · Very dissatisfied · Dissatisfied · Neither satisfied nor dissatisfied · Satisfied · Very satisfied | C68: Zeer ontevreden Ontevreden Noch tevreden, noch ontevreden Tevreden Zeer tevreden | E68: Très insatisfait·e Insatisfait·e Ni satisfait·e ni insatisfait·e Satisfait·e Très satisfait·e
A69: =IF(MASTER!A69="","",MASTER!A69) -> Q19 | B69: =IF(MASTER!B69="","",MASTER!B69) -> When you bought those small and inexpensive devices, would you have been willing to pay more for similar items that you could use over a longer time period? | C69: Toen u deze kleine en goedkope elektronische apparaten kocht, was u toen bereid meer te betalen voor vergelijkbare artikelen die u langer zou kunnen gebruiken? | E69: Lorsque vous avez acheté ces petits appareils peu coûteux, auriez-vous été prêt·e à payer plus pour des petits appareils similaires que vous auriez pu utiliser plus longtemps ?
A70: =IF(MASTER!A70="","",MASTER!A70) | B70: =IF(MASTER!B70="","",MASTER!B70) -> · No · Yes, for some of them · Yes, for most of them · Yes, for all of them | C70: Nee Ja, voor sommige Ja, voor de meeste Ja, voor allemaal | E70: Non Oui, pour certains d'entre eux Oui, pour la plupart d'entre eux Oui, pour tous
A71: =IF(MASTER!A71="","",MASTER!A71) -> Q20 | B71: =IF(MASTER!B71="","",MASTER!B71) -> If you had to replace a small and inexpensive electronic device that broke, you would… | C71: Als u een klein en goedkoop elektronisch apparaat dat kapot is, zou moeten vervangen, zou u dan… | E71: Si vous deviez remplacer un petit appareil électronique peu coûteux qui est tombé en panne, vous…
A72: =IF(MASTER!A72="","",MASTER!A72) | B72: =IF(MASTER!B72="","",MASTER!B72) -> · Buy the exact same small and inexpensive model · Buy another small and inexpensive device · Buy a more expensive one · Choose not to replace it · Other: ____ | C72: Precies hetzelfde kleine en goedkope model kopen Een ander klein en goedkoop apparaat kopen Een duurder apparaat kopen Ervoor kiezen het niet te vervangen Anders: ____ | E72: Achèteriez exactement le même petit appareil peu coûteux Achèteriez un autre petit appareil peu coûteux Achèteriez un appareil plus cher Choisiriez de ne pas le remplacer Autre : ____
... A105: =IF(MASTER!A105="","",MASTER!A105) | B105: =IF(MASTER!B105="","",MASTER!B105) -> · Large city (more than 100,000 inhabitants) · Suburb of a large city · Small or medium sized city · Rural area or village · Other:_____ · Prefer not to say | C105: Grote stad (meer dan 100.000 inwoners) Voorstad van een grote stad Klein of middelgroot stadje Landelijk gebied of dorp Anders: _____ Zeg ik liever niet | E105: Grande ville (plus de 100 000 habitants) Banlieue d'une grande ville Ville petite ou moyenne Zone rurale ou village Autre : _____ Préfère ne pas répondre
B106: =IF(MASTER!B106="","",MASTER!B106) -> Thank you for completing this survey. All devices, large or small, with a cable, a plug or a battery can be reused or recycled. Please, never throw them in the bin; take them to your nearest collection point so they can be recycled. → Link to PRO(s) websites | C106: Bedankt voor het invullen van deze enquête. Alle apparaten, klein of groot die werken op stroom, die un kunt opladen of werken op een batterij moeten gerecycleerd worden. Gooi ze nooit in de vuilnisbak. Breng ze binnen in een Recupel-punt bij u in de buurt. U vindt er een op recupel.be | E106: Merci d'avoir répondu à ce questionnaire. Tous les appareils, petits ou grands, équipés d'un câble, d'une prise ou d'une batterie, peuvent être réutilisés ou recyclés. Ne les jetez jamais à la poubelle ; apportez-les au point de collecte le plus proche afin qu'ils puissent être recyclés. Plus d'information sur recupel.be
B107: =IF(MASTER!B107="","",MASTER!B107)
B108: =IF(MASTER!B108="","",MASTER!B108)
B109: =IF(MASTER!B109="","",MASTER!B109)
B110: =IF(MASTER!B110="","",MASTER!B110)
B111: =IF(MASTER!B111="","",MASTER!B111)
B112: =IF(MASTER!B112="","",MASTER!B112)

Sheet France
A1: =MASTER!A1 -> # | B1: MASTER | C1: French | D1: ← Comments
A2: =IF(MASTER!A2="","",MASTER!A2) -> Intro | B2: =IF(MASTER!B2="","",MASTER!B2) -> Thank you for participating in this survey. It will take approximately 15 minutes to complete. There are no right or wrong answers; please tell us your open and honest opinion. Your confidentiality is assured and all responses will be analysed in aggregate and not individually. By continuing, you confirm that you have read the above and agree to participate in this research survey. Your responses will be processed anonymously and together with those of other participants for research purposes, in line with GDPR. You can reach contact@bellegarde.co to access or erase your data. When you are ready to move on to the next page, click the “Continue” button located at the bottom of the page. | C2: Merci de participer à cette enquête. Il vous faudra environ 15 minutes pour y répondre. Il n'y a pas de bonne ou de mauvaise réponse ; donnez-nous votre opinion sincère. En continuant, vous confirmez avoir pris connaissance de ce qui précède et acceptez de participer à cette enquête de recherche. La confidentialité de vos données est garantie, vos réponses seront traitées de manière anonyme et avec celles des autres participants à des fins de recherche, conformément au RGPD. Vous pouvez contacter contact@bellegarde.co pour accéder à vos données ou les supprimer. Lorsque vous êtes prêt·e à passer à la page suivante, cliquez sur le bouton « Continuer » situé en bas de la page. | D2: Intro INCOMPLÈTE vs master : il manque la phrase de confidentialité « Your confidentiality is assured and all responses will be analysed in aggregate and not individually », et « open and honest opinion » est réduit à « opinion sincère ». Ajouter p.ex. : « …donnez-nous votre opinion sincère. La confidentialité de vos réponses est garantie ; elles seront analysées de manière globale et non individuelle. » pour rester aligné sur le master et les autres langues. | E2: =IF(MASTER!F2="","",MASTER!F2) | F2: =IF(MASTER!G2="","",MASTER!G2) | G2: =IF(MASTER!H2="","",MASTER!H2) | H2: =IF(MASTER!I2="","",MASTER!I2) | I2: =IF(MASTER!J2="","",MASTER!J2) | J2: =IF(MASTER!K2="","",MASTER!K2)
A3: =IF(MASTER!A3="","",MASTER!A3) -> Q1 | B3: =IF(MASTER!B3="","",MASTER!B3) -> How old are you? | C3: Quel âge avez-vous ?
A4: =IF(MASTER!A4="","",MASTER!A4) | B4: =IF(MASTER!B4="","",MASTER!B4) -> [Number]
A5: =IF(MASTER!A5="","",MASTER!A5) -> Q2 | B5: =IF(MASTER!B5="","",MASTER!B5) -> Including yourself, how many people live in your household? | C5: En vous incluant, combien de personnes vivent dans votre foyer ?
A6: =IF(MASTER!A6="","",MASTER!A6) | B6: =IF(MASTER!B6="","",MASTER!B6) -> [Number]
A7: =IF(MASTER!A7="","",MASTER!A7) | B7: =IF(MASTER!B7="","",MASTER!B7) -> [IF Q1>1]
A8: =IF(MASTER!A8="","",MASTER!A8) -> Q2a | B8: =IF(MASTER!B8="","",MASTER!B8) -> How many of them are under 18 years old? | C8: Combien d'entre elles ont moins de 18 ans ?
A9: =IF(MASTER!A9="","",MASTER!A9) | B9: =IF(MASTER!B9="","",MASTER!B9) -> [Number]
A10: =IF(MASTER!A10="","",MASTER!A10) -> Q3 | B10: =IF(MASTER!B10="","",MASTER!B10) -> How many of the following items did you personally buy, over the last 12 months? Take your time. These items are easy to forget: a cable in a drawer, a small gadget on a desk, a quick buy at a checkout, a gift you received or gave, something bought online… Think about the places where you could keep them: drawers, bags, a car, a kitchen, a desk, a bathroom… [grid question] | C10: Combien des articles suivants avez-vous personnellement achetés au cours des 12 derniers mois ? Prenez votre temps. On oublie facilement ces articles : un câble dans un tiroir, un petit gadget sur un bureau, un achat rapide à la caisse, un cadeau que vous avez reçu ou offert, un article acheté en ligne… Pensez aux endroits où vous pourriez les ranger : tiroirs, sacs, voiture, cuisine, bureau, salle de bains…
A11: =IF(MASTER!A11="","",MASTER!A11) -> Q3a | B11: =IF(MASTER!B11="","",MASTER!B11) -> Charging and lighting devices under €10: chargers, adapters, charging cables (USB-A, USB-C, lightning, micro-USB…), LED strips and light bulbs, clip-on and small desk lamps, decorative and garden lights… | C11: Accessoires de recharge et d'éclairage à moins de 10 € : chargeurs, adaptateurs, câbles de charge (USB-A, USB-C, lightning, micro-USB…), rubans LED et ampoules, lampes à pince et petites lampes de bureau, lumières décoratives et de jardin…
A12: =IF(MASTER!A12="","",MASTER!A12) -> Q3b | B12: =IF(MASTER!B12="","",MASTER!B12) -> “High-tech” under €20: Bluetooth or wired audio devices (earphones/headphones, speakers…), power banks, wearables and fitness trackers (like smart bands and smartwatches), PC accessories (USB drives or hubs, mice, keyboards, webcams…), game controllers… | C12: Appareils « high-tech » à moins de 20 € : appareils audio Bluetooth ou filaires (écouteurs/casques, enceintes…), batteries externes, objets connectés et trackers d'activité (bracelets connectés et montres connectées), accessoires PC (clés ou hubs USB, souris, claviers, webcams…), manettes de jeu, etc.
A13: =IF(MASTER!A13="","",MASTER!A13) -> Q3c | B13: =IF(MASTER!B13="","",MASTER!B13) -> Gadgets and lifestyle items under €20: mini fans and diffusers, desktop gadgets, electronic toys (handheld consoles, fidget toys, RC cars…), cooking appliances (milk frother, mini blender, cookers…), body and skin devices (mini massager, travel razor or electric toothbrush…), home devices (alarms, cameras, smart sensors, bug zapper), pet gadgets (laser toys, auto feeder or water fountain…) | C13: Gadgets et objets du quotidien à moins de 20 € : mini-ventilateurs et diffuseurs, gadgets de bureau, jouets électroniques (consoles portables, voitures télécommandées…), appareils de cuisine (mousseur à lait, mini-blender, cuiseurs…), appareils pour le corps et la peau (mini-masseur, rasoir de voyage ou brosse à dents électrique…), appareils pour la maison (alarmes, caméras, capteurs connectés, tue-mouches électrique), gadgets pour animaux (jouets laser, distributeur automatique ou fontaine à eau…)
A14: =IF(MASTER!A14="","",MASTER!A14) | B14: =IF(MASTER!B14="","",MASTER!B14) -> · None · 1 · 2 to 5 · 6 to 9 · 10 to 19 · 20 or more | C14: Aucun 1 2 à 5 6 à 9 10 à 19 20 ou plus
A15: =IF(MASTER!A15="","",MASTER!A15) -> Q4 | B15: =IF(MASTER!B15="","",MASTER!B15) -> How many of the following items are currently in your household (regardless of who bought them or when)? Think room by room: your kitchen (cookware, small appliances), your bedroom (chargers, sleep gadgets), your bathroom (grooming devices), your desk and bag (cables, accessories, headphones), your living room (remotes, lights), your car, your entryway. Don't forget items in drawers, boxes or that you haven't used in a while… [grid question] | C15: Combien des articles suivants se trouvent actuellement dans votre foyer (peu importe qui les a achetés ou quand) ? Pensez pièce par pièce : votre cuisine (ustensiles, petits appareils), votre chambre (chargeurs, gadgets de sommeil), votre salle de bains (appareils de soin), votre bureau et votre sac (câbles, accessoires, écouteurs), votre salon (télécommandes, luminaires), votre voiture, votre entrée. N'oubliez pas les articles rangés dans des tiroirs, des boîtes ou que vous n'avez pas utilisés depuis un moment…
A16: =IF(MASTER!A16="","",MASTER!A16) -> Q4a | B16: =IF(MASTER!B16="","",MASTER!B16) -> Charging and lighting devices under €10 (ex: chargers, adapters, charging cables, LED strips and light bulbs, decorative and garden lights…) | C16: Accessoires de recharge et d'éclairage à moins de 10 € (ex : chargeurs, adaptateurs, câbles de charge, rubans LED et ampoules, lumières décoratives et de jardin…)
A17: =IF(MASTER!A17="","",MASTER!A17) -> Q4b | B17: =IF(MASTER!B17="","",MASTER!B17) -> “High-tech” under €20 (ex: Bluetooth or wired audio devices, power banks, wearables and fitness trackers, PC accessories, game controllers…) | C17: Appareils « high-tech » à moins de 20 € (ex : appareils audio Bluetooth ou filaires, batteries externes, objets connectés et trackers d'activité, accessoires PC, manettes de jeu…)
A18: =IF(MASTER!A18="","",MASTER!A18) -> Q4c | B18: =IF(MASTER!B18="","",MASTER!B18) -> Gadgets and lifestyle items under €20 (ex: mini fans and diffusers, desktop gadgets, electronic toys, cooking appliances, body and skin devices, home or pet gadgets…) | C18: Gadgets et objets du quotidien à moins de 20 € (ex : mini-ventilateurs et diffuseurs, gadgets de bureau, jouets électroniques, appareils de cuisine, appareils pour le corps et la peau, gadgets pour la maison ou les animaux…)
A19: =IF(MASTER!A19="","",MASTER!A19) -> Q4d | B19: =IF(MASTER!B19="","",MASTER!B19) -> Disposable single-use e-vapes | C19: Cigarettes électroniques jetables à usage unique
A20: =IF(MASTER!A20="","",MASTER!A20) | B20: =IF(MASTER!B20="","",MASTER!B20) -> · None · 1 · 2 to 5 · 6 to 9 · 10 to 19 · 20 or more" | C20: Aucune 1 2 à 5 6 à 9 10 à 19 20 ou plus
A21: =IF(MASTER!A21="","",MASTER!A21) | B21: =IF(MASTER!B21="","",MASTER!B21) -> [IF Q3a, Q3b or Q3c is not “NONE”, jump to Q7]
A22: =IF(MASTER!A22="","",MASTER!A22) -> Q5 | B22: =IF(MASTER!B22="","",MASTER!B22) -> Have you ever bought small and inexpensive electronic devices? | C22: Avez-vous déjà acheté de petits appareils électroniques peu coûteux ?
A23: =IF(MASTER!A23="","",MASTER!A23) | B23: =IF(MASTER!B23="","",MASTER!B23) -> · Yes, quite often [jump to Q7] · Yes, occasionally [jump to Q7] · Yes, once [jump to Q7] · No, never [go to Q6] | C23: · Oui, assez souvent [aller à Q7] · Oui, occasionnellement [aller à Q7] · Oui, une fois [aller à Q7] · Non, jamais [aller à Q6]
A24: =IF(MASTER!A24="","",MASTER!A24) | B24: =IF(MASTER!B24="","",MASTER!B24) -> [IF Q5 = “Yes,…”, jump to Q7]
A25: =IF(MASTER!A25="","",MASTER!A25) -> Q6 | B25: =IF(MASTER!B25="","",MASTER!B25) -> Which of these describe why you have never bought any small and inexpensive electronic device? (Select all that apply) | C25: Parmi les propositions suivantes, quelles sont les raisons pour lesquelles vous n'avez jamais acheté de petit appareil électronique peu coûteux ? (Plusieurs réponses possibles)
A26: =IF(MASTER!A26="","",MASTER!A26) | B26: =IF(MASTER!B26="","",MASTER!B26) -> · I don’t know where to buy them · I don’t need them or I already own similar items · I prefer higher-quality, longer-lasting alternatives · Because of their impact on the environment · Because of their social impact (e.g., working conditions of the workers) · Someone else buys electronic devices at home · I don’t know · Other: ____ | C26: Je ne sais pas où en acheter Je n'en ai pas besoin ou j'ai déjà des petits appareils similaires Je préfère des alternatives de meilleure qualité, plus durables En raison de leur impact sur l'environnement En raison de leur impact social (ex: les conditions de travail des ouvriers) Une autre personne du foyer achète les appareils électroniques Je ne sais pas Autre : ____
A27: =IF(MASTER!A27="","",MASTER!A27) -> Q7 | B27: =IF(MASTER!B27="","",MASTER!B27) -> How often do you come across small and inexpensive electronic devices? (At work, at friends’, in shops, on the web or social media…) | C27: À quelle fréquence voyez-vous de petits appareils électroniques peu coûteux? (Au travail, chez des amis, en magasin, sur Internet ou les réseaux sociaux…)
A28: =IF(MASTER!A28="","",MASTER!A28) | B28: =IF(MASTER!B28="","",MASTER!B28) -> · Everyday · At least once a week · At least once a month · Few times a year · Less or never | C28: Tous les jours Au moins une fois par semaine Au moins une fois par mois Quelques fois par an Moins souvent ou jamais
A29: =IF(MASTER!A29="","",MASTER!A29) | B29: =IF(MASTER!B29="","",MASTER!B29) -> [IF Q3a, Q3b OR Q3c is not “NONE”, go to Q8, IF Q3a, Q3b AND Q3c are “NONE” AND Q5 = “YES…”, jump to Q10, IF Q3a, Q3b AND Q3c are “NONE” AND Q5 = “No, never”, jump to Q22]
A30: =IF(MASTER!A30="","",MASTER!A30) | B30: =IF(MASTER!B30="","",MASTER!B30) -> [CREATE Items categories A and B: for each Q3a, Q3b, Q3c > 0 ; pick max 2, random]
A31: =IF(MASTER!A31="","",MASTER!A31) -> Instruction | B31: =IF(MASTER!B31="","",MASTER!B31) -> Now, we are going to talk about the small and inexpensive electronic devices you’ve used or still use. If you have multiple devices from the same category, consider the one you bought most recently. | C31: Nous allons maintenant parler des petits appareils électroniques peu coûteux que vous avez utilisés ou utilisez encore. Si vous possédez plusieurs appareils d'une même catégorie, pensez à celui que vous avez acheté le plus récemment.
A32: =IF(MASTER!A32="","",MASTER!A32) -> Q8 | B32: =IF(MASTER!B32="","",MASTER!B32) -> Let’s talk about the most recent [Category A] you bought. | C32: À propos du dernier appareil de la catégorie [Catégorie A] que vous avez acheté.
A33: =IF(MASTER!A33="","",MASTER!A33) | B33: =IF(MASTER!B33="","",MASTER!B33) -> [Shortlist = categories A and B]
A34: =IF(MASTER!A34="","",MASTER!A34) -> Q8a | B34: =IF(MASTER!B34="","",MASTER!B34) -> Did you intend to buy it? | C34: Aviez-vous l'intention de l'acheter ?
A35: =IF(MASTER!A35="","",MASTER!A35) | B35: =IF(MASTER!B35="","",MASTER!B35) -> · I intended to buy it · It was not planned | C35: J'avais l'intention de l'acheter Ce n'était pas prévu
A36: =IF(MASTER!A36="","",MASTER!A36) -> Q8b | B36: =IF(MASTER!B36="","",MASTER!B36) -> Why did you buy it? (Select all that apply) | C36: Pourquoi l'avez-vous acheté ? (Plusieurs réponses possibles)
A37: =IF(MASTER!A37="","",MASTER!A37) | B37: =IF(MASTER!B37="","",MASTER!B37) -> · For work, study or everyday use · As a temporary replacement (for one I forgot or that broke) · I wanted a newer version · As a spare device · I bought it even though I didn't really need it (ex: for fun, to try it…) · It was a gift for someone else · There was no other product / no other choice · Other: ____ | C37: · Pour le travail, les études ou l'usage quotidien · Comme remplacement temporaire (d'un appareil oublié ou cassé) · Je voulais une version plus récente · Comme appareil de rechange · Je l'ai acheté sans en avoir vraiment besoin (ex : pour le plaisir, pour essayer…) · C'était un cadeau pour quelqu'un d'autre · Il n'y avait pas d'autre produit / pas d'autre choix · Autre : ____
A38: =IF(MASTER!A38="","",MASTER!A38) -> Q9 | B38: =IF(MASTER!B38="","",MASTER!B38) -> Now, about the most recent [Category B] you bought. | C38: Maintenant, à propos du dernier [Catégorie B] que vous avez acheté.
A39: =IF(MASTER!A39="","",MASTER!A39) | B39: =IF(MASTER!B39="","",MASTER!B39) -> [Shortlist = categories A and B]
A40: =IF(MASTER!A40="","",MASTER!A40) -> Q9a | B40: =IF(MASTER!B40="","",MASTER!B40) -> Did you intend to buy it? | C40: Aviez-vous l'intention de l'acheter ?
A41: =IF(MASTER!A41="","",MASTER!A41) | B41: =IF(MASTER!B41="","",MASTER!B41) -> · I intended to buy it · It was not planned | C41: J'avais l'intention de l'acheter Ce n'était pas prévu
A42: =IF(MASTER!A42="","",MASTER!A42) -> Q9b | B42: =IF(MASTER!B42="","",MASTER!B42) -> Why did you buy it? (Select all that apply) | C42: Pourquoi l'avez-vous acheté ? (Plusieurs réponses possibles)
A43: =IF(MASTER!A43="","",MASTER!A43) | B43: =IF(MASTER!B43="","",MASTER!B43) -> · For work, study or everyday use · As a temporary replacement (for one I forgot or that broke) · I wanted a newer version · As a spare device · I bought it even though I didn't really need it (ex: for fun, to try it…) · It was a gift for someone else · There was no other product / no other choice · Other: ____ | C43: · Pour le travail, les études ou l'usage quotidien · Comme remplacement temporaire (d'un appareil oublié ou cassé) · Je voulais une version plus récente · Comme appareil de rechange · Je l'ai acheté sans en avoir vraiment besoin (ex : pour le plaisir, pour essayer…) · C'était un cadeau pour quelqu'un d'autre · Il n'y avait pas d'autre produit / pas d'autre choix · Autre : ____
A44: =IF(MASTER!A44="","",MASTER!A44) | B44: =IF(MASTER!B44="","",MASTER!B44) -> [General question not specific to the randomly selected categories A and B]
A45: =IF(MASTER!A45="","",MASTER!A45) -> Q10 | B45: =IF(MASTER!B45="","",MASTER!B45) -> Generally speaking, what makes you buy small and inexpensive electronic devices rather than more expensive alternatives? (Select all that apply). | C45: De manière générale, qu'est-ce qui vous pousse à acheter de petits appareils électroniques peu coûteux plutôt que des alternatives plus chères ? (Plusieurs réponses possibles)
A46: =IF(MASTER!A46="","",MASTER!A46) | B46: =IF(MASTER!B46="","",MASTER!B46) -> · They are more affordable · They are the only available option · They are easily available or showcased · I read positive reviews about them · Promotions or special deals · People I trust recommend them · I see them in ads or on social media · Curiosity, for fun, or trying something new · I don’t know · Other: ____ | C46: Ils sont plus abordables Ce sont les seuls disponibles Ils sont facilement disponibles ou mis en avant J'ai lu des avis positifs à leur sujet Des promotions ou des offres spéciales Des personnes en qui j'ai confiance me les recommandent Je les vois dans des publicités ou sur les réseaux sociaux Par curiosité, pour le plaisir ou pour essayer quelque chose de nouveau Je ne sais pas Autre : ____
A47: =IF(MASTER!A47="","",MASTER!A47) -> Q11 | B47: =IF(MASTER!B47="","",MASTER!B47) -> Where do you usually get your small and inexpensive electronic devices (no matter the category)? (Select all that apply) | C47: Où vous procurez-vous habituellement vos petits appareils électroniques peu coûteux (toutes catégories confondues) ? (Plusieurs réponses possibles)
A48: =IF(MASTER!A48="","",MASTER!A48) | B48: =IF(MASTER!B48="","",MASTER!B48) -> · On the brand’s website · Online stores, marketplaces, social media · Tobacconist, convenience store · Physical stores, outdoor stall, market store · At the airport or a train station · As gifts, professional giveaways or merch · Second hand platform · I don’t remember · Other: ____ | C48: Sur le site internet de la marque Sur des boutiques en ligne, marketplaces, réseaux sociaux Chez un buraliste / une supérette Dans des magasins physiques, sur des stands en extérieur ou des marchés, À l'aéroport ou dans une gare, En cadeau, goodies professionnels ou produits dérivés Sur une plateforme de seconde main Je ne m'en souviens pas Autre : ____
A49: =IF(MASTER!A49="","",MASTER!A49) | B49: =IF(MASTER!B49="","",MASTER!B49) -> [IF Q3a, Q3b AND Q3c are “NONE” AND Q5 = “Yes…”, jump to Q13]
A50: =IF(MASTER!A50="","",MASTER!A50) -> Q12 | B50: =IF(MASTER!B50="","",MASTER!B50) -> Among all the small and inexpensive electronic devices you’ve bought during the last 12 months, how many do you still personally use today? | C50: Parmi tous les petits appareils électroniques peu coûteux que vous avez achetés au cours des 12 derniers mois, combien en utilisez-vous encore personnellement aujourd'hui ?
A51: =IF(MASTER!A51="","",MASTER!A51) | B51: =IF(MASTER!B51="","",MASTER!B51) -> · None · 1 · 2 to 5 · 6 to 9 · 10 to 19 · 20 or more | C51: Aucun 1 2 à 5 6 à 9 10 à 19 20 ou plus
A52: =IF(MASTER!A52="","",MASTER!A52) -> Q13 | B52: =IF(MASTER!B52="","",MASTER!B52) -> Think about the small and inexpensive electronic devices you’ve ever had (excluding disposable e-cigarettes). What is the shortest period of time you have used one of them before discarding it? | C52: Pensez aux petits appareils électroniques peu coûteux que vous avez déjà eus (hors cigarettes électroniques jetables). Quelle est la durée la plus courte pendant laquelle vous avez utilisé l'un d'entre eux avant de vous en débarrasser ?
A53: =IF(MASTER!A53="","",MASTER!A53) | B53: =IF(MASTER!B53="","",MASTER!B53) -> · I got rid of it without ever using it · Single-use · Less than a week · Less than a month · 1 to 6 months · 6 to 12 months · 12 months or more · I don’t know / don’t remember | C53: Je m'en suis débarrassé sans jamais l'utiliser C'était un appareil à usage unique Moins d'une semaine Moins d'un mois 1 à 6 mois 6 à 12 mois 12 mois ou plus Je ne sais pas / je ne me souviens pas
A54: =IF(MASTER!A54="","",MASTER!A54) -> Q14 | B54: =IF(MASTER!B54="","",MASTER!B54) -> Over the last 12 months, how many of the following items have you personally disposed of? Take your time. Disposal happens in many ways and is easily overlooked: a broken cable tossed in the bin, a device that stopped working and was thrown out, an item given to a friend or family member, something sold or donated, items left behind during a move or a deep clean. Also think about replacements: when you got a new device, what happened to the old one? [Grid question] | C54: Au cours des 12 derniers mois, de combien des articles suivants vous êtes-vous personnellement débarrassé·e ? Prenez votre temps. On se débarrasse des objets de bien des façons, souvent sans y prêter attention : un câble jeté à la poubelle, un appareil qui ne fonctionnait plus et que l'on a jeté, un article donné à un ami ou à un membre de la famille, quelque chose vendu ou donné, des objets laissés lors d'un déménagement ou d'un grand ménage. Pensez aussi aux remplacements : quand vous avez eu un nouvel appareil, qu'est devenu l'ancien ?
A55: =IF(MASTER!A55="","",MASTER!A55) -> Q14a | B55: =IF(MASTER!B55="","",MASTER!B55) -> Charging and lighting devices under €10 (ex: chargers, adapters, charging cables, LED strips and light bulbs, decorative and garden lights…) | C55: Accessoires de recharge et d'éclairage à moins de 10 € (ex : chargeurs, adaptateurs, câbles de charge, rubans LED et ampoules, lumières décoratives et de jardin…)
A56: =IF(MASTER!A56="","",MASTER!A56) -> Q14b | B56: =IF(MASTER!B56="","",MASTER!B56) -> “High-tech” under €20? (ex: Bluetooth or wired audio devices, power banks, wearables and fitness trackers, PC accessories, game controllers…) | C56: Appareils « high-tech » à moins de 20 € (ex : appareils audio Bluetooth ou filaires, batteries externes, objets connectés et trackers d'activité, accessoires PC, manettes de jeu…)
A57: =IF(MASTER!A57="","",MASTER!A57) -> Q14c | B57: =IF(MASTER!B57="","",MASTER!B57) -> Gadget and lifestyle items under €20? (ex: mini fans and diffusers, desktop gadgets, electronic toys, cooking appliances, body and skin devices, home or pet gadgets…) | C57: Gadgets et objets du quotidien à moins de 20 € (ex : mini-ventilateurs et diffuseurs, gadgets de bureau, jouets électroniques, appareils de cuisine, appareils pour le corps et la peau, gadgets pour la maison ou les animaux…)
A58: =IF(MASTER!A58="","",MASTER!A58) -> Q14d | B58: =IF(MASTER!B58="","",MASTER!B58) -> Disposable single-use e-vapes? | C58: Cigarettes électroniques à usage unique ?
A59: =IF(MASTER!A59="","",MASTER!A59) | B59: =IF(MASTER!B59="","",MASTER!B59) -> · None · 1 · 2 to 5 · 6 to 9 · 10 to 19 · 20 or more | C59: Aucun 1 2 à 5 6 à 9 10 à 19 20 ou plus
A60: =IF(MASTER!A60="","",MASTER!A60) | B60: =IF(MASTER!B60="","",MASTER!B60) -> [IF Q5 = “Yes,…”, AND Q14a, Q14b AND Q14c = “NONE”, jump to Q16]
A61: =IF(MASTER!A61="","",MASTER!A61) -> Q15 | B61: =IF(MASTER!B61="","",MASTER!B61) -> What are the main reasons why you stopped using your small and inexpensive electronic devices? (Up to 2 answers) | C61: Quelles sont les principales raisons pour lesquelles vous avez cessé d'utiliser ce ou ces appareils ? (Jusqu'à 2 réponses)
A62: =IF(MASTER!A62="","",MASTER!A62) | B62: =IF(MASTER!B62="","",MASTER!B62) -> · They’re intended for single use · They broke or became defective · They stopped working, although physically okay · They became dangerous · They were outdated, out of fashion or obsolete · I didn’t need them any more (replaced or no use of it) · I lost them · Other: ____ | C62: · Ils sont conçus pour un usage unique · Ils ont cassé ou sont devenus défectueux · Ils ont cessé de fonctionner, bien qu'en bon état physique · Ils sont devenus dangereux · Ils étaient dépassés, démodés ou obsolètes · Je n'en avais plus besoin (remplacé ou plus d'utilité) · Je les ai perdus · Autre : ____
A63: =IF(MASTER!A63="","",MASTER!A63) -> Q16 | B63: =IF(MASTER!B63="","",MASTER!B63) -> Thinking about all the devices you have stopped using, what have you done with them? | C63: En pensant à tous les appareils que vous avez cessé d'utiliser, qu'en avez-vous fait ?
A64: =IF(MASTER!A64="","",MASTER!A64) | B64: =IF(MASTER!B64="","",MASTER!B64) -> · I kept them (at home, attic, basement, secondary home…) · I threw them in general household waste · I threw them in the plastic waste bin · I threw them in a street bin · I brought them to a recycling centre / municipal waste facility · I brought them to a recycling point in a store · I gave them away or donated · I sold them · I don’t remember · Other: ____ | C64: Je les ai gardés (à la maison, au grenier, à la cave, dans une résidence secondaire…) Je les ai jetés dans les ordures ménagères Je les ai jetés dans le bac de tri pour le plastique Je les ai jetés dans une poubelle de rue Je les ai apportés en déchèterie ou à un centre de collecte municipal Je les ai apportés à un point de collecte en magasin Je les ai donnés Je les ai vendus Je ne m'en souviens pas Autre : ____
A65: =IF(MASTER!A65="","",MASTER!A65) -> Q17 | B65: =IF(MASTER!B65="","",MASTER!B65) -> Why did you choose this or these solutions? (Select all that apply) | C65: Pourquoi avez-vous choisi cette ou ces solutions ? (Plusieurs réponses possibles)
A66: =IF(MASTER!A66="","",MASTER!A66) | B66: =IF(MASTER!B66="","",MASTER!B66) -> · It’s the easiest solution · It’s closest to home · It’s what I usually do with this kind of waste · I did it to protect the environment · It’s what my family and friends do with that kind of waste · I didn’t really think about it · I didn’t know where else to put it · Other: ____ | C66: C'est la solution la plus simple C'est l'option la plus proche de chez moi C'est ce que je fais habituellement pour ce type de déchets Je l'ai fait pour protéger l'environnement C'est ce que font ma famille et mes amis pour ce type de déchets Je n'y ai pas vraiment réfléchi Je ne savais pas où les mettre Autre : ____
A67: =IF(MASTER!A67="","",MASTER!A67) -> Q18 | B67: =IF(MASTER!B67="","",MASTER!B67) -> Overall, thinking back on the small and inexpensive devices you used, you would say you are: | C67: Globalement, lorsque vous repensez aux petits appareils peu coûteux que vous avez utilisés, vous diriez que vous êtes :
A68: =IF(MASTER!A68="","",MASTER!A68) | B68: =IF(MASTER!B68="","",MASTER!B68) -> · Very dissatisfied · Dissatisfied · Neither satisfied nor dissatisfied · Satisfied · Very satisfied | C68: Très insatisfait·e Insatisfait·e Ni satisfait·e ni insatisfait·e Satisfait·e Très satisfait·e
A69: =IF(MASTER!A69="","",MASTER!A69) -> Q19 | B69: =IF(MASTER!B69="","",MASTER!B69) -> When you bought those small and inexpensive devices, would you have been willing to pay more for similar items that you could use over a longer time period? | C69: Lorsque vous avez acheté ces petits appareils peu coûteux, auriez-vous été prêt·e à payer plus pour des petits appareils similaires que vous auriez pu utiliser plus longtemps ?
A70: =IF(MASTER!A70="","",MASTER!A70) | B70: =IF(MASTER!B70="","",MASTER!B70) -> · No · Yes, for some of them · Yes, for most of them · Yes, for all of them | C70: Non Oui, pour certains d'entre eux Oui, pour la plupart d'entre eux Oui, pour tous
A71: =IF(MASTER!A71="","",MASTER!A71) -> Q20 | B71: =IF(MASTER!B71="","",MASTER!B71) -> If you had to replace a small and inexpensive electronic device that broke, you would… | C71: Si vous deviez remplacer un petit appareil électronique peu coûteux qui est tombé en panne, vous…
A72: =IF(MASTER!A72="","",MASTER!A72) | B72: =IF(MASTER!B72="","",MASTER!B72) -> · Buy the exact same small and inexpensive model · Buy another small and inexpensive device · Buy a more expensive one · Choose not to replace it · Other: ____ | C72: Achèteriez exactement le même petit appareil peu coûteux Achèteriez un autre petit appareil peu coûteux Achèteriez un appareil plus cher Choisiriez de ne pas le remplacer Autre : ____
... A101: =IF(MASTER!A101="","",MASTER!A101) | B101: =IF(MASTER!B101="","",MASTER!B101) -> · Unemployed · Employed · Self-employed · Student · Home-maker or caregiver · Retired · Other: _____ · Prefer not to say | C101: Sans emploi Salarié·e Travailleur indépendant / Profession libérale Étudiant·e Au foyer ou aidant·e Retraité·e Autre : _____ Préfère ne pas répondre
A102: =IF(MASTER!A102="","",MASTER!A102) -> Q32 | B102: =IF(MASTER!B102="","",MASTER!B102) -> What’s your household annual income? | C102: Quel est le revenu annuel de votre foyer ? | D102: Q32 (LOCALISE) : tranches de revenus localisées en euros pour la France (23 500 / 36 250 / 55 500 €) — OK. Coquille : dernière option « 55 500 ou plus », ajouter le symbole € : « 55 500 € ou plus » pour la cohérence.
A103: =IF(MASTER!A103="","",MASTER!A103) -> LOCALISE | B103: =IF(MASTER!B103="","",MASTER!B103) -> · 0 – 10 000 € · 10 000 – 20 000 € · 20 000 – 30 000 € · 30 000 – 40 000 € · 40 000 – 50 000 € · 50 000 – 60 000 € · 60 000 – 70 000 € · 70 000 – 80 000 € · 80 000 – 90 000 € · 90 000 – 100 000 € · 100 000 – 110 000 € · 110 000 – 120 000 € · 120 000 – 130 000 € · 130 000 € or more | C103: Moins de 23 500 € Entre 23 500 et 36 250 € Entre 36 250 € et 55 500 € 55 500 ou plus
A104: =IF(MASTER!A104="","",MASTER!A104) -> Q33 | B104: =IF(MASTER!B104="","",MASTER!B104) -> Where do you live? | C104: Où habitez-vous ?
A105: =IF(MASTER!A105="","",MASTER!A105) | B105: =IF(MASTER!B105="","",MASTER!B105) -> · Large city (more than 100,000 inhabitants) · Suburb of a large city · Small or medium sized city · Rural area or village · Other:_____ · Prefer not to say | C105: Grande ville (plus de 100 000 habitants) Banlieue d'une grande ville Ville petite ou moyenne Zone rurale ou village Autre : _____ Préfère ne pas répondre
B106: =IF(MASTER!B106="","",MASTER!B106) -> Thank you for completing this survey. All devices, large or small, with a cable, a plug or a battery can be reused or recycled. Please, never throw them in the bin; take them to your nearest collection point so they can be recycled. → Link to PRO(s) websites | C106: Merci d'avoir répondu à ce questionnaire. Tous les appareils, petits ou grands, équipés d'un câble, d'une prise ou d'une batterie, peuvent être réutilisés ou recyclés. Ne les jetez jamais à la poubelle, apportez-les au point de collecte le plus proche afin qu'ils puissent être recyclés. Plus d'information sur ecologic-france.com
B107: =IF(MASTER!B107="","",MASTER!B107)
B108: =IF(MASTER!B108="","",MASTER!B108)
B109: =IF(MASTER!B109="","",MASTER!B109)
B110: =IF(MASTER!B110="","",MASTER!B110)
B111: =IF(MASTER!B111="","",MASTER!B111)
B112: =IF(MASTER!B112="","",MASTER!B112)
B113: =IF(MASTER!B113="","",MASTER!B113)
B114: =IF(MASTER!B114="","",MASTER!B114)
B115: =IF(MASTER!B115="","",MASTER!B115)
B116: =IF(MASTER!B116="","",MASTER!B116)
B117: =IF(MASTER!B117="","",MASTER!B117)
B118: =IF(MASTER!B118="","",MASTER!B118)
... B161: =IF(MASTER!B161="","",MASTER!B161)

Sheet Greece
A1: =IF(MASTER!A1="","",MASTER!A1) -> # | B1: =IF(MASTER!B1="","",MASTER!B1) -> Labels | C1: Greek | D1: ← Comments
A2: =IF(MASTER!A2="","",MASTER!A2) -> Intro | B2: =IF(MASTER!B2="","",MASTER!B2) -> Thank you for participating in this survey. It will take approximately 15 minutes to complete. There are no right or wrong answers; please tell us your open and honest opinion. Your confidentiality is assured and all responses will be analysed in aggregate and not individually. By continuing, you confirm that you have read the above and agree to participate in this research survey. Your responses will be processed anonymously and together with those of other participants for research purposes, in line with GDPR. You can reach contact@bellegarde.co to access or erase your data. When you are ready to move on to the next page, click the “Continue” button located at the bottom of the page. | C2: Σας ευχαριστούμε που συμμετέχετε σε αυτήν την έρευνα. Η συμπλήρωσή της θα διαρκέσει περίπου 15 λεπτά. Δεν υπάρχουν σωστές ή λανθασμένες απαντήσεις· πείτε μας ελεύθερα και ειλικρινά τη γνώμη σας. Η εμπιστευτικότητα σας διασφαλίζεται και όλες οι απαντήσεις θα αναλυθούν συγκεντρωτικά και όχι μεμονωμένα. [Δήλωση GDPR ΕΑΝ ΑΠΑΙΤΕΙΤΑΙ, μπορείτε να την αφαιρέσετε εάν δεν ισχύει] Συνεχίζοντας, επιβεβαιώνετε ότι έχετε διαβάσει τα παραπάνω και συμφωνείτε να συμμετάσχετε σε αυτήν την ερευνητική μελέτη. Οι απαντήσεις σας θα επεξεργαστούν ανώνυμα και μαζί με τις απαντήσεις των άλλων συμμετεχόντων για ερευνητικούς σκοπούς, σύμφωνα με τον GDPR. Μπορείτε να επικοινωνήσετε στο contact@bellegarde.co για να αποκτήσετε πρόσβαση στα δεδομένα σας ή να ζητήσετε τη διαγραφή τους. Όταν είστε έτοιμοι να προχωρήσετε στην επόμενη σελίδα, κάντε κλικ στο κουμπί «Συνέχεια» που βρίσκεται στο κάτω μέρος της σελίδας.
A3: =IF(MASTER!A3="","",MASTER!A3) -> Q1 | B3: =IF(MASTER!B3="","",MASTER!B3) -> How old are you? | C3: Πόσο χρονών είστε;
A4: =IF(MASTER!A4="","",MASTER!A4) | B4: =IF(MASTER!B4="","",MASTER!B4) -> [Number]
A5: =IF(MASTER!A5="","",MASTER!A5) -> Q2 | B5: =IF(MASTER!B5="","",MASTER!B5) -> Including yourself, how many people live in your household? | C5: Συμπεριλαμβανομένου του εαυτού σας, πόσα άτομα ζουν στο νοικοκυριό σας;
A6: =IF(MASTER!A6="","",MASTER!A6) | B6: =IF(MASTER!B6="","",MASTER!B6) -> [Number]
A7: =IF(MASTER!A7="","",MASTER!A7) | B7: =IF(MASTER!B7="","",MASTER!B7) -> [IF Q1>1]
A8: =IF(MASTER!A8="","",MASTER!A8) -> Q2a | B8: =IF(MASTER!B8="","",MASTER!B8) -> How many of them are under 18 years old? | C8: Πόσα από αυτά είναι κάτω των 18 ετών;
A9: =IF(MASTER!A9="","",MASTER!A9) | B9: =IF(MASTER!B9="","",MASTER!B9) -> [Number]
A10: =IF(MASTER!A10="","",MASTER!A10) -> Q3 | B10: =IF(MASTER!B10="","",MASTER!B10) -> How many of the following items did you personally buy, over the last 12 months? Take your time. These items are easy to forget: a cable in a drawer, a small gadget on a desk, a quick buy at a checkout, a gift you received or gave, something bought online… Think about the places where you could keep them: drawers, bags, a car, a kitchen, a desk, a bathroom… [grid question] | C10: Πόσα από τα παρακάτω είδη αγοράσατε εσείς προσωπικά τους τελευταίους 12 μήνες; Αφιερώστε όσο χρόνο χρειάζεστε. Αυτά τα είδη ξεχνιούνται εύκολα: ένα καλώδιο σε ένα συρτάρι, ένα μικρό gadget σε ένα γραφείο, μια γρήγορη αγορά στο ταμείο, ένα δώρο που λάβατε ή προσφέρατε, κάτι που αγοράσατε διαδικτυακά… Σκεφτείτε τα μέρη όπου θα μπορούσατε να τα φυλάτε: συρτάρια, τσάντες, ένα αυτοκίνητο, μια κουζίνα, ένα γραφείο, ένα μπάνιο…
A11: =IF(MASTER!A11="","",MASTER!A11) -> Q3a | B11: =IF(MASTER!B11="","",MASTER!B11) -> Charging and lighting devices under €10: chargers, adapters, charging cables (USB-A, USB-C, lightning, micro-USB…), LED strips and light bulbs, clip-on and small desk lamps, decorative and garden lights… | C11: Συσκευές φόρτισης και φωτισμού κάτω των 10 €: φορτιστές, αντάπτορες, καλώδια φόρτισης (USB-A, USB-C, lightning, micro-USB…), ταινίες LED και λαμπτήρες, φωτιστικά κλιπ και μικρά φωτιστικά γραφείου, διακοσμητικά και φωτιστικά κήπου…
A12: =IF(MASTER!A12="","",MASTER!A12) -> Q3b | B12: =IF(MASTER!B12="","",MASTER!B12) -> “High-tech” under €20: Bluetooth or wired audio devices (earphones/headphones, speakers…), power banks, wearables and fitness trackers (like smart bands and smartwatches), PC accessories (USB drives or hubs, mice, keyboards, webcams…), game controllers… | C12: «High-tech» κάτω των 20 €: συσκευές ήχου Bluetooth ή ενσύρματες (ακουστικά in-ear/on-ear, ηχεία…), power banks, φορητές συσκευές και βραχιόλια γυμναστικής (όπως smart bands και smartwatches), αξεσουάρ Η/Υ (USB stick ή hub, ποντίκια, πληκτρολόγια, web κάμερες…), χειριστήρια παιχνιδιών…
A13: =IF(MASTER!A13="","",MASTER!A13) -> Q3c | B13: =IF(MASTER!B13="","",MASTER!B13) -> Gadgets and lifestyle items under €20: mini fans and diffusers, desktop gadgets, electronic toys (handheld consoles, fidget toys, RC cars…), cooking appliances (milk frother, mini blender, cookers…), body and skin devices (mini massager, travel razor or electric toothbrush…), home devices (alarms, cameras, smart sensors, bug zapper), pet gadgets (laser toys, auto feeder or water fountain…) | C13: Gadgets και είδη lifestyle κάτω των 20€: μίνι ανεμιστήρες και διαχυτές αρωμάτων, gadgets γραφείου, ηλεκτρονικά παιχνίδια (φορητές κονσόλες, fidget toys, τηλεκατευθυνόμενα αυτοκίνητα…), συσκευές κουζίνας (συσκευή για αφρόγαλα, μίνι μπλέντερ, συσκευές μαγειρέματος…), Συσκευές περιποίησης προσώπου και σώματος (μίνι μασέρ, ξυριστική μηχανή ταξιδιού ή ηλεκτρική οδοντόβουρτσα…), συσκευές για το σπίτι (συναγερμοί, κάμερες, έξυπνοι αισθητήρες, εντομοκτόνα), gadgets για κατοικίδια (λέιζερ παιχνίδια, αυτόματη ταΐστρα ή πηγή νερού…)
A14: =IF(MASTER!A14="","",MASTER!A14) | B14: =IF(MASTER!B14="","",MASTER!B14) -> · None · 1 · 2 to 5 · 6 to 9 · 10 to 19 · 20 or more | C14: Κανένα 1 2 έως 5 6 έως 9 10 έως 19 20 ή περισσότερα
A15: =IF(MASTER!A15="","",MASTER!A15) -> Q4 | B15: =IF(MASTER!B15="","",MASTER!B15) -> How many of the following items are currently in your household (regardless of who bought them or when)? Think room by room: your kitchen (cookware, small appliances), your bedroom (chargers, sleep gadgets), your bathroom (grooming devices), your desk and bag (cables, accessories, headphones), your living room (remotes, lights), your car, your entryway. Don't forget items in drawers, boxes or that you haven't used in a while… [grid question] | C15: Πόσα από τα παρακάτω είδη υπάρχουν αυτή τη στιγμή στο νοικοκυριό σας (ανεξάρτητα από το ποιος τα αγόρασε ή πότε); Σκεφτείτε δωμάτιο προς δωμάτιο: την κουζίνα σας (σκεύη μαγειρικής, μικρές συσκευές), το υπνοδωμάτιό σας (φορτιστές, gadgets ύπνου), το μπάνιο σας (συσκευές περιποίησης), το γραφείο και την τσάντα σας (καλώδια, αξεσουάρ, ακουστικά), το σαλόνι σας (τηλεχειριστήρια, φωτιστικά), το αυτοκίνητό σας, την είσοδό σας. Μην ξεχνάτε τα είδη που βρίσκονται σε συρτάρια, κουτιά ή που δεν έχετε χρησιμοποιήσει εδώ και καιρό…
A16: =IF(MASTER!A16="","",MASTER!A16) -> Q4a | B16: =IF(MASTER!B16="","",MASTER!B16) -> Charging and lighting devices under €10 (ex: chargers, adapters, charging cables, LED strips and light bulbs, decorative and garden lights…) | C16: Συσκευές φόρτισης και φωτισμού κάτω των 10 € (π.χ.: φορτιστές, αντάπτορες, καλώδια φόρτισης, ταινίες LED και λαμπτήρες, διακοσμητικά και φωτιστικά κήπου…)
A17: =IF(MASTER!A17="","",MASTER!A17) -> Q4b | B17: =IF(MASTER!B17="","",MASTER!B17) -> “High-tech” under €20 (ex: Bluetooth or wired audio devices, power banks, wearables and fitness trackers, PC accessories, game controllers…) | C17: «High-tech» κάτω των 20 € (π.χ.: συσκευές ήχου Bluetooth ή ενσύρματες, power banks, wearables και fitness trackers, αξεσουάρ Η/Υ, χειριστήρια παιχνιδιών…)
A18: =IF(MASTER!A18="","",MASTER!A18) -> Q4c | B18: =IF(MASTER!B18="","",MASTER!B18) -> Gadgets and lifestyle items under €20 (ex: mini fans and diffusers, desktop gadgets, electronic toys, cooking appliances, body and skin devices, home or pet gadgets…) | C18: Gadgets και είδη lifestyle κάτω των 20 € (π.χ.: μίνι ανεμιστήρες και diffusers, gadgets γραφείου, ηλεκτρονικά παιχνίδια, συσκευές κουζίνας, συσκεύες περιποίησης προσωπου και σώματος, gadgets για το σπίτι ή κατοικίδια…)
A19: =IF(MASTER!A19="","",MASTER!A19) -> Q4d | B19: =IF(MASTER!B19="","",MASTER!B19) -> Disposable single-use e-vapes | C19: Ηλεκτρονικά τσιγάρα μίας χρήσης
A20: =IF(MASTER!A20="","",MASTER!A20) | B20: =IF(MASTER!B20="","",MASTER!B20) -> · None · 1 · 2 to 5 · 6 to 9 · 10 to 19 · 20 or more" | C20: Κανένα 1 2 έως 5 6 έως 9 10 έως 19 20 ή περισσότερα
A21: =IF(MASTER!A21="","",MASTER!A21) | B21: =IF(MASTER!B21="","",MASTER!B21) -> [IF Q3a, Q3b or Q3c is not “NONE”, jump to Q7]
A22: =IF(MASTER!A22="","",MASTER!A22) -> Q5 | B22: =IF(MASTER!B22="","",MASTER!B22) -> Have you ever bought small and inexpensive electronic devices? | C22: Έχετε αγοράσει ποτέ μικρές και οικονομικές ηλεκτρονικές συσκευές;
A23: =IF(MASTER!A23="","",MASTER!A23) | B23: =IF(MASTER!B23="","",MASTER!B23) -> · Yes, quite often [jump to Q7] · Yes, occasionally [jump to Q7] · Yes, once [jump to Q7] · No, never [go to Q6] | C23: · Ναι, αρκετά συχνά [μετάβαση στο Q7] · Ναι, περιστασιακά [μετάβαση στο Q7] · Ναι, μία φορά [μετάβαση στο Q7] · Όχι, ποτέ [μετάβαση στο Q6]
A24: =IF(MASTER!A24="","",MASTER!A24) | B24: =IF(MASTER!B24="","",MASTER!B24) -> [IF Q5 = “Yes,…”, jump to Q7]
A25: =IF(MASTER!A25="","",MASTER!A25) -> Q6 | B25: =IF(MASTER!B25="","",MASTER!B25) -> Which of these describe why you have never bought any small and inexpensive electronic device? (Select all that apply) | C25: Ποιοι από τους παρακάτω λόγους περιγράφουν γιατί δεν έχετε αγοράσει ποτέ κάποια μικρή και οικονομική ηλεκτρονική συσκευή; (Επιλέξτε όσα ισχύουν)
A26: =IF(MASTER!A26="","",MASTER!A26) | B26: =IF(MASTER!B26="","",MASTER!B26) -> · I don’t know where to buy them · I don’t need them or I already own similar items · I prefer higher-quality, longer-lasting alternatives · Because of their impact on the environment · Because of their social impact (e.g., working conditions of the workers) · Someone else buys electronic devices at home · I don’t know · Other: ____ | C26: Δεν ξέρω πού να τις αγοράσω Δεν τις χρειάζομαι ή έχω ήδη παρόμοια είδη Προτιμώ εναλλακτικές υψηλότερης ποιότητας και μεγαλύτερης διάρκειας Λόγω της περιβαλλοντικής τους επίπτωσης Λόγω του κοινωνικού τους αντίκτυπου (π.χ. συνθήκες εργασίας των εργαζομένων) Κάποιος άλλος αγοράζει ηλεκτρονικές συσκευές στο σπίτι Δεν ξέρω Άλλο: ____
A27: =IF(MASTER!A27="","",MASTER!A27) -> Q7 | B27: =IF(MASTER!B27="","",MASTER!B27) -> How often do you come across small and inexpensive electronic devices? (At work, at friends’, in shops, on the web or social media…) | C27: Πόσο συχνά συναντάτε μικρές και οικονομικές ηλεκτρονικές συσκευές στην καθημερινότητά σας; (Στη δουλειά, σε φίλους, σε καταστήματα, στο διαδίκτυο ή στα μέσα κοινωνικής δικτύωσης…)
A28: =IF(MASTER!A28="","",MASTER!A28) | B28: =IF(MASTER!B28="","",MASTER!B28) -> · Everyday · At least once a week · At least once a month · Few times a year · Less or never | C28: Κάθε μέρα Τουλάχιστον μία φορά την εβδομάδα Τουλάχιστον μία φορά τον μήνα Λίγες φορές τον χρόνο Σπανιότερα ή ποτέ
A29: =IF(MASTER!A29="","",MASTER!A29) | B29: =IF(MASTER!B29="","",MASTER!B29) -> [IF Q3a, Q3b OR Q3c is not “NONE”, go to Q8, IF Q3a, Q3b AND Q3c are “NONE” AND Q5 = “YES…”, jump to Q10, IF Q3a, Q3b AND Q3c are “NONE” AND Q5 = “No, never”, jump to Q22]
A30: =IF(MASTER!A30="","",MASTER!A30) | B30: =IF(MASTER!B30="","",MASTER!B30) -> [CREATE Items categories A and B: for each Q3a, Q3b, Q3c > 0 ; pick max 2, random]
A31: =IF(MASTER!A31="","",MASTER!A31) -> Instruction | B31: =IF(MASTER!B31="","",MASTER!B31) -> Now, we are going to talk about the small and inexpensive electronic devices you’ve used or still use. If you have multiple devices from the same category, consider the one you bought most recently. | C31: Τώρα θα μιλήσουμε για τις μικρές και οικονομικές ηλεκτρονικές συσκευές που έχετε χρησιμοποιήσει ή εξακολουθείτε να χρησιμοποιείτε. Αν έχετε περισσότερες από μία συσκευές της ίδιας κατηγορίας, σκεφτείτε αυτή που αγοράσατε πιο πρόσφατα.
A32: =IF(MASTER!A32="","",MASTER!A32) -> Q8 | B32: =IF(MASTER!B32="","",MASTER!B32) -> Let’s talk about the most recent [Category A] you bought. | C32: Ας μιλήσουμε για το πιο πρόσφατο [Κατηγορία A] που αγοράσατε.
A33: =IF(MASTER!A33="","",MASTER!A33) | B33: =IF(MASTER!B33="","",MASTER!B33) -> [Shortlist = categories A and B]
A34: =IF(MASTER!A34="","",MASTER!A34) -> Q8a | B34: =IF(MASTER!B34="","",MASTER!B34) -> Did you intend to buy it? | C34: Σκοπεύατε να το αγοράσετε;
A35: =IF(MASTER!A35="","",MASTER!A35) | B35: =IF(MASTER!B35="","",MASTER!B35) -> · I intended to buy it · It was not planned | C35: Σκόπευα να το αγοράσω Δεν ήταν προγραμματισμένο
A36: =IF(MASTER!A36="","",MASTER!A36) -> Q8b | B36: =IF(MASTER!B36="","",MASTER!B36) -> Why did you buy it? (Select all that apply) | C36: Γιατί το αγοράσατε; (Επιλέξτε όσα ισχύουν)
A37: =IF(MASTER!A37="","",MASTER!A37) | B37: =IF(MASTER!B37="","",MASTER!B37) -> · For work, study or everyday use · As a temporary replacement (for one I forgot or that broke) · I wanted a newer version · As a spare device · I bought it even though I didn't really need it (ex: for fun, to try it…) · It was a gift for someone else · There was no other product / no other choice · Other: ____ | C37: · Για εργασία, σπουδές ή καθημερινή χρήση · Ως προσωρινή αντικατάσταση (για ένα που ξέχασα ή χάλασε) · Ήθελα μια πιο πρόσφατη έκδοση · Ως εφεδρική συσκευή · Το αγόρασα ακόμα και αν δεν το χρειαζόμουν πραγματικά (π.χ.: για διασκέδαση, για να το δοκιμάσω…) · Ήταν δώρο για κάποιον άλλον · Δεν υπήρχε άλλο προϊόν / άλλη επιλογή · Άλλο: ____
A38: =IF(MASTER!A38="","",MASTER!A38) -> Q9 | B38: =IF(MASTER!B38="","",MASTER!B38) -> Now, about the most recent [Category B] you bought. | C38: Τώρα, σχετικά με το πιο πρόσφατο [Κατηγορία B] που αγοράσατε.
A39: =IF(MASTER!A39="","",MASTER!A39) | B39: =IF(MASTER!B39="","",MASTER!B39) -> [Shortlist = categories A and B]
A40: =IF(MASTER!A40="","",MASTER!A40) -> Q9a | B40: =IF(MASTER!B40="","",MASTER!B40) -> Did you intend to buy it? | C40: Σκοπεύατε να το αγοράσετε;
A41: =IF(MASTER!A41="","",MASTER!A41) | B41: =IF(MASTER!B41="","",MASTER!B41) -> · I intended to buy it · It was not planned | C41: Σκόπευα να το αγοράσω Δεν ήταν προγραμματισμένο
A42: =IF(MASTER!A42="","",MASTER!A42) -> Q9b | B42: =IF(MASTER!B42="","",MASTER!B42) -> Why did you buy it? (Select all that apply) | C42: Γιατί το αγοράσατε; (Επιλέξτε όσα ισχύουν)
A43: =IF(MASTER!A43="","",MASTER!A43) | B43: =IF(MASTER!B43="","",MASTER!B43) -> · For work, study or everyday use · As a temporary replacement (for one I forgot or that broke) · I wanted a newer version · As a spare device · I bought it even though I didn't really need it (ex: for fun, to try it…) · It was a gift for someone else · There was no other product / no other choice · Other: ____ | C43: · Για εργασία, σπουδές ή καθημερινή χρήση · Ως προσωρινή αντικατάσταση (για ένα που ξέχασα ή χάλασε) · Ήθελα μια πιο πρόσφατη έκδοση · Ως εφεδρική συσκευή · Το αγόρασα ακόμα και αν δεν το χρειαζόμουν πραγματικά (π.χ.: για διασκέδαση, για να το δοκιμάσω…) · Ήταν δώρο για κάποιον άλλον · Δεν υπήρχε άλλο προϊόν / άλλη επιλογή · Άλλο: ____
A44: =IF(MASTER!A44="","",MASTER!A44) | B44: =IF(MASTER!B44="","",MASTER!B44) -> [General question not specific to the randomly selected categories A and B]
A45: =IF(MASTER!A45="","",MASTER!A45) -> Q10 | B45: =IF(MASTER!B45="","",MASTER!B45) -> Generally speaking, what makes you buy small and inexpensive electronic devices rather than more expensive alternatives? (Select all that apply). | C45: Γενικά, τι σας κάνει να αγοράζετε μικρές και οικονομικές ηλεκτρονικές συσκευές αντί για πιο ακριβές εναλλακτικές; (Επιλέξτε όσα ισχύουν).
A46: =IF(MASTER!A46="","",MASTER!A46) | B46: =IF(MASTER!B46="","",MASTER!B46) -> · They are more affordable · They are the only available option · They are easily available or showcased · I read positive reviews about them · Promotions or special deals · People I trust recommend them · I see them in ads or on social media · Curiosity, for fun, or trying something new · I don’t know · Other: ____ | C46: Είναι πιο προσιτές Είναι η μοναδική διαθέσιμη επιλογή Είναι εύκολα διαθέσιμες ή προβεβλημένες Διάβασα θετικές κριτικές για αυτές Προσφορές ή ειδικές τιμές Άνθρωποι που εμπιστεύομαι μου τις συνιστούν Τις βλέπω σε διαφημίσεις ή στα μέσα κοινωνικής δικτύωσης Περιέργεια, για διασκέδαση ή για να δοκιμάσω κάτι καινούριο Δεν ξέρω Άλλο: ____
A47: =IF(MASTER!A47="","",MASTER!A47) -> Q11 | B47: =IF(MASTER!B47="","",MASTER!B47) -> Where do you usually get your small and inexpensive electronic devices (no matter the category)? (Select all that apply) | C47: Πού προμηθεύεστε συνήθως τις μικρές και οικονομικές ηλεκτρονικές σας συσκευές (ανεξάρτητα από την κατηγορία); (Επιλέξτε όσα ισχύουν)
A48: =IF(MASTER!A48="","",MASTER!A48) | B48: =IF(MASTER!B48="","",MASTER!B48) -> · On the brand’s website · Online stores, marketplaces, social media · Tobacconist, convenience store · Physical stores, outdoor stall, market store · At the airport or a train station · As gifts, professional giveaways or merch · Second hand platform · I don’t remember · Other: ____ | C48: Στον ιστότοπο της μάρκας Ηλεκτρονικά καταστήματα, marketplaces, μέσα κοινωνικής δικτύωσης Περίπτερο / mini market Φυσικά καταστήματα, πάγκοι σε υπαίθριους χώρους, λαϊκή αγορά, Στο αεροδρόμιο ή σε σιδηροδρομικό σταθμό, Ως δώρα, επαγγελματικά δώρα ή merchandise Πλατφόρμα μεταχειρισμένων Δεν θυμάμαι Άλλο: ____
A49: =IF(MASTER!A49="","",MASTER!A49) | B49: =IF(MASTER!B49="","",MASTER!B49) -> [IF Q3a, Q3b AND Q3c are “NONE” AND Q5 = “Yes…”, jump to Q13]
A50: =IF(MASTER!A50="","",MASTER!A50) -> Q12 | B50: =IF(MASTER!B50="","",MASTER!B50) -> Among all the small and inexpensive electronic devices you’ve bought during the last 12 months, how many do you still personally use today? | C50: Από όλες τις μικρές και οικονομικές ηλεκτρονικές συσκευές που αγοράσατε τους τελευταίους 12 μήνες, πόσες εξακολουθείτε να χρησιμοποιείτε προσωπικά σήμερα;
A51: =IF(MASTER!A51="","",MASTER!A51) | B51: =IF(MASTER!B51="","",MASTER!B51) -> · None · 1 · 2 to 5 · 6 to 9 · 10 to 19 · 20 or more | C51: Καμία 1 2 έως 5 6 έως 9 10 έως 19 20 ή περισσότερες
A52: =IF(MASTER!A52="","",MASTER!A52) -> Q13 | B52: =IF(MASTER!B52="","",MASTER!B52) -> Think about the small and inexpensive electronic devices you’ve ever had (excluding disposable e-cigarettes). What is the shortest period of time you have used one of them before discarding it? | C52: Σκεφτείτε τις μικρές και οικονομικές ηλεκτρονικές συσκευές που είχατε ποτέ (εκτός από τα ηλεκτρονικά τσιγάρα μίας χρήσης). Ποιο είναι το συντομότερο διάστημα που έχετε χρησιμοποιήσει μία από αυτές πριν την απορρίψετε;
A53: =IF(MASTER!A53="","",MASTER!A53) | B53: =IF(MASTER!B53="","",MASTER!B53) -> · I got rid of it without ever using it · Single-use · Less than a week · Less than a month · 1 to 6 months · 6 to 12 months · 12 months or more · I don’t know / don’t remember | C53: Την απέρριψα χωρίς να τη χρησιμοποιήσω ποτέ Μία χρήση Λιγότερο από μία εβδομάδα Λιγότερο από έναν μήνα 1 έως 6 μήνες 6 έως 12 μήνες 12 μήνες ή περισσότερο Δεν ξέρω / δεν θυμάμαι
A54: =IF(MASTER!A54="","",MASTER!A54) -> Q14 | B54: =IF(MASTER!B54="","",MASTER!B54) -> Over the last 12 months, how many of the following items have you personally disposed of? Take your time. Disposal happens in many ways and is easily overlooked: a broken cable tossed in the bin, a device that stopped working and was thrown out, an item given to a friend or family member, something sold or donated, items left behind during a move or a deep clean. Also think about replacements: when you got a new device, what happened to the old one? [Grid question] | C54: Τους τελευταίους 12 μήνες, από πόσα από τα παρακάτω είδη απαλλαγήκατε εσείς ο ίδιος; Αφιερώστε όσο χρόνο χρειάζεστε. Η απόρριψη γίνεται με πολλούς τρόπους και παραβλέπεται εύκολα: ένα χαλασμένο καλώδιο που πετάχτηκε στα σκουπίδια, μια συσκευή που σταμάτησε να λειτουργεί και πετάχτηκε, ένα αντικείμενο που δόθηκε σε φίλο ή συγγενή, κάτι που πουλήθηκε ή δωρίθηκε, είδη που έμειναν πίσω κατά τη διάρκεια μιας μετακόμισης ή ενός γενικού καθαρισμού. Σκεφτείτε επίσης τις αντικαταστάσεις: όταν αποκτήσατε μια νέα συσκευή, τι απέγινε η παλιά;
A55: =IF(MASTER!A55="","",MASTER!A55) -> Q14a | B55: =IF(MASTER!B55="","",MASTER!B55) -> Charging and lighting devices under €10 (ex: chargers, adapters, charging cables, LED strips and light bulbs, decorative and garden lights…) | C55: Συσκευές φόρτισης και φωτισμού <u>κάτω των [pipe: pPrice10] (καλώδια, φορτιστές, αντάπτορες / ταινίες LED και διακοσμητικά φωτάκια…).
A56: =IF(MASTER!A56="","",MASTER!A56) -> Q14b | B56: =IF(MASTER!B56="","",MASTER!B56) -> “High-tech” under €20? (ex: Bluetooth or wired audio devices, power banks, wearables and fitness trackers, PC accessories, game controllers…) | C56: «High-tech» κάτω των 20 €; (προσιτά ακουστικά, power banks, wearables και fitness trackers, αξεσουάρ Η/Υ…).
A57: =IF(MASTER!A57="","",MASTER!A57) -> Q14c | B57: =IF(MASTER!B57="","",MASTER!B57) -> Gadget and lifestyle items under €20? (ex: mini fans and diffusers, desktop gadgets, electronic toys, cooking appliances, body and skin devices, home or pet gadgets…) | C57: Gadgets και είδη lifestyle κάτω των 20 €; (μίνι ανεμιστήρες, gadgets γραφείου, ηλεκτρονικά παιχνίδια, μικρές συσκευές κουζίνας ή συσκευές περιποίησης προσώπου και σώματος…).
A58: =IF(MASTER!A58="","",MASTER!A58) -> Q14d | B58: =IF(MASTER!B58="","",MASTER!B58) -> Disposable single-use e-vapes? | C58: Ηλεκτρονικά τσιγάρα μίας χρήσης;
A59: =IF(MASTER!A59="","",MASTER!A59) | B59: =IF(MASTER!B59="","",MASTER!B59) -> · None · 1 · 2 to 5 · 6 to 9 · 10 to 19 · 20 or more | C59: Κανένα 1 2 έως 5 6 έως 9 10 έως 19 20 ή περισσότερα
A60: =IF(MASTER!A60="","",MASTER!A60) | B60: =IF(MASTER!B60="","",MASTER!B60) -> [IF Q5 = “Yes,…”, AND Q14a, Q14b AND Q14c = “NONE”, jump to Q16]
A61: =IF(MASTER!A61="","",MASTER!A61) -> Q15 | B61: =IF(MASTER!B61="","",MASTER!B61) -> What are the main reasons why you stopped using your small and inexpensive electronic devices? (Up to 2 answers) | C61: Ποιοι είναι οι κύριοι λόγοι που σταματήσατε να χρησιμοποιείτε αυτή ή αυτές τις συσκευές; (Ίως 2 απαντήσεις)
A62: =IF(MASTER!A62="","",MASTER!A62) | B62: =IF(MASTER!B62="","",MASTER!B62) -> · They’re intended for single use · They broke or became defective · They stopped working, although physically okay · They became dangerous · They were outdated, out of fashion or obsolete · I didn’t need them any more (replaced or no use of it) · I lost them · Other: ____ | C62: · Προορίζονται για μία χρήση · Χάλασαν ή έγιναν ελαττωματικά · Σταμάτησαν να λειτουργούν, αν και φυσικά ήταν εντάξει · Έγιναν επικίνδυνα · Ήταν ξεπερασμένα, εκτός μόδας ή απαρχαιωμένα · Δεν τα χρειαζόμουν πλέον (αντικαταστάθηκαν ή δεν τα χρησιμοποιούσα) · Τα έχασα · Άλλο: ____
A63: =IF(MASTER!A63="","",MASTER!A63) -> Q16 | B63: =IF(MASTER!B63="","",MASTER!B63) -> Thinking about all the devices you have stopped using, what have you done with them? | C63: Σκεπτόμενοι όλες τις συσκευές που σταματήσατε να χρησιμοποιείτε, τι κάνατε με αυτές;
A64: =IF(MASTER!A64="","",MASTER!A64) | B64: =IF(MASTER!B64="","",MASTER!B64) -> · I kept them (at home, attic, basement, secondary home…) · I threw them in general household waste · I threw them in the plastic waste bin · I threw them in a street bin · I brought them to a recycling centre / municipal waste facility · I brought them to a recycling point in a store · I gave them away or donated · I sold them · I don’t remember · Other: ____ | C64: Τις κράτησα (στο σπίτι, στη σοφίτα, στο υπόγειο, σε δεύτερη κατοικία…) Τις έριξα στα οικιακά απορρίμματα Τις έριξα στον κάδο ανακύκλωσης πλαστικού Τις έριξα σε κάδο απορριμμάτων στον δρόμο Τις πήγα σε κέντρο ανακύκλωσης / δημοτικό πράσινο σημείο Τις πήγα σε σημείο ανακύκλωσης σε κατάστημα Τις χάρισα ή τις δώρισα Τις πούλησα Δεν θυμάμαι Άλλο: ____
A65: =IF(MASTER!A65="","",MASTER!A65) -> Q17 | B65: =IF(MASTER!B65="","",MASTER!B65) -> Why did you choose this or these solutions? (Select all that apply) | C65: Γιατί επιλέξατε αυτή ή αυτές τις λύσεις; (Επιλέξτε όσα ισχύουν)
A66: =IF(MASTER!A66="","",MASTER!A66) | B66: =IF(MASTER!B66="","",MASTER!B66) -> · It’s the easiest solution · It’s closest to home · It’s what I usually do with this kind of waste · I did it to protect the environment · It’s what my family and friends do with that kind of waste · I didn’t really think about it · I didn’t know where else to put it · Other: ____ | C66: Είναι η πιο εύκολη λύση Είναι η πιο κοντινή στο σπίτι μου Είναι αυτό που συνήθως κάνω με αυτόν τον τύπο απορριμμάτων Το έκανα για να προστατεύσω το περιβάλλον Είναι αυτό που κάνει η οικογένειά μου και οι φίλοι μου με αυτόν τον τύπο απορριμμάτων Δεν το σκέφτηκα ιδιαίτερα Δεν ήξερα πού αλλού να το βάλω Άλλο: ____
A67: =IF(MASTER!A67="","",MASTER!A67) -> Q18 | B67: =IF(MASTER!B67="","",MASTER!B67) -> Overall, thinking back on the small and inexpensive devices you used, you would say you are: | C67: Συνολικά, σκεπτόμενοι τις μικρές και οικονομικές συσκευές που χρησιμοποιήσατε, θα λέγατε ότι είστε:
A68: =IF(MASTER!A68="","",MASTER!A68) | B68: =IF(MASTER!B68="","",MASTER!B68) -> · Very dissatisfied · Dissatisfied · Neither satisfied nor dissatisfied · Satisfied · Very satisfied | C68: Πολύ δυσαρεστημένος/η Δυσαρεστημένος/η Ούτε ικανοποιημένος/η ούτε δυσαρεστημένος/η Ικανοποιημένος/η Πολύ ικανοποιημένος/η
A69: =IF(MASTER!A69="","",MASTER!A69) -> Q19 | B69: =IF(MASTER!B69="","",MASTER!B69) -> When you bought those small and inexpensive devices, would you have been willing to pay more for similar items that you could use over a longer time period? | C69: Όταν αγοράσατε αυτές τις μικρές και οικονομικές συσκευές, θα ήσασταν διατεθειμένος/η να πληρώσετε περισσότερα για παρόμοια είδη που θα μπορούσατε να χρησιμοποιείτε για μεγαλύτερο χρονικό διάστημα;
A70: =IF(MASTER!A70="","",MASTER!A70) | B70: =IF(MASTER!B70="","",MASTER!B70) -> · No · Yes, for some of them · Yes, for most of them · Yes, for all of them | C70: Όχι Ναι, για ορισμένες από αυτές Ναι, για τις περισσότερες από αυτές Ναι, για όλες
A71: =IF(MASTER!A71="","",MASTER!A71) -> Q20 | B71: =IF(MASTER!B71="","",MASTER!B71) -> If you had to replace a small and inexpensive electronic device that broke, you would… | C71: Αν χρειαζόσασταν να αντικαταστήσετε μια μικρή και οικονομική ηλεκτρονική συσκευή που χάλασε, θα…
A72: =IF(MASTER!A72="","",MASTER!A72) | B72: =IF(MASTER!B72="","",MASTER!B72) -> · Buy the exact same small and inexpensive model · Buy another small and inexpensive device · Buy a more expensive one · Choose not to replace it · Other: ____ | C72: Αγόραζα ακριβώς το ίδιο μικρό και φθηνό μοντέλο Αγόραζα μια άλλη μικρή και φθηνή συσκευή Αγόραζα μια πιο ακριβή Επέλεγα να μην την αντικαταστήσω Άλλο: ____
... A81: =IF(MASTER!A81="","",MASTER!A81) | B81: =IF(MASTER!B81="","",MASTER!B81) -> · Completely unfavourable · Rather unfavourable · Neither favourable nor unfavourable · Rather favourable · Completely favourable | C81: Εντελώς αρνητικός/ή Περισσότερο αρνητικός/ή παρά θετικός/ή Ούτε θετικός/ή ούτε αρνητικός/ή Περισσότερο θετικός/ή παρά αρνητικός/ή Εντελώς θετικός/ή
A82: =IF(MASTER!A82="","",MASTER!A82) -> Q23b | B82: =IF(MASTER!B82="","",MASTER!B82) -> People important to you would… | C82: Οι ανθρώποι που είναι σημαντικοί για εσάς… | D82: Όσον αφορά την αγορά μικρών και φθηνών ηλεκτρονικών συσκευών…<br /><br />Οι άνθρωποι που είναι σημαντικοί για εσάς θα…
A83: =IF(MASTER!A83="","",MASTER!A83) | B83: =IF(MASTER!B83="","",MASTER!B83) -> · Completely disapprove · Rather disapprove · Neither approve nor disapprove · Rather approve · Completely approve | C83: · Διαφωνώ πλήρως · Μάλλον διαφωνώ · Ούτε συμφωνώ ούτε διαφωνώ · Μάλλον συμφωνώ · Συμφωνώ πλήρως
A84: =IF(MASTER!A84="","",MASTER!A84) -> Q24 | B84: =IF(MASTER!B84="","",MASTER!B84) -> Do you think that more or fewer people buy small and inexpensive electronic devices over time? | C84: Πιστεύετε ότι με τον καιρό περισσότεροι ή λιγότεροι άνθρωποι αγοράζουν μικρές και οικονομικές ηλεκτρονικές συσκευές;
A85: =IF(MASTER!A85="","",MASTER!A85) | B85: =IF(MASTER!B85="","",MASTER!B85) -> · Far fewer people · Fewer people · The same number · More people · Far more people | C85: Πολύ λιγότεροι άνθρωποι Λιγότεροι άνθρωποι Ο ίδιος αριθμός Περισσότεροι άνθρωποι Πολύ περισσότεροι άνθρωποι
A86: =IF(MASTER!A86="","",MASTER!A86) -> Q25 | B86: =IF(MASTER!B86="","",MASTER!B86) -> Over the next 12 months, do you intend to buy more, fewer or the same number of small and inexpensive electronic devices? | C86: Τους επόμενους 12 μήνες, σκοπεύετε να μειώσετε, να διατηρήσετε τον ίδιο ή να αυξήσετε τον αριθμό των μικρών και οικονομικές ηλεκτρονικών συσκευών που θα αγοράσετε;
A87: =IF(MASTER!A87="","",MASTER!A87) | B87: =IF(MASTER!B87="","",MASTER!B87) -> · Much more · More · The same · Less · Much less · I intend to stop | C87: · Πολύ περισσότερο · Περισσότερο · Το ίδιο · Λιγότερο · Πολύ λιγότερο · Σκοπεύω να σταματήσω
A88: =IF(MASTER!A88="","",MASTER!A88) -> Q26 | B88: =IF(MASTER!B88="","",MASTER!B88) -> What do you think about the following statements? [grid question] | C88: Τι πιστεύετε για τις ακόλουθες δηλώσεις;
A89: =IF(MASTER!A89="","",MASTER!A89) -> Q26a | B89: =IF(MASTER!B89="","",MASTER!B89) -> Consumers should buy fewer small and inexpensive electronic devices. | C89: Οι καταναλωτές θα έπρεπε να αγοράζουν λιγότερες μικρές και οικονομικές ηλεκτρονικές συσκευές.
A90: =IF(MASTER!A90="","",MASTER!A90) -> Q26b | B90: =IF(MASTER!B90="","",MASTER!B90) -> Governments should more strictly regulate the sale of small and inexpensive electronic devices. | C90: Οι κυβερνήσεις θα έπρεπε να ρυθμίζουν αυστηρότερα την πώληση μικρών και οικονομικών ηλεκτρονικών συσκευών.
A91: =IF(MASTER!A91="","",MASTER!A91) | B91: =IF(MASTER!B91="","",MASTER!B91) -> · I completely disagree · I disagree · I neither agree nor disagree · I agree · I completely agree | C91: Διαφωνώ έντονα Διαφωνώ Ούτε συμφωνώ ούτε διαφωνώ Συμφωνώ Συμφωνώ έντονα
A92: =IF(MASTER!A92="","",MASTER!A92) -> Q27 | B92: =IF(MASTER!B92="","",MASTER!B92) -> Did you know that online platforms selling electronic devices are legally required to contribute financially to the collection and recycling of electronic waste? | C92: Γνωρίζατε ότι οι διαδικτυακές πλατφόρμες που πωλούν ηλεκτρονικές συσκευές υποχρεούνται εκ του νόμου να συνεισφέρουν οικονομικά στη συλλογή και ανακύκλωση των ηλεκτρονικών αποβλήτων;
A93: =IF(MASTER!A93="","",MASTER!A93) | B93: =IF(MASTER!B93="","",MASTER!B93) -> · Yes, I knew this · No, I didn't know this · I heard of it but didn't know the details | C93: · Ναι, το γνώριζα · Όχι, δεν το γνώριζα · Το είχα ακούσει αλλά δεν γνώριζα τις λεπτομέρειες
A94: =IF(MASTER!A94="","",MASTER!A94) -> Q28 | B94: =IF(MASTER!B94="","",MASTER!B94) -> Before taking this questionnaire, were you aware that these small and inexpensive electronic devices contain electronic parts? | C94: Πριν απαντήσετε σε αυτό το ερωτηματολόγιο, γνωρίζατε ότι αυτές οι μικρές και οικονομικές ηλεκτρονικές συσκευές περιέχουν ηλεκτρονικά εξαρτήματα;
... A106: =IF(MASTER!A106="","",MASTER!A106) -> End message | B106: =IF(MASTER!B106="","",MASTER!B106) -> Thank you for completing this survey. All devices, large or small, with a cable, a plug or a battery can be reused or recycled. Please, never throw them in the bin; take them to your nearest collection point so they can be recycled. → Link to PRO(s) websites | C106: Σας ευχαριστούμε που ολοκληρώσατε αυτή την έρευνα. Όλες οι συσκευές, μεγάλες ή μικρές, με καλώδιο, πρίζα ή μπαταρία μπορούν να επαναχρησιμοποιηθούν ή να ανακυκλωθούν. Παρακαλούμε, μην τις πετάτε ποτέ στα σκουπίδια· μεταφέρετέ τις στο πλησιέστερο σημείο συλλογής ώστε να μπορούν να ανακυκλωθούν. Περισσότερες πληροφορίες στο fotokiklosi.gr ή οτο electrocycle.gr
A107: =IF(MASTER!A107="","",MASTER!A107) | B107: =IF(MASTER!B107="","",MASTER!B107)
A108: =IF(MASTER!A108="","",MASTER!A108) | B108: =IF(MASTER!B108="","",MASTER!B108)
A109: =IF(MASTER!A109="","",MASTER!A109) | B109: =IF(MASTER!B109="","",MASTER!B109)
A110: =IF(MASTER!A110="","",MASTER!A110) | B110: =IF(MASTER!B110="","",MASTER!B110)
A111: =IF(MASTER!A111="","",MASTER!A111) | B111: =IF(MASTER!B111="","",MASTER!B111)
A112: =IF(MASTER!A112="","",MASTER!A112) | B112: =IF(MASTER!B112="","",MASTER!B112)
A113: =IF(MASTER!A113="","",MASTER!A113) | B113: =IF(MASTER!B113="","",MASTER!B113)
A114: =IF(MASTER!A114="","",MASTER!A114) | B114: =IF(MASTER!B114="","",MASTER!B114)
A115: =IF(MASTER!A115="","",MASTER!A115) | B115: =IF(MASTER!B115="","",MASTER!B115)
A116: =IF(MASTER!A116="","",MASTER!A116) | B116: =IF(MASTER!B116="","",MASTER!B116)
A117: =IF(MASTER!A117="","",MASTER!A117) | B117: =IF(MASTER!B117="","",MASTER!B117)
A118: =IF(MASTER!A118="","",MASTER!A118) | B118: =IF(MASTER!B118="","",MASTER!B118)

Sheet Ireland
A1: =IF(MASTER!A1="","",MASTER!A1) -> # | B1: =IF(MASTER!B1="","",MASTER!B1) -> Labels | C1: IR English | D1: ← Comments
A2: =IF(MASTER!A2="","",MASTER!A2) -> Intro | B2: =IF(MASTER!B2="","",MASTER!B2) -> Thank you for participating in this survey. It will take approximately 15 minutes to complete. There are no right or wrong answers; please tell us your open and honest opinion. Your confidentiality is assured and all responses will be analysed in aggregate and not individually. By continuing, you confirm that you have read the above and agree to participate in this research survey. Your responses will be processed anonymously and together with those of other participants for research purposes, in line with GDPR. You can reach contact@bellegarde.co to access or erase your data. When you are ready to move on to the next page, click the “Continue” button located at the bottom of the page. | C2: Thank you for participating in this survey. It will take approximately 15 minutes to complete. There are no right or wrong answers; please tell us your open and honest opinion. Your confidentiality is assured and all responses will be analysed in aggregate and not individually. [GDPR statement IF REQUIRED, feel free to remove if not] By continuing, you confirm that you have read the above and agree to participate in this research survey. Your responses will be processed anonymously and together with those of other participants for research purposes, in line with GDPR. You can reach contact@bellegarde.co to access or erase your data. When you are ready to move on to the next page, click the “Continue” button located at the bottom of the page.
A3: =IF(MASTER!A3="","",MASTER!A3) -> Q1 | B3: =IF(MASTER!B3="","",MASTER!B3) -> How old are you? | C3: How old are you?
A4: =IF(MASTER!A4="","",MASTER!A4) | B4: =IF(MASTER!B4="","",MASTER!B4) -> [Number]
A5: =IF(MASTER!A5="","",MASTER!A5) -> Q2 | B5: =IF(MASTER!B5="","",MASTER!B5) -> Including yourself, how many people live in your household? | C5: Including yourself, how many people live in your household?
A6: =IF(MASTER!A6="","",MASTER!A6) | B6: =IF(MASTER!B6="","",MASTER!B6) -> [Number] | C6: [Number]
A7: =IF(MASTER!A7="","",MASTER!A7) | B7: =IF(MASTER!B7="","",MASTER!B7) -> [IF Q1>1]
A8: =IF(MASTER!A8="","",MASTER!A8) -> Q2a | B8: =IF(MASTER!B8="","",MASTER!B8) -> How many of them are under 18 years old? | C8: How many of them are under 18 years old?
A9: =IF(MASTER!A9="","",MASTER!A9) | B9: =IF(MASTER!B9="","",MASTER!B9) -> [Number] | C9: [Number]
A10: =IF(MASTER!A10="","",MASTER!A10) -> Q3 | B10: =IF(MASTER!B10="","",MASTER!B10) -> How many of the following items did you personally buy, over the last 12 months? Take your time. These items are easy to forget: a cable in a drawer, a small gadget on a desk, a quick buy at a checkout, a gift you received or gave, something bought online… Think about the places where you could keep them: drawers, bags, a car, a kitchen, a desk, a bathroom… [grid question] | C10: How many of the following items did you personally buy, over the last 12 months? Take your time. These items are easy to forget: a cable in a drawer, a small gadget on a desk, a quick buy at a checkout, a gift you received or gave, something bought online… Think about the places where you could keep them: drawers, bags, a car, a kitchen, a desk, a bathroom…
A11: =IF(MASTER!A11="","",MASTER!A11) -> Q3a | B11: =IF(MASTER!B11="","",MASTER!B11) -> Charging and lighting devices under €10: chargers, adapters, charging cables (USB-A, USB-C, lightning, micro-USB…), LED strips and light bulbs, clip-on and small desk lamps, decorative and garden lights… | C11: Charging and lighting devices under €10: chargers, adapters, charging cables (USB-A, USB-C, lightning, micro-USB…), LED strips and light bulbs, clip-on and small desk lamps, decorative and garden lights…
A12: =IF(MASTER!A12="","",MASTER!A12) -> Q3b | B12: =IF(MASTER!B12="","",MASTER!B12) -> “High-tech” under €20: Bluetooth or wired audio devices (earphones/headphones, speakers…), power banks, wearables and fitness trackers (like smart bands and smartwatches), PC accessories (USB drives or hubs, mice, keyboards, webcams…), game controllers… | C12: “High-tech” under €20: Bluetooth or wired audio devices (earphones/headphones, speakers…), power banks, wearables and fitness trackers (like smart bands and smartwatches), PC accessories (USB drives or hubs, mice, keyboards, webcams…), game controllers…
A13: =IF(MASTER!A13="","",MASTER!A13) -> Q3c | B13: =IF(MASTER!B13="","",MASTER!B13) -> Gadgets and lifestyle items under €20: mini fans and diffusers, desktop gadgets, electronic toys (handheld consoles, fidget toys, RC cars…), cooking appliances (milk frother, mini blender, cookers…), body and skin devices (mini massager, travel razor or electric toothbrush…), home devices (alarms, cameras, smart sensors, bug zapper), pet gadgets (laser toys, auto feeder or water fountain…) | C13: Gadgets and lifestyle items under €20: mini fans and diffusers, desktop gadgets, electronic toys (handheld consoles, fidget toys, RC cars…), cooking appliances (milk frother, mini blender, cookers…), body and skin devices (mini massager, travel razor or electric toothbrush…), home devices (alarms, cameras, smart sensors, bug zapper), pet gadgets (laser toys, auto feeder or water fountain…)
A14: =IF(MASTER!A14="","",MASTER!A14) | B14: =IF(MASTER!B14="","",MASTER!B14) -> · None · 1 · 2 to 5 · 6 to 9 · 10 to 19 · 20 or more | C14: · None · 1 · 2 to 5 · 6 to 9 · 10 to 19 · 20 or more
A15: =IF(MASTER!A15="","",MASTER!A15) -> Q4 | B15: =IF(MASTER!B15="","",MASTER!B15) -> How many of the following items are currently in your household (regardless of who bought them or when)? Think room by room: your kitchen (cookware, small appliances), your bedroom (chargers, sleep gadgets), your bathroom (grooming devices), your desk and bag (cables, accessories, headphones), your living room (remotes, lights), your car, your entryway. Don't forget items in drawers, boxes or that you haven't used in a while… [grid question] | C15: How many of the following items are currently in your household (regardless of who bought them or when)? Think room by room: your kitchen (cookware, small appliances), your bedroom (chargers, sleep gadgets), your bathroom (grooming devices), your desk and bag (cables, accessories, headphones), your living room (remotes, lights), your car, your entryway. Don't forget items in drawers, boxes or that you haven't used in a while…
A16: =IF(MASTER!A16="","",MASTER!A16) -> Q4a | B16: =IF(MASTER!B16="","",MASTER!B16) -> Charging and lighting devices under €10 (ex: chargers, adapters, charging cables, LED strips and light bulbs, decorative and garden lights…) | C16: Charging and lighting devices under €10 (ex: chargers, adapters, charging cables, LED strips and light bulbs, decorative and garden lights…)
A17: =IF(MASTER!A17="","",MASTER!A17) -> Q4b | B17: =IF(MASTER!B17="","",MASTER!B17) -> “High-tech” under €20 (ex: Bluetooth or wired audio devices, power banks, wearables and fitness trackers, PC accessories, game controllers…) | C17: “High-tech” under €20 (ex: Bluetooth or wired audio devices, power banks, wearables and fitness trackers, PC accessories, game controllers…)
A18: =IF(MASTER!A18="","",MASTER!A18) -> Q4c | B18: =IF(MASTER!B18="","",MASTER!B18) -> Gadgets and lifestyle items under €20 (ex: mini fans and diffusers, desktop gadgets, electronic toys, cooking appliances, body and skin devices, home or pet gadgets…) | C18: Gadgets and lifestyle items under €20 (ex: mini fans and diffusers, desktop gadgets, electronic toys, cooking appliances, body and skin devices, home or pet gadgets…)
A19: =IF(MASTER!A19="","",MASTER!A19) -> Q4d | B19: =IF(MASTER!B19="","",MASTER!B19) -> Disposable single-use e-vapes | C19: Disposable single-use e-vapes
A20: =IF(MASTER!A20="","",MASTER!A20) | B20: =IF(MASTER!B20="","",MASTER!B20) -> · None · 1 · 2 to 5 · 6 to 9 · 10 to 19 · 20 or more" | C20: · None · 1 · 2 to 5 · 6 to 9 · 10 to 19 · 20 or more"
A21: =IF(MASTER!A21="","",MASTER!A21) | B21: =IF(MASTER!B21="","",MASTER!B21) -> [IF Q3a, Q3b or Q3c is not “NONE”, jump to Q7]
A22: =IF(MASTER!A22="","",MASTER!A22) -> Q5 | B22: =IF(MASTER!B22="","",MASTER!B22) -> Have you ever bought small and inexpensive electronic devices? | C22: Have you ever bought small and inexpensive electronic devices?
A23: =IF(MASTER!A23="","",MASTER!A23) | B23: =IF(MASTER!B23="","",MASTER!B23) -> · Yes, quite often [jump to Q7] · Yes, occasionally [jump to Q7] · Yes, once [jump to Q7] · No, never [go to Q6]
A24: =IF(MASTER!A24="","",MASTER!A24) | B24: =IF(MASTER!B24="","",MASTER!B24) -> [IF Q5 = “Yes,…”, jump to Q7]
A25: =IF(MASTER!A25="","",MASTER!A25) -> Q6 | B25: =IF(MASTER!B25="","",MASTER!B25) -> Which of these describe why you have never bought any small and inexpensive electronic device? (Select all that apply) | C25: Which of these describe why you have never bought any small and inexpensive electronic device? (Select all that apply)
A26: =IF(MASTER!A26="","",MASTER!A26) | B26: =IF(MASTER!B26="","",MASTER!B26) -> · I don’t know where to buy them · I don’t need them or I already own similar items · I prefer higher-quality, longer-lasting alternatives · Because of their impact on the environment · Because of their social impact (e.g., working conditions of the workers) · Someone else buys electronic devices at home · I don’t know · Other: ____ | C26: · I don’t know where to buy them · I don’t need them or I already own similar items · I prefer higher-quality, longer-lasting alternatives · Because of their impact on the environment · Because of their social impact (e.g., working conditions of the workers) · Someone else buys electronic devices at home · I don’t know · Other: ____
A27: =IF(MASTER!A27="","",MASTER!A27) -> Q7 | B27: =IF(MASTER!B27="","",MASTER!B27) -> How often do you come across small and inexpensive electronic devices? (At work, at friends’, in shops, on the web or social media…) | C27: How often do you come across small and inexpensive electronic devices? (At work, at friends’, in shops, on the web or social media…)
A28: =IF(MASTER!A28="","",MASTER!A28) | B28: =IF(MASTER!B28="","",MASTER!B28) -> · Everyday · At least once a week · At least once a month · Few times a year · Less or never | C28: · Everyday · At least once a week · At least once a month · Few times a year · Less or never
A29: =IF(MASTER!A29="","",MASTER!A29) | B29: =IF(MASTER!B29="","",MASTER!B29) -> [IF Q3a, Q3b OR Q3c is not “NONE”, go to Q8, IF Q3a, Q3b AND Q3c are “NONE” AND Q5 = “YES…”, jump to Q10, IF Q3a, Q3b AND Q3c are “NONE” AND Q5 = “No, never”, jump to Q22]
A30: =IF(MASTER!A30="","",MASTER!A30) | B30: =IF(MASTER!B30="","",MASTER!B30) -> [CREATE Items categories A and B: for each Q3a, Q3b, Q3c > 0 ; pick max 2, random]
A31: =IF(MASTER!A31="","",MASTER!A31) -> Instruction | B31: =IF(MASTER!B31="","",MASTER!B31) -> Now, we are going to talk about the small and inexpensive electronic devices you’ve used or still use. If you have multiple devices from the same category, consider the one you bought most recently. | C31: Now, we are going to talk about the small and inexpensive electronic devices you’ve used or still use. If you have multiple devices from the same category, consider the one you bought most recently.
A32: =IF(MASTER!A32="","",MASTER!A32) -> Q8 | B32: =IF(MASTER!B32="","",MASTER!B32) -> Let’s talk about the most recent [Category A] you bought. | C32: Let’s talk about the most recent [Category A] you bought.
A33: =IF(MASTER!A33="","",MASTER!A33) | B33: =IF(MASTER!B33="","",MASTER!B33) -> [Shortlist = categories A and B] | C33: [Shortlist = categories A and B]
A34: =IF(MASTER!A34="","",MASTER!A34) -> Q8a | B34: =IF(MASTER!B34="","",MASTER!B34) -> Did you intend to buy it? | C34: Did you intend to buy it?
A35: =IF(MASTER!A35="","",MASTER!A35) | B35: =IF(MASTER!B35="","",MASTER!B35) -> · I intended to buy it · It was not planned | C35: · I intended to buy it · It was not planned
A36: =IF(MASTER!A36="","",MASTER!A36) -> Q8b | B36: =IF(MASTER!B36="","",MASTER!B36) -> Why did you buy it? (Select all that apply) | C36: Why did you buy it? (Select all that apply)
A37: =IF(MASTER!A37="","",MASTER!A37) | B37: =IF(MASTER!B37="","",MASTER!B37) -> · For work, study or everyday use · As a temporary replacement (for one I forgot or that broke) · I wanted a newer version · As a spare device · I bought it even though I didn't really need it (ex: for fun, to try it…) · It was a gift for someone else · There was no other product / no other choice · Other: ____ | C37: · For work, study or everyday use · As a temporary replacement (for one I forgot or that broke) · I wanted a newer version · As a spare device · I bought it even though I didn't really need it (ex: for fun, to try it…) · It was a gift for someone else · There was no other product / no other choice · Other: ____
A38: =IF(MASTER!A38="","",MASTER!A38) -> Q9 | B38: =IF(MASTER!B38="","",MASTER!B38) -> Now, about the most recent [Category B] you bought. | C38: Now, about the most recent [Category B] you bought.
A39: =IF(MASTER!A39="","",MASTER!A39) | B39: =IF(MASTER!B39="","",MASTER!B39) -> [Shortlist = categories A and B] | C39: [Shortlist = categories A and B]
A40: =IF(MASTER!A40="","",MASTER!A40) -> Q9a | B40: =IF(MASTER!B40="","",MASTER!B40) -> Did you intend to buy it? | C40: Did you intend to buy it?
A41: =IF(MASTER!A41="","",MASTER!A41) | B41: =IF(MASTER!B41="","",MASTER!B41) -> · I intended to buy it · It was not planned | C41: · I intended to buy it · It was not planned
A42: =IF(MASTER!A42="","",MASTER!A42) -> Q9b | B42: =IF(MASTER!B42="","",MASTER!B42) -> Why did you buy it? (Select all that apply) | C42: Why did you buy it? (Select all that apply)
... A48: =IF(MASTER!A48="","",MASTER!A48) | B48: =IF(MASTER!B48="","",MASTER!B48) -> · On the brand’s website · Online stores, marketplaces, social media · Tobacconist, convenience store · Physical stores, outdoor stall, market store · At the airport or a train station · As gifts, professional giveaways or merch · Second hand platform · I don’t remember · Other: ____ | C48: · On the brand’s website · Online stores, marketplaces, social media · Tobacconist, convenience store · Physical stores, outdoor stall, market store · At the airport or a train station · As gifts, professional giveaways or merch · Second hand platform · I don’t remember · Other: ____
A49: =IF(MASTER!A49="","",MASTER!A49) | B49: =IF(MASTER!B49="","",MASTER!B49) -> [IF Q3a, Q3b AND Q3c are “NONE” AND Q5 = “Yes…”, jump to Q13]
A50: =IF(MASTER!A50="","",MASTER!A50) -> Q12 | B50: =IF(MASTER!B50="","",MASTER!B50) -> Among all the small and inexpensive electronic devices you’ve bought during the last 12 months, how many do you still personally use today? | C50: Among all the small and inexpensive electronic devices you’ve bought during the last 12 months, how many do you still personally use today?
A51: =IF(MASTER!A51="","",MASTER!A51) | B51: =IF(MASTER!B51="","",MASTER!B51) -> · None · 1 · 2 to 5 · 6 to 9 · 10 to 19 · 20 or more | C51: · None · 1 · 2 to 5 · 6 to 9 · 10 to 19 · 20 or more
A52: =IF(MASTER!A52="","",MASTER!A52) -> Q13 | B52: =IF(MASTER!B52="","",MASTER!B52) -> Think about the small and inexpensive electronic devices you’ve ever had (excluding disposable e-cigarettes). What is the shortest period of time you have used one of them before discarding it? | C52: Think about the small and inexpensive electronic devices you’ve ever had (excluding disposable e-cigarettes). What is the shortest period of time you have used one of them before discarding it?
A53: =IF(MASTER!A53="","",MASTER!A53) | B53: =IF(MASTER!B53="","",MASTER!B53) -> · I got rid of it without ever using it · Single-use · Less than a week · Less than a month · 1 to 6 months · 6 to 12 months · 12 months or more · I don’t know / don’t remember | C53: · I got rid of it without ever using it · Single-use · Less than a week · Less than a month · 1 to 6 months · 6 to 12 months · 12 months or more · I don’t know / don’t remember
A54: =IF(MASTER!A54="","",MASTER!A54) -> Q14 | B54: =IF(MASTER!B54="","",MASTER!B54) -> Over the last 12 months, how many of the following items have you personally disposed of? Take your time. Disposal happens in many ways and is easily overlooked: a broken cable tossed in the bin, a device that stopped working and was thrown out, an item given to a friend or family member, something sold or donated, items left behind during a move or a deep clean. Also think about replacements: when you got a new device, what happened to the old one? [Grid question] | C54: Over the last 12 months, how many of the following items have you personally disposed of? Take your time. Disposal happens in many ways and is easily overlooked: a broken cable tossed in the bin, a device that stopped working and was thrown out, an item given to a friend or family member, something sold or donated, items left behind during a move or a deep clean. Also think about replacements: when you got a new device, what happened to the old one?
A55: =IF(MASTER!A55="","",MASTER!A55) -> Q14a | B55: =IF(MASTER!B55="","",MASTER!B55) -> Charging and lighting devices under €10 (ex: chargers, adapters, charging cables, LED strips and light bulbs, decorative and garden lights…) | C55: Charging and lighting devices under €10 (ex: chargers, adapters, charging cables, LED strips and light bulbs, decorative and garden lights…)
A56: =IF(MASTER!A56="","",MASTER!A56) -> Q14b | B56: =IF(MASTER!B56="","",MASTER!B56) -> “High-tech” under €20? (ex: Bluetooth or wired audio devices, power banks, wearables and fitness trackers, PC accessories, game controllers…) | C56: “High-tech” under €20? (ex: Bluetooth or wired audio devices, power banks, wearables and fitness trackers, PC accessories, game controllers…)
A57: =IF(MASTER!A57="","",MASTER!A57) -> Q14c | B57: =IF(MASTER!B57="","",MASTER!B57) -> Gadget and lifestyle items under €20? (ex: mini fans and diffusers, desktop gadgets, electronic toys, cooking appliances, body and skin devices, home or pet gadgets…) | C57: Gadget and lifestyle items under €20? (ex: mini fans and diffusers, desktop gadgets, electronic toys, cooking appliances, body and skin devices, home or pet gadgets…)
A58: =IF(MASTER!A58="","",MASTER!A58) -> Q14d | B58: =IF(MASTER!B58="","",MASTER!B58) -> Disposable single-use e-vapes? | C58: Disposable single-use e-vapes?
A59: =IF(MASTER!A59="","",MASTER!A59) | B59: =IF(MASTER!B59="","",MASTER!B59) -> · None · 1 · 2 to 5 · 6 to 9 · 10 to 19 · 20 or more | C59: · None · 1 · 2 to 5 · 6 to 9 · 10 to 19 · 20 or more
A60: =IF(MASTER!A60="","",MASTER!A60) | B60: =IF(MASTER!B60="","",MASTER!B60) -> [IF Q5 = “Yes,…”, AND Q14a, Q14b AND Q14c = “NONE”, jump to Q16]
A61: =IF(MASTER!A61="","",MASTER!A61) -> Q15 | B61: =IF(MASTER!B61="","",MASTER!B61) -> What are the main reasons why you stopped using your small and inexpensive electronic devices? (Up to 2 answers) | C61: What are the main reasons why you stopped using this or these devices? (Up to 2 answers)
A62: =IF(MASTER!A62="","",MASTER!A62) | B62: =IF(MASTER!B62="","",MASTER!B62) -> · They’re intended for single use · They broke or became defective · They stopped working, although physically okay · They became dangerous · They were outdated, out of fashion or obsolete · I didn’t need them any more (replaced or no use of it) · I lost them · Other: ____ | C62: · They’re intended for single use · They broke or became defective · They stopped working, although physically okay · They became dangerous · They were outdated, out of fashion or obsolete · I didn’t need them any more (replaced or no use of it) · I lost them · Other: ____
A63: =IF(MASTER!A63="","",MASTER!A63) -> Q16 | B63: =IF(MASTER!B63="","",MASTER!B63) -> Thinking about all the devices you have stopped using, what have you done with them? | C63: Thinking about all the devices you have stopped using, what have you done with them?
A64: =IF(MASTER!A64="","",MASTER!A64) | B64: =IF(MASTER!B64="","",MASTER!B64) -> · I kept them (at home, attic, basement, secondary home…) · I threw them in general household waste · I threw them in the plastic waste bin · I threw them in a street bin · I brought them to a recycling centre / municipal waste facility · I brought them to a recycling point in a store · I gave them away or donated · I sold them · I don’t remember · Other: ____ | C64: · I kept them (at home, attic, basement, secondary home…) · I threw them in general household waste · I threw them in the plastic waste bin · I threw them in a street bin · I brought them to a recycling centre / municipal waste facility · I brought them to a recycling point in a store · I gave them away or donated · I sold them · I don’t remember · Other: ____
A65: =IF(MASTER!A65="","",MASTER!A65) -> Q17 | B65: =IF(MASTER!B65="","",MASTER!B65) -> Why did you choose this or these solutions? (Select all that apply) | C65: Why did you choose this or these solutions? (Select all that apply)
A66: =IF(MASTER!A66="","",MASTER!A66) | B66: =IF(MASTER!B66="","",MASTER!B66) -> · It’s the easiest solution · It’s closest to home · It’s what I usually do with this kind of waste · I did it to protect the environment · It’s what my family and friends do with that kind of waste · I didn’t really think about it · I didn’t know where else to put it · Other: ____ | C66: · It’s the easiest solution · It’s closest to home · It’s what I usually do with this kind of waste · I did it to protect the environment · It’s what my family and friends do with that kind of waste · I didn’t really think about it · I didn’t know where else to put it · Other: ____
A67: =IF(MASTER!A67="","",MASTER!A67) -> Q18 | B67: =IF(MASTER!B67="","",MASTER!B67) -> Overall, thinking back on the small and inexpensive devices you used, you would say you are: | C67: Overall, thinking back on the small and inexpensive devices you used, you would say you are:
A68: =IF(MASTER!A68="","",MASTER!A68) | B68: =IF(MASTER!B68="","",MASTER!B68) -> · Very dissatisfied · Dissatisfied · Neither satisfied nor dissatisfied · Satisfied · Very satisfied | C68: · Very dissatisfied · Dissatisfied · Neither satisfied nor dissatisfied · Satisfied · Very satisfied
A69: =IF(MASTER!A69="","",MASTER!A69) -> Q19 | B69: =IF(MASTER!B69="","",MASTER!B69) -> When you bought those small and inexpensive devices, would you have been willing to pay more for similar items that you could use over a longer time period? | C69: When you bought those small and inexpensive devices, would you have been willing to pay more for similar items that you could use over a longer time period?
A70: =IF(MASTER!A70="","",MASTER!A70) | B70: =IF(MASTER!B70="","",MASTER!B70) -> · No · Yes, for some of them · Yes, for most of them · Yes, for all of them | C70: · No · Yes, for some of them · Yes, for most of them · Yes, for all of them
A71: =IF(MASTER!A71="","",MASTER!A71) -> Q20 | B71: =IF(MASTER!B71="","",MASTER!B71) -> If you had to replace a small and inexpensive electronic device that broke, you would… | C71: If you had to replace a small and inexpensive electronic device that broke, you would…
A72: =IF(MASTER!A72="","",MASTER!A72) | B72: =IF(MASTER!B72="","",MASTER!B72) -> · Buy the exact same small and inexpensive model · Buy another small and inexpensive device · Buy a more expensive one · Choose not to replace it · Other: ____ | C72: · Buy the exact same small and inexpensive model · Buy another small and inexpensive device · Buy a more expensive one · Choose not to replace it · Other: ____
... A106: =IF(MASTER!A106="","",MASTER!A106) -> End message | B106: =IF(MASTER!B106="","",MASTER!B106) -> Thank you for completing this survey. All devices, large or small, with a cable, a plug or a battery can be reused or recycled. Please, never throw them in the bin; take them to your nearest collection point so they can be recycled. → Link to PRO(s) websites | C106: Thank you for completing this survey. All devices, large or small, with a cable, a plug or a battery can be reused or recycled. Please, never throw them in the bin; take them to your nearest collection point so they can be recycled. More information at weeeireland.ie
A107: =IF(MASTER!A107="","",MASTER!A107) | B107: =IF(MASTER!B107="","",MASTER!B107)
A108: =IF(MASTER!A108="","",MASTER!A108) | B108: =IF(MASTER!B108="","",MASTER!B108)

Sheet Netherlands
A1: =IF(MASTER!A1="","",MASTER!A1) -> # | B1: =IF(MASTER!B1="","",MASTER!B1) -> Labels | C1: Dutch | D1: ← Comments
A2: =IF(MASTER!A2="","",MASTER!A2) -> Intro | B2: =IF(MASTER!B2="","",MASTER!B2) -> Thank you for participating in this survey. It will take approximately 15 minutes to complete. There are no right or wrong answers; please tell us your open and honest opinion. Your confidentiality is assured and all responses will be analysed in aggregate and not individually. By continuing, you confirm that you have read the above and agree to participate in this research survey. Your responses will be processed anonymously and together with those of other participants for research purposes, in line with GDPR. You can reach contact@bellegarde.co to access or erase your data. When you are ready to move on to the next page, click the “Continue” button located at the bottom of the page. | C2: Bedankt voor uw deelname aan deze enquête. Het invullen duurt ongeveer 15 minuten. Er zijn geen goede of foute antwoorden; geef ons gerust uw open en eerlijke mening. Uw antwoorden worden vertrouwelijk behandeld. We bekijken de resultaten alleen als groep en niet per persoon. [AVG-verklaring INDIEN VEREIST, gerust te verwijderen indien niet van toepassing] Door verder te gaan bevestigt u dat u het bovenstaande hebt gelezen en ermee instemt om deel te nemen aan deze onderzoeksenquête. Uw antwoorden worden anoniem en samen met die van de andere deelnemers verwerkt voor onderzoeksdoeleinden, in overeenstemming met de AVG. U kunt contact opnemen met contact@bellegarde.co om toegang te krijgen tot uw gegevens of om verwijdering ervan aan te vragen. Wanneer u klaar bent om naar de volgende pagina te gaan, klikt u op de knop “Doorgaan” onderaan de pagina.
A3: =IF(MASTER!A3="","",MASTER!A3) -> Q1 | B3: =IF(MASTER!B3="","",MASTER!B3) -> How old are you? | C3: Hoe oud bent u?
A4: =IF(MASTER!A4="","",MASTER!A4) | B4: =IF(MASTER!B4="","",MASTER!B4) -> [Number]
A5: =IF(MASTER!A5="","",MASTER!A5) -> Q2 | B5: =IF(MASTER!B5="","",MASTER!B5) -> Including yourself, how many people live in your household? | C5: Hoeveel personen wonen er in uw huishouden, uzelf meegerekend?
A6: =IF(MASTER!A6="","",MASTER!A6) | B6: =IF(MASTER!B6="","",MASTER!B6) -> [Number]
A7: =IF(MASTER!A7="","",MASTER!A7) | B7: =IF(MASTER!B7="","",MASTER!B7) -> [IF Q1>1]
A8: =IF(MASTER!A8="","",MASTER!A8) -> Q2a | B8: =IF(MASTER!B8="","",MASTER!B8) -> How many of them are under 18 years old? | C8: Hoeveel daarvan zijn jonger dan 18 jaar?
A9: =IF(MASTER!A9="","",MASTER!A9) | B9: =IF(MASTER!B9="","",MASTER!B9) -> [Number]
A10: =IF(MASTER!A10="","",MASTER!A10) -> Q3 | B10: =IF(MASTER!B10="","",MASTER!B10) -> How many of the following items did you personally buy, over the last 12 months? Take your time. These items are easy to forget: a cable in a drawer, a small gadget on a desk, a quick buy at a checkout, a gift you received or gave, something bought online… Think about the places where you could keep them: drawers, bags, a car, a kitchen, a desk, a bathroom… [grid question] | C10: Hoeveel van de volgende artikelen hebt u de afgelopen 12 maanden persoonlijk gekocht? Neem rustig de tijd. Deze artikelen worden gemakkelijk vergeten: een kabel in een lade, een klein gadget op een bureau, een snelle aankoop aan de kassa, een cadeau dat u hebt gekregen of gegeven, iets dat online is gekocht… Denk aan de plekken waar u ze zou kunnen bewaren: lades, tassen, een auto, een keuken, een bureau, een badkamer…
A11: =IF(MASTER!A11="","",MASTER!A11) -> Q3a | B11: =IF(MASTER!B11="","",MASTER!B11) -> Charging and lighting devices under €10: chargers, adapters, charging cables (USB-A, USB-C, lightning, micro-USB…), LED strips and light bulbs, clip-on and small desk lamps, decorative and garden lights… | C11: Oplaad- en verlichtingsapparaten onder € 10: opladers, adapters, oplaadkabels (USB-A, USB-C, lightning, micro-USB…), ledstrips en lampen, klemlampen en kleine bureaulampen, decoratie- en tuinverlichting…
A12: =IF(MASTER!A12="","",MASTER!A12) -> Q3b | B12: =IF(MASTER!B12="","",MASTER!B12) -> “High-tech” under €20: Bluetooth or wired audio devices (earphones/headphones, speakers…), power banks, wearables and fitness trackers (like smart bands and smartwatches), PC accessories (USB drives or hubs, mice, keyboards, webcams…), game controllers… | C12: “High-tech” onder € 20: audioapparaten met Bluetooth of kabel (oortjes/koptelefoons, speakers…), powerbanks, slimme horloges en fitnesstrackers (zoals smartbands en smartwatches), pc-accessoires (USB-sticks of -hubs, muizen, toetsenborden, webcams…), gamecontrollers…
A13: =IF(MASTER!A13="","",MASTER!A13) -> Q3c | B13: =IF(MASTER!B13="","",MASTER!B13) -> Gadgets and lifestyle items under €20: mini fans and diffusers, desktop gadgets, electronic toys (handheld consoles, fidget toys, RC cars…), cooking appliances (milk frother, mini blender, cookers…), body and skin devices (mini massager, travel razor or electric toothbrush…), home devices (alarms, cameras, smart sensors, bug zapper), pet gadgets (laser toys, auto feeder or water fountain…) | C13: Gadgets en lifestyleartikelen onder € 20: miniventilatoren en elektrische geurverspreiders, bureaugadgets, elektronisch speelgoed (handheldconsoles, elektrisch fidgetspeelgoed, bestuurbare auto's…), keukenapparaten (melkopschuimer, miniblender, kookapparaten…), apparaten voor lichaam en huid (minimassageapparaat, reisscheerapparaat of elektrische tandenborstel…), apparaten voor thuis (alarmen, camera's, slimme sensoren, insectenverdelger), gadgets voor huisdieren (laserspeelgoed, automatische voederbak of waterfontein…)
A14: =IF(MASTER!A14="","",MASTER!A14) | B14: =IF(MASTER!B14="","",MASTER!B14) -> · None · 1 · 2 to 5 · 6 to 9 · 10 to 19 · 20 or more | C14: Geen 1 2 tot 5 6 tot 9 10 tot 19 20 of meer
A15: =IF(MASTER!A15="","",MASTER!A15) -> Q4 | B15: =IF(MASTER!B15="","",MASTER!B15) -> How many of the following items are currently in your household (regardless of who bought them or when)? Think room by room: your kitchen (cookware, small appliances), your bedroom (chargers, sleep gadgets), your bathroom (grooming devices), your desk and bag (cables, accessories, headphones), your living room (remotes, lights), your car, your entryway. Don't forget items in drawers, boxes or that you haven't used in a while… [grid question] | C15: Hoeveel van de volgende artikelen bevinden zich momenteel in uw huishouden (ongeacht wie ze heeft gekocht of wanneer)? Denk kamer per kamer: uw keuken (kookgerei, kleine apparaten), uw slaapkamer (opladers, slaapgadgets), uw badkamer (verzorgingsapparaten), uw bureau en tas (kabels, accessoires, koptelefoons), uw woonkamer (afstandsbedieningen, verlichting), uw auto, uw inkomhal. Vergeet de artikelen niet die in lades of dozen liggen of die u al een tijdje niet meer hebt gebruikt…
A16: =IF(MASTER!A16="","",MASTER!A16) -> Q4a | B16: =IF(MASTER!B16="","",MASTER!B16) -> Charging and lighting devices under €10 (ex: chargers, adapters, charging cables, LED strips and light bulbs, decorative and garden lights…) | C16: Oplaad- en verlichtingsapparaten onder € 10 (bv.: opladers, adapters, oplaadkabels, ledstrips en lampen, decoratie- en tuinverlichting…)
A17: =IF(MASTER!A17="","",MASTER!A17) -> Q4b | B17: =IF(MASTER!B17="","",MASTER!B17) -> “High-tech” under €20 (ex: Bluetooth or wired audio devices, power banks, wearables and fitness trackers, PC accessories, game controllers…) | C17: “High-tech” onder € 20 (bv.: audioapparaten met Bluetooth of kabel, powerbanks, slimme horloges en fitnesstrackers, pc-accessoires, gamecontrollers…)
A18: =IF(MASTER!A18="","",MASTER!A18) -> Q4c | B18: =IF(MASTER!B18="","",MASTER!B18) -> Gadgets and lifestyle items under €20 (ex: mini fans and diffusers, desktop gadgets, electronic toys, cooking appliances, body and skin devices, home or pet gadgets…) | C18: Gadgets en lifestyleartikelen onder € 20 (bv.: miniventilatoren en elektrische geurverspreiders, bureaugadgets, elektronisch speelgoed, keukenapparaten, apparaten voor lichaam en huid, gadgets voor thuis of huisdieren…)
A19: =IF(MASTER!A19="","",MASTER!A19) -> Q4d | B19: =IF(MASTER!B19="","",MASTER!B19) -> Disposable single-use e-vapes | C19: Wegwerp-e-sigaretten voor eenmalig gebruik
A20: =IF(MASTER!A20="","",MASTER!A20) | B20: =IF(MASTER!B20="","",MASTER!B20) -> · None · 1 · 2 to 5 · 6 to 9 · 10 to 19 · 20 or more" | C20: Geen 1 2 tot 5 6 tot 9 10 tot 19 20 of meer
A21: =IF(MASTER!A21="","",MASTER!A21) | B21: =IF(MASTER!B21="","",MASTER!B21) -> [IF Q3a, Q3b or Q3c is not “NONE”, jump to Q7]
A22: =IF(MASTER!A22="","",MASTER!A22) -> Q5 | B22: =IF(MASTER!B22="","",MASTER!B22) -> Have you ever bought small and inexpensive electronic devices? | C22: Hebt u ooit kleine, goedkope elektronische apparaten gekocht?
A23: =IF(MASTER!A23="","",MASTER!A23) | B23: =IF(MASTER!B23="","",MASTER!B23) -> · Yes, quite often [jump to Q7] · Yes, occasionally [jump to Q7] · Yes, once [jump to Q7] · No, never [go to Q6] | C23: · Ja, vrij vaak [ga naar Q7] · Ja, af en toe [ga naar Q7] · Ja, één keer [ga naar Q7] · Nee, nooit [ga naar Q6]
A24: =IF(MASTER!A24="","",MASTER!A24) | B24: =IF(MASTER!B24="","",MASTER!B24) -> [IF Q5 = “Yes,…”, jump to Q7]
A25: =IF(MASTER!A25="","",MASTER!A25) -> Q6 | B25: =IF(MASTER!B25="","",MASTER!B25) -> Which of these describe why you have never bought any small and inexpensive electronic device? (Select all that apply) | C25: Welke van de volgende redenen beschrijft waarom u nog nooit een klein, goedkoop elektronisch apparaat hebt gekocht? (Selecteer alle van toepassing zijnde opties)
A26: =IF(MASTER!A26="","",MASTER!A26) | B26: =IF(MASTER!B26="","",MASTER!B26) -> · I don’t know where to buy them · I don’t need them or I already own similar items · I prefer higher-quality, longer-lasting alternatives · Because of their impact on the environment · Because of their social impact (e.g., working conditions of the workers) · Someone else buys electronic devices at home · I don’t know · Other: ____ | C26: Ik weet niet waar ik die moet kopen Ik heb ze niet nodig of ik heb al vergelijkbare artikelen Ik geef de voorkeur aan duurzamere alternatieven van hogere kwaliteit Vanwege hun impact op het milieu Vanwege hun sociale impact (bijv. de arbeidsomstandigheden van werknemers) Iemand anders in huis koopt de elektronische apparaten Ik weet het niet Anders: ____
A27: =IF(MASTER!A27="","",MASTER!A27) -> Q7 | B27: =IF(MASTER!B27="","",MASTER!B27) -> How often do you come across small and inexpensive electronic devices? (At work, at friends’, in shops, on the web or social media…) | C27: Hoe vaak komt u in uw dagelijks leven kleine, goedkope elektronische apparaten tegen? (op het werk, bij vrienden thuis, in winkels, op het internet of op sociale media…)
A28: =IF(MASTER!A28="","",MASTER!A28) | B28: =IF(MASTER!B28="","",MASTER!B28) -> · Everyday · At least once a week · At least once a month · Few times a year · Less or never | C28: Elke dag Minstens één keer per week Minstens één keer per maand Enkele keren per jaar Minder vaak of nooit
A29: =IF(MASTER!A29="","",MASTER!A29) | B29: =IF(MASTER!B29="","",MASTER!B29) -> [IF Q3a, Q3b OR Q3c is not “NONE”, go to Q8, IF Q3a, Q3b AND Q3c are “NONE” AND Q5 = “YES…”, jump to Q10, IF Q3a, Q3b AND Q3c are “NONE” AND Q5 = “No, never”, jump to Q22]
A30: =IF(MASTER!A30="","",MASTER!A30) | B30: =IF(MASTER!B30="","",MASTER!B30) -> [CREATE Items categories A and B: for each Q3a, Q3b, Q3c > 0 ; pick max 2, random]
A31: =IF(MASTER!A31="","",MASTER!A31) -> Instruction | B31: =IF(MASTER!B31="","",MASTER!B31) -> Now, we are going to talk about the small and inexpensive electronic devices you’ve used or still use. If you have multiple devices from the same category, consider the one you bought most recently. | C31: Laten we het hebben over de kleine, goedkope elektronische apparaten die u hebt gebruikt of nog steeds gebruikt. Als u meerdere apparaten in dezelfde categorie hebt, denk dan aan het apparaat dat u het meest recent hebt gekocht.
A32: =IF(MASTER!A32="","",MASTER!A32) -> Q8 | B32: =IF(MASTER!B32="","",MASTER!B32) -> Let’s talk about the most recent [Category A] you bought. | C32: Laten we het hebben over de meest recente [Categorie A] die u hebt gekocht.
A33: =IF(MASTER!A33="","",MASTER!A33) | B33: =IF(MASTER!B33="","",MASTER!B33) -> [Shortlist = categories A and B]
A34: =IF(MASTER!A34="","",MASTER!A34) -> Q8a | B34: =IF(MASTER!B34="","",MASTER!B34) -> Did you intend to buy it? | C34: Was u van plan deze te kopen?
A35: =IF(MASTER!A35="","",MASTER!A35) | B35: =IF(MASTER!B35="","",MASTER!B35) -> · I intended to buy it · It was not planned | C35: Ik was van plan deze te kopen Het was niet gepland
A36: =IF(MASTER!A36="","",MASTER!A36) -> Q8b | B36: =IF(MASTER!B36="","",MASTER!B36) -> Why did you buy it? (Select all that apply) | C36: Waarom hebt u die gekocht? (Selecteer alle van toepassing zijnde opties)
A37: =IF(MASTER!A37="","",MASTER!A37) | B37: =IF(MASTER!B37="","",MASTER!B37) -> · For work, study or everyday use · As a temporary replacement (for one I forgot or that broke) · I wanted a newer version · As a spare device · I bought it even though I didn't really need it (ex: for fun, to try it…) · It was a gift for someone else · There was no other product / no other choice · Other: ____ | C37: · Voor werk, studie of dagelijks gebruik · Als tijdelijke vervanging (voor een vergeten of kapot apparaat) · Ik wilde een nieuwere versie · Als reserveapparaat · Ik kocht het terwijl ik het niet echt nodig had (bv.: voor de lol, om het uit te proberen…) · Het was een cadeau voor iemand anders · Er was geen ander product / geen andere keuze · Anders: ____
A38: =IF(MASTER!A38="","",MASTER!A38) -> Q9 | B38: =IF(MASTER!B38="","",MASTER!B38) -> Now, about the most recent [Category B] you bought. | C38: Nu, over de meest recente [Categorie B] die u hebt gekocht.
A39: =IF(MASTER!A39="","",MASTER!A39) | B39: =IF(MASTER!B39="","",MASTER!B39) -> [Shortlist = categories A and B]
A40: =IF(MASTER!A40="","",MASTER!A40) -> Q9a | B40: =IF(MASTER!B40="","",MASTER!B40) -> Did you intend to buy it? | C40: Was u van plan deze te kopen?
A41: =IF(MASTER!A41="","",MASTER!A41) | B41: =IF(MASTER!B41="","",MASTER!B41) -> · I intended to buy it · It was not planned | C41: Ik was van plan deze te kopen Het was niet gepland
A42: =IF(MASTER!A42="","",MASTER!A42) -> Q9b | B42: =IF(MASTER!B42="","",MASTER!B42) -> Why did you buy it? (Select all that apply) | C42: Waarom hebt u die gekocht? (Selecteer alle van toepassing zijnde opties)
A43: =IF(MASTER!A43="","",MASTER!A43) | B43: =IF(MASTER!B43="","",MASTER!B43) -> · For work, study or everyday use · As a temporary replacement (for one I forgot or that broke) · I wanted a newer version · As a spare device · I bought it even though I didn't really need it (ex: for fun, to try it…) · It was a gift for someone else · There was no other product / no other choice · Other: ____ | C43: · Voor werk, studie of dagelijks gebruik · Als tijdelijke vervanging (voor een vergeten of kapot apparaat) · Ik wilde een nieuwere versie · Als reserveapparaat · Ik kocht het terwijl ik het niet echt nodig had (bv.: voor de lol, om het uit te proberen…) · Het was een cadeau voor iemand anders · Er was geen ander product / geen andere keuze · Anders: ____
A44: =IF(MASTER!A44="","",MASTER!A44) | B44: =IF(MASTER!B44="","",MASTER!B44) -> [General question not specific to the randomly selected categories A and B]
A45: =IF(MASTER!A45="","",MASTER!A45) -> Q10 | B45: =IF(MASTER!B45="","",MASTER!B45) -> Generally speaking, what makes you buy small and inexpensive electronic devices rather than more expensive alternatives? (Select all that apply). | C45: Over het algemeen, waarom koopt u kleine en goedkope elektronische apparaten in plaats van duurdere alternatieven? (Vink alles aan wat van toepassing is).
A46: =IF(MASTER!A46="","",MASTER!A46) | B46: =IF(MASTER!B46="","",MASTER!B46) -> · They are more affordable · They are the only available option · They are easily available or showcased · I read positive reviews about them · Promotions or special deals · People I trust recommend them · I see them in ads or on social media · Curiosity, for fun, or trying something new · I don’t know · Other: ____ | C46: Ze zijn betaalbaarder Het is de enige beschikbare optie Ze zijn gemakkelijk beschikbaar of zichtbaar Ik heb er positieve recensies over gelezen Aanbiedingen of speciale prijzen Mensen die ik vertrouw bevelen ze aan Ik zie ze in advertenties of op sociale media Nieuwsgierigheid, voor het plezier of om iets nieuws te proberen Ik weet het niet Anders: ____
A47: =IF(MASTER!A47="","",MASTER!A47) -> Q11 | B47: =IF(MASTER!B47="","",MASTER!B47) -> Where do you usually get your small and inexpensive electronic devices (no matter the category)? (Select all that apply) | C47: Waar koopt u meestal uw kleine en goedkope elektronische apparaten (ongeacht de categorie)? (Vink alles aan wat van toepassing is)
A48: =IF(MASTER!A48="","",MASTER!A48) | B48: =IF(MASTER!B48="","",MASTER!B48) -> · On the brand’s website · Online stores, marketplaces, social media · Tobacconist, convenience store · Physical stores, outdoor stall, market store · At the airport or a train station · As gifts, professional giveaways or merch · Second hand platform · I don’t remember · Other: ____ | C48: Op de website van het merk Online winkels, marktplaatsen, sociale media Buurtwinkel / minimarkt Fysieke winkels, kraampjes in de openbare ruimte, weekmarkt, Op de luchthaven of het treinstation, Als cadeau, zakelijke geschenken of merchandise Tweedehandsplatform Ik weet het niet meer Anders: ____
A49: =IF(MASTER!A49="","",MASTER!A49) | B49: =IF(MASTER!B49="","",MASTER!B49) -> [IF Q3a, Q3b AND Q3c are “NONE” AND Q5 = “Yes…”, jump to Q13]
A50: =IF(MASTER!A50="","",MASTER!A50) -> Q12 | B50: =IF(MASTER!B50="","",MASTER!B50) -> Among all the small and inexpensive electronic devices you’ve bought during the last 12 months, how many do you still personally use today? | C50: Van alle kleine en goedkope elektronische apparaten die u de afgelopen 12 maanden heeft gekocht, hoeveel gebruikt u er persoonlijk nog steeds?
A51: =IF(MASTER!A51="","",MASTER!A51) | B51: =IF(MASTER!B51="","",MASTER!B51) -> · None · 1 · 2 to 5 · 6 to 9 · 10 to 19 · 20 or more | C51: Geen 1 2 tot 5 6 tot 9 10 tot 19 20 of meer
A52: =IF(MASTER!A52="","",MASTER!A52) -> Q13 | B52: =IF(MASTER!B52="","",MASTER!B52) -> Think about the small and inexpensive electronic devices you’ve ever had (excluding disposable e-cigarettes). What is the shortest period of time you have used one of them before discarding it? | C52: Denk aan de kleine en goedkope elektronische apparaten die u ooit heeft gehad (uitgezonderd wegwerp-e-sigaretten voor eenmalig gebruik). Wat is de kortste tijd dat u er een heeft gebruikt voordat u hem weggooide?
A53: =IF(MASTER!A53="","",MASTER!A53) | B53: =IF(MASTER!B53="","",MASTER!B53) -> · I got rid of it without ever using it · Single-use · Less than a week · Less than a month · 1 to 6 months · 6 to 12 months · 12 months or more · I don’t know / don’t remember | C53: Ik heb hem weggegooid zonder hem ooit te gebruiken Één keer Minder dan een week Minder dan een maand 1 tot 6 maanden 6 tot 12 maanden 12 maanden of meer Ik weet het niet / ik weet het niet meer
A54: =IF(MASTER!A54="","",MASTER!A54) -> Q14 | B54: =IF(MASTER!B54="","",MASTER!B54) -> Over the last 12 months, how many of the following items have you personally disposed of? Take your time. Disposal happens in many ways and is easily overlooked: a broken cable tossed in the bin, a device that stopped working and was thrown out, an item given to a friend or family member, something sold or donated, items left behind during a move or a deep clean. Also think about replacements: when you got a new device, what happened to the old one? [Grid question] | C54: Hoeveel van de volgende artikelen hebt u de afgelopen 12 maanden persoonlijk weggedaan? Neem rustig de tijd. Weggooien gebeurt op veel manieren en wordt gemakkelijk over het hoofd gezien: een kapotte kabel die in de vuilnisbak belandt, een apparaat dat niet meer werkte en werd weggegooid, een voorwerp dat aan een vriend of familielid werd gegeven, iets dat werd verkocht of geschonken, spullen die achterbleven tijdens een verhuizing of een grote schoonmaak. Denk ook aan vervangingen: toen u een nieuw apparaat kreeg, wat gebeurde er toen met het oude?
A55: =IF(MASTER!A55="","",MASTER!A55) -> Q14a | B55: =IF(MASTER!B55="","",MASTER!B55) -> Charging and lighting devices under €10 (ex: chargers, adapters, charging cables, LED strips and light bulbs, decorative and garden lights…) | C55: Oplaad- en verlichtingsapparaten onder € 10 (bv.: opladers, adapters, oplaadkabels, ledstrips en lampen, decoratie- en tuinverlichting…)
A56: =IF(MASTER!A56="","",MASTER!A56) -> Q14b | B56: =IF(MASTER!B56="","",MASTER!B56) -> “High-tech” under €20? (ex: Bluetooth or wired audio devices, power banks, wearables and fitness trackers, PC accessories, game controllers…) | C56: “High-tech” onder € 20 (bv.: audioapparaten met Bluetooth of kabel, powerbanks, slimme horloges en fitnesstrackers, pc-accessoires, gamecontrollers…)
A57: =IF(MASTER!A57="","",MASTER!A57) -> Q14c | B57: =IF(MASTER!B57="","",MASTER!B57) -> Gadget and lifestyle items under €20? (ex: mini fans and diffusers, desktop gadgets, electronic toys, cooking appliances, body and skin devices, home or pet gadgets…) | C57: Gadgets en lifestyleartikelen onder € 20 (bv.: miniventilatoren en elektrische geurverspreiders, bureaugadgets, elektronisch speelgoed, keukenapparaten, apparaten voor lichaam en huid, gadgets voor thuis of huisdieren…)
A58: =IF(MASTER!A58="","",MASTER!A58) -> Q14d | B58: =IF(MASTER!B58="","",MASTER!B58) -> Disposable single-use e-vapes? | C58: Wegwerp-e-sigaretten voor eenmalig gebruik?
A59: =IF(MASTER!A59="","",MASTER!A59) | B59: =IF(MASTER!B59="","",MASTER!B59) -> · None · 1 · 2 to 5 · 6 to 9 · 10 to 19 · 20 or more | C59: Geen 1 2 tot 5 6 tot 9 10 tot 19 20 of meer
A60: =IF(MASTER!A60="","",MASTER!A60) | B60: =IF(MASTER!B60="","",MASTER!B60) -> [IF Q5 = “Yes,…”, AND Q14a, Q14b AND Q14c = “NONE”, jump to Q16]
A61: =IF(MASTER!A61="","",MASTER!A61) -> Q15 | B61: =IF(MASTER!B61="","",MASTER!B61) -> What are the main reasons why you stopped using your small and inexpensive electronic devices? (Up to 2 answers) | C61: Wat zijn de belangrijkste redenen waarom u dit apparaat of deze apparaten niet meer gebruikt? (Maximaal 2 antwoorden)
A62: =IF(MASTER!A62="","",MASTER!A62) | B62: =IF(MASTER!B62="","",MASTER!B62) -> · They’re intended for single use · They broke or became defective · They stopped working, although physically okay · They became dangerous · They were outdated, out of fashion or obsolete · I didn’t need them any more (replaced or no use of it) · I lost them · Other: ____ | C62: · Ze zijn bedoeld voor eenmalig gebruik · Ze gingen kapot of werden defect · Ze werkten niet meer, hoewel ze er fysiek goed uitzagen · Ze werden gevaarlijk · Ze waren verouderd, uit de mode of achterhaald · Ik had ze niet meer nodig (vervangen of geen nut meer) · Ik ben ze kwijtgeraakt · Anders: ____
A63: =IF(MASTER!A63="","",MASTER!A63) -> Q16 | B63: =IF(MASTER!B63="","",MASTER!B63) -> Thinking about all the devices you have stopped using, what have you done with them? | C63: Als u denkt aan alle apparaten die u niet meer gebruikt, wat hebt u ermee gedaan?
A64: =IF(MASTER!A64="","",MASTER!A64) | B64: =IF(MASTER!B64="","",MASTER!B64) -> · I kept them (at home, attic, basement, secondary home…) · I threw them in general household waste · I threw them in the plastic waste bin · I threw them in a street bin · I brought them to a recycling centre / municipal waste facility · I brought them to a recycling point in a store · I gave them away or donated · I sold them · I don’t remember · Other: ____ | C64: Ik heb ze bewaard (thuis, op zolder, in de kelder, in een tweede woning…) Ik heb ze bij het huishoudelijk afval gegooid Ik heb ze bij het plasticafval gegooid Ik heb ze in een vuilnisbak op straat gegooid Ik heb ze naar een milieustraat gebracht Ik heb ze naar een inzamelpunt in een winkel gebracht Ik heb ze weggegeven of gedoneerd Ik heb ze verkocht Ik weet het niet meer Anders: ____
A65: =IF(MASTER!A65="","",MASTER!A65) -> Q17 | B65: =IF(MASTER!B65="","",MASTER!B65) -> Why did you choose this or these solutions? (Select all that apply) | C65: Waarom koos u voor deze oplossing(en)? (Vink alles aan wat van toepassing is)
A66: =IF(MASTER!A66="","",MASTER!A66) | B66: =IF(MASTER!B66="","",MASTER!B66) -> · It’s the easiest solution · It’s closest to home · It’s what I usually do with this kind of waste · I did it to protect the environment · It’s what my family and friends do with that kind of waste · I didn’t really think about it · I didn’t know where else to put it · Other: ____ | C66: Het is de makkelijkste oplossing Het is het dichtst bij mijn huis Dat doe ik meestal met dit soort afval Ik deed het om het milieu te beschermen Dat doen mijn familie en vrienden met dit soort afval Ik dacht er niet echt over na Ik wist niet waar ik het anders moest laten Anders: ____
A67: =IF(MASTER!A67="","",MASTER!A67) -> Q18 | B67: =IF(MASTER!B67="","",MASTER!B67) -> Overall, thinking back on the small and inexpensive devices you used, you would say you are: | C67: Over het algemeen, denkend aan de kleine en goedkope elektronische apparaten die u heeft gebruikt, zou u zeggen dat u:
A68: =IF(MASTER!A68="","",MASTER!A68) | B68: =IF(MASTER!B68="","",MASTER!B68) -> · Very dissatisfied · Dissatisfied · Neither satisfied nor dissatisfied · Satisfied · Very satisfied | C68: Zeer ontevreden Ontevreden Noch tevreden, noch ontevreden Tevreden Zeer tevreden
A69: =IF(MASTER!A69="","",MASTER!A69) -> Q19 | B69: =IF(MASTER!B69="","",MASTER!B69) -> When you bought those small and inexpensive devices, would you have been willing to pay more for similar items that you could use over a longer time period? | C69: Toen u deze kleine en goedkope elektronische apparaten kocht, was u toen bereid meer te betalen voor vergelijkbare artikelen die u langer zou kunnen gebruiken?
A70: =IF(MASTER!A70="","",MASTER!A70) | B70: =IF(MASTER!B70="","",MASTER!B70) -> · No · Yes, for some of them · Yes, for most of them · Yes, for all of them | C70: Nee Ja, voor sommige Ja, voor de meeste Ja, voor allemaal
A71: =IF(MASTER!A71="","",MASTER!A71) -> Q20 | B71: =IF(MASTER!B71="","",MASTER!B71) -> If you had to replace a small and inexpensive electronic device that broke, you would… | C71: Als u een klein en goedkoop elektronisch apparaat dat kapot is, zou moeten vervangen, zou u dan…
A72: =IF(MASTER!A72="","",MASTER!A72) | B72: =IF(MASTER!B72="","",MASTER!B72) -> · Buy the exact same small and inexpensive model · Buy another small and inexpensive device · Buy a more expensive one · Choose not to replace it · Other: ____ | C72: Precies hetzelfde kleine en goedkope model kopen Een ander klein en goedkoop apparaat kopen Een duurder apparaat kopen Ervoor kiezen het niet te vervangen Anders: ____
... A88: =IF(MASTER!A88="","",MASTER!A88) -> Q26 | B88: =IF(MASTER!B88="","",MASTER!B88) -> What do you think about the following statements? [grid question] | C88: Wat denkt u van de volgende stellingen?
A89: =IF(MASTER!A89="","",MASTER!A89) -> Q26a | B89: =IF(MASTER!B89="","",MASTER!B89) -> Consumers should buy fewer small and inexpensive electronic devices. | C89: Consumenten zouden minder kleine en goedkope elektronische apparaten moeten kopen. | D89: Wat denkt u van de volgende stellingen?<br /><br />Consumenten zouden minder kleine en goedkope elektronische apparaten moeten kopen.
A90: =IF(MASTER!A90="","",MASTER!A90) -> Q26b | B90: =IF(MASTER!B90="","",MASTER!B90) -> Governments should more strictly regulate the sale of small and inexpensive electronic devices. | C90: Overheden zouden de verkoop van kleine en goedkope elektronische apparaten strenger moeten reguleren.
A91: =IF(MASTER!A91="","",MASTER!A91) | B91: =IF(MASTER!B91="","",MASTER!B91) -> · I completely disagree · I disagree · I neither agree nor disagree · I agree · I completely agree | C91: Helemaal mee oneens Mee oneens Noch mee eens, noch mee oneens Mee eens Helemaal mee eens
A92: =IF(MASTER!A92="","",MASTER!A92) -> Q27 | B92: =IF(MASTER!B92="","",MASTER!B92) -> Did you know that online platforms selling electronic devices are legally required to contribute financially to the collection and recycling of electronic waste? | C92: Wist u dat online platforms die elektronische apparaten verkopen wettelijk verplicht zijn om financieel bij te dragen aan de inzameling en recycling van elektronisch afval?
A93: =IF(MASTER!A93="","",MASTER!A93) | B93: =IF(MASTER!B93="","",MASTER!B93) -> · Yes, I knew this · No, I didn't know this · I heard of it but didn't know the details | C93: · Ja, dat wist ik · Nee, dat wist ik niet · Ik had ervan gehoord maar kende de details niet
A94: =IF(MASTER!A94="","",MASTER!A94) -> Q28 | B94: =IF(MASTER!B94="","",MASTER!B94) -> Before taking this questionnaire, were you aware that these small and inexpensive electronic devices contain electronic parts? | C94: Voor u deze vragenlijst beantwoordde, wist u dat deze kleine en goedkope elektronische apparaten elektronische componenten bevatten?
A95: =IF(MASTER!A95="","",MASTER!A95) | B95: =IF(MASTER!B95="","",MASTER!B95) -> · Yes · No | C95: Ja Nee
A96: =IF(MASTER!A96="","",MASTER!A96) -> Q29 | B96: =IF(MASTER!B96="","",MASTER!B96) -> How would you define yourself? | C96: Hoe zou u zichzelf identificeren?
A97: =IF(MASTER!A97="","",MASTER!A97) | B97: =IF(MASTER!B97="","",MASTER!B97) -> · Male · Female · Non binary · Other · Prefer not to say | C97: Man Vrouw Non-binair Anders Zeg ik liever niet
A98: =IF(MASTER!A98="","",MASTER!A98) -> Q30 | B98: =IF(MASTER!B98="","",MASTER!B98) -> What is your highest diploma? | C98: Wat is uw hoogst voltooide opleidingsniveau?
A99: =IF(MASTER!A99="","",MASTER!A99) | B99: =IF(MASTER!B99="","",MASTER!B99) -> · No formal education / Primary school · Secondary school / High school · College Undergraduate · Bachelor or equivalent · Master or equivalent / Doctorate, Ph.D. or equivalent · Prefer not to say | C99: Geen formele opleiding / Basisschool Middelbare school / Voortgezet onderwijs Onvoltooid hoger onderwijs Bachelor of gelijkwaardig Master of gelijkwaardig / Doctoraat of gelijkwaardig Zeg ik liever niet
A100: =IF(MASTER!A100="","",MASTER!A100) -> Q31 | B100: =IF(MASTER!B100="","",MASTER!B100) -> What’s your employment status? | C100: Wat is uw beroepssituatie?
A101: =IF(MASTER!A101="","",MASTER!A101) | B101: =IF(MASTER!B101="","",MASTER!B101) -> · Unemployed · Employed · Self-employed · Student · Home-maker or caregiver · Retired · Other: _____ · Prefer not to say | C101: Werkloos In loondienst Zelfstandig Student Huisvrouw/-man of mantelzorger Gepensioneerd Anders: _____ Zeg ik liever niet
A102: =IF(MASTER!A102="","",MASTER!A102) -> Q32 | B102: =IF(MASTER!B102="","",MASTER!B102) -> What’s your household annual income? | C102: Wat is het jaarlijkse inkomen van uw huishouden?
A103: =IF(MASTER!A103="","",MASTER!A103) -> LOCALISE | B103: =IF(MASTER!B103="","",MASTER!B103) -> · 0 – 10 000 € · 10 000 – 20 000 € · 20 000 – 30 000 € · 30 000 – 40 000 € · 40 000 – 50 000 € · 50 000 – 60 000 € · 60 000 – 70 000 € · 70 000 – 80 000 € · 80 000 – 90 000 € · 90 000 – 100 000 € · 100 000 – 110 000 € · 110 000 – 120 000 € · 120 000 – 130 000 € · 130 000 € or more | C103: Van 0 tot Q1 Van Q1 tot Q2 Van Q2 tot Q3 Q3 of meer | D103: This doesn't make sense
A104: =IF(MASTER!A104="","",MASTER!A104) -> Q33 | B104: =IF(MASTER!B104="","",MASTER!B104) -> Where do you live? | C104: Waar woont u?
A105: =IF(MASTER!A105="","",MASTER!A105) | B105: =IF(MASTER!B105="","",MASTER!B105) -> · Large city (more than 100,000 inhabitants) · Suburb of a large city · Small or medium sized city · Rural area or village · Other:_____ · Prefer not to say | C105: Grote stad (meer dan 100.000 inwoners) Voorstad van een grote stad Klein of middelgroot stadje Landelijk gebied of dorp Anders: _____ Zeg ik liever niet
